Workbook
Name \a: #REF!
Name \m: #REF!
Name \n: #REF!
Name \o: #REF!
Name _M8: #N/A
Name _M9: #N/A
Name _Num2: #REF!
Name _q11: #N/A
Name _q15: #N/A
Name _q17: #N/A
Name _q2: #N/A
Name _q3: #N/A
Name _q4: #N/A
Name _q5: #N/A
Name _q6: #N/A
Name _q7: #N/A
Name _q8: #N/A
Name _q9: #N/A
Name ÷ĺňâĺđňűé: #REF!
Name AES: #REF!
Name àî: #N/A
Name ALL_ORG: #REF!
Name âňîđîé: #REF!
Name AOE: #REF!
Name APR: #REF!
Name AUG: #REF!
Name BALEE_FLOAD: #REF!
Name BALEE_PROT: #REF!,#REF!,#REF!,#REF!
Name BALM_FLOAD: #REF!
Name BALM_PROT: #REF!,#REF!,#REF!,#REF!
Name cd: #N/A
Name CheckBC_List21_1_1: #REF!
Name CheckBC_List21_1_2: #REF!
Name CheckBC_List21_1_3: #REF!
Name CheckBC_List21_1_4: #REF!
Name CheckBC_List21_1_5: #REF!
Name com: #N/A
Name CompOt: '1.5'!CompOt
Name CompOt: ГСМ!CompOt
Name CompOt: #N/A
Name CompOt2: #N/A
Name CompRas: '1.5'!CompRas
Name CompRas: ГСМ!CompRas
Name CompRas: #N/A
Name Contents: #REF!
Name COPY_DIAP: #REF!
Name ct: #N/A
Name ď: #N/A
Name DaNet: [1]TEHSHEET!$K$5:$K$6
Name DATA: #REF!
Name DATE: #REF!
Name ďď: #N/A
Name đđ: #N/A
Name đđđ: #N/A
Name DEC: #REF!
Name ďĺđâűé: #REF!
Name DOC: #REF!
Name Down_range: #REF!
Name dsragh: #N/A
Name ęĺ: #N/A

Sheet Перечень необх.документов
B1: Перечень необходимой документации, подаваемой организацией, оказывающей услуги по передаче электроэнергии, в ГУ РЭК Рязанской области для установления тарифов на услуги по передаче электроэнергии.
B3: Расчетные материалы, представляются в ГУ РЭК Рязанской области в одном экземпляре, сшитые и пронумерованные в скоросшиватель, с соответствующим перечнем (заявлением, реквизитами организации, оглавлением, учредительными документами (устав, свидетельство о постановке на учет в налоговом органе, свидетельство о регистрации), документы , подтверждающие право собственности на имущество (свидетельство, договор аренды, план приватизации), пояснительной запиской (в пояснительной записке указывается краткая характеристика предприятия, все причины, обосновывающие необходимость установления или пересмотра тарифа с постатейными расшифровками, а также необходимые вычисления, проводимые при формировании затрат, прибыли и калькуляции себестоимости, как плановой, так и фактической), расчетными таблицами, обосновывающими материалами. Кроме того, представляется расчет в электронном виде (на электронном носителе, и по электронной почте info@rek.ryazan.ru )
B5: 1. Официальное заявление
B6: Заявление подписывается руководителем организации, заверяется печатью, должно содержать наименование и реквизиты организации.
B7: 2. Реквизиты сетевой организации
B8: 3.Оглавление
B9: 4.Учредительные документы
B10: 5. Документы, подтверждающие право собственности на сетевое имущество
B11: 6. Пояснительная записка
B12: 7. Расчетные таблицы
B13: Таблицы и расчеты предоставляются в соответствии с «Методическими указаниями по расчету регулируемых тарифов и цен на электрическую (тепловую)энергию на розничном (потребительском) рынке», утвержденными Приказом ФСТ России от 06.08.2004 N 20-э/2 и Методическими указаниями по расчету тарифов на услуги по передаче электрической энергии, устанавливаемых с применением метода долгосрочной индексации необходимой валовой выручки, утвержденными Приказом ФСТ РФ от 17.02.2012 N 98-э .
B14: 8. Обосновывающие материалы (подлинники или заверенные заявителем копии)
C16: Наименование обосновывающих материалов | D16: Показатели, для которых используются материалы
B17: 1. | C17: 1. Бухгалтерская отчетность за 2018 год, представляемая по формам, утвержденным Приказом Министерства финансов Российской Федерации от 22.07.2003 N 67н "О формах бухгалтерской отчетности организаций": | D17: Анализ хозяйственной деятельности
C18: - Бухгалтерский баланс (форма N 1);
C19: - Отчет о прибылях и убытках (форма N 2);
C20: - Отчет об изменениях капитала (форма N 3-годовая);
C21: - Отчет о движении денежных средств (форма N 4-годовая);
C22: - Приложение к бухгалтерскому балансу (форма N 5-годовая).
C23: Пояснительная записка к балансу.
C24: 2. Налоговые декларации по транспортному налогу, налогу на землю, налогу на имущество, налогу на прибыль за 2018 год, документы о налоговых льготах.
C25: 3. Копия приказа об учетной политике организации, заверенная в установленном порядке.
C26: 4. Статистическая форма 5-З "Сведения о затратах на производство и продажу продукции (товаров, работ, услуг)" за 2018 год.
C27: 5.Статотчетность по форме 46-ээ (передача) за 2018 год.
C28: 6. Отчетность, содержащая данные раздельного учета, согласно приложению №1 к Порядку, утвержденного приказом Министерства энергетики Российской Федерации от 13 декабря 2011г. №585
B29: 2. | C29: 1. Плановая покупка электрической энергии сбытовой организацией (в части поступления в сеть данной сетевой организации, согласованное со сбытовой компанией). | D29: Объем поступления и отпуска электрической энергии, перетоки между уровнями напряжения
C30: 2. Баланс электрической энергии (мощности) по сетям ВН, СН1, СН2 и НН (таблицы 1.4.,1.5)
C31: 3. Расчет технологического расхода электрической энергии (потерь) в электрических сетях (таблица 1.3)
C32: 4. Отпуск (передача) электроэнергии ТСО (таблица 1.30).
B33: 3. | C33: Система условных единиц для распределения общей суммы тарифной выручки по классам напряжения (таблицы 2.1., 2.2) факт 2018 и план 2020-2024 | D33: Состав оборудования
B34: 4. | C34: 1. Расчет стоимости покупной энергии на технологические цели (потери ФСК) (Таблица П 1.12) | D34: Затраты на услуги по передаче электроэнергии по ЕНЭС
C35: 2. Расчет суммы платы за услуги по организации функционирования и развитию Единой энергетической системы России и организации функционирования торговой системы оптового рынка электрической энергии (мощности), передаче электроэнергии по ЕНЭС. (таблица П 1.13)
B36: 5. | C36: 1. Смета затрат на содержание сетей (таблица 1.15) и калькуляция расходов, связанных с передачей электрической энергии (таблица 1.18.2) | D36: Затраты на регулируемую деятельность
C37: 2. Расчет расходов на сырье, основные и вспомогательные материалы на расчетный период регулирования с выделением расходов на ремонт основных средств, включая:
C38: - динамику годовых объемов потребления основных и вспомогательных материалов за последние 3 года;
C39: -реестр договоров на поставку материалов;
C40: - счета-фактуры с текущими ценами на момент регулирования;
C41: - нормы и нормативы расхода материалов с указанием регламентирующих документов.
C42: 3. Расчет расходов на работы и услуги производственного характера на расчетный период регулирования с выделением расходов на ремонт основных средств, включая:
C43: - расшифровку данных расходов;
C44: - отчет о фактических расходах за последние 3 года;
C45: договоры на выполнение работ.
C46: 4. Расчет стоимости покупной электрической и тепловой энергии (мощности) на хозяйственные (производственные) нужды исходя из тарифов, прогнозируемых на расчетный период регулирования, с обоснованием объемов покупки.
C47: 5. Расчет расходов на оплату труда (таблица 1.16), определяемого с учетом отраслевых тарифных соглашений и фактического объема фонда оплаты труда, сложившегося за период, предшествующий регулируемому, с приложением следующих материалов:
C48: статистическая форма П-4 " Сведения о численности, заработной плате и движении работников» по предприятию за 2018 год;
... C103: При заключении договоров на приобретение продукции, выполнение работ (оказание услуг) обязательно предоставляется отчет о проведении конкурсных процедур с расчетом эффективности их проведения.
B105: 6. | C105: 1. Справка о финансировании и освоении капитальных вложений (таблица 1.20.3) с обоснованием потребности в средствах (по подразделениям и в целом по предприятию). | D105: Плановая прибыль от регулируемой деятельности
C106: Формы КС-2, КС-3, Форма П-2.
C107: Инвестиционная программа, утвержденная ГУ РЭК и удовлетворяющая требованиям, предъявляемым ФСТ России (информационное письмо ФСТ России от 20.04.2006г. №ЕЯ-1897/12).
C108: 2. Расчет источников финансирования капитальных вложений (таблица 1.20)
C109: 3. Расчет необходимой прибыли (таблица 1.21.3)
C110: 4. Расчет необходимой прибыли на социальное развитие на расчетный период регулирования, включая:
C111: - программу социального развития;
C112: - расшифровку и расчет расходов на социальное развитие.
C113: 5. Расчет прибыли на поощрение на расчетный период регулирования, в том числе расчет выплат социального характера со ссылкой на положения коллективного договора и отраслевых тарифных соглашений, с указанием количества работников, по факту получивших выплаты.
C114: 6. Расчет дивидендов по акциям на расчетный период регулирования, включая фактические выплаты дивидендов за 3 предыдущих года.
C115: 7. Расчет "прибыли на прочие цели" (с расшифровкой расходов, включая перечень договоров на расчетный период регулирования).
C116: 8. Расчет плановых расходов на оплату процентов по кредитам банков на расчетный период регулирования, включая:
C117: - расчет расходов, необходимых для поддержания достаточного размера оборотного капитала (расчет кассовых разрывов, отчет о движении потоков наличности);
... C126: 12.Расчет налога на имущество на расчетный период регулирования, включая перечень льготируемого имущества.
B127: 7. | C127: 1. Расчет платы за услуги по содержанию электрических сетей (таблица 1.24) | D127: Расчет ставок тарифа на услуги по передаче электроэнергии
C128: 2. Расчет ставки по оплате потерь электроэнергии (таблица 1.25).
C129: 3. Расчет индивидуальных тарифов на услуги по передаче электрической энергии по сетям (кроме котлодержателя).
B130: 8. | D130: Расчет ставок тарифа на услуги по передаче электроэнергии
C131: Расчет тарифов на услуги по передаче электрической энергии по сетям на долгосрочный период регулирования
B134: 9. Инвестиционная программа
B135: 10. Программа энергосбережения
B136: 11. Показатели надежности и качества
B137: 12. Информация о согласованных объемах ( с ОАО "РЭСК" и филиалом «Рязаньэнерго» ОАО «МРСК Центра и Приволжья»)
B139: Примечание.
B140: При заполнении таблиц в столбце «базовый период» указывать факт 2018 года, в столбце «период регулирования» – план 2020 года.
B141: Отчетные данные за девять месяцев предоставить до 5 ноября.
B142: Отчетность , содержащая данные раздельного учета , ведется по формам согласно приложению №1 к Порядку и предосталяется субъектами естественных монополий ( в т.ч. в электронном виде) вместе с бухгалтерской отчетностью организации.
B143: В ходе государственного регулирования перечень материалов может быть дополнен.

Sheet Заявление
A2: Для установления индивидуальных тарифов
J4: Начальнику ГУ РЭК | L4: 1
J5: Рязанской области
J6: О.Н Голыхову
A8: №_______ от _____________2019г.
A10: ЗАЯВЛЕНИЕ.
A11: Прошу Вас в соответствии с законом РФ от 14.04.1995 г. №35-ФЗ «Об электроэнергетике», установить индивидуальные долгосрочные тарифы на услуги по передаче электрической энергии на основе долгосрочных параметров регулирования по сетям МУ МПЖКХ Гусь-Железный (указать наименование организации) на 2020-2024 годы (указать систему налогообложениия (без НДС).
A13: Наименование сетевой организации | B13: Год | C13: Двухставочный тариф | E13: Одноставочный тариф
C14: Ставка за содержание электрических сетей<*> | D14: Ставка на оплату технологического расхода (потерь)
C15: руб./МВт.мес. | D15: руб./МВт.ч | E15: руб./МВт.ч
A16: ='Реквизиты организации'!C8 -> МУ МПЖКХ Гусь-Железный | B16: 2020 | C16: ='Свод долгосрочный '!H164 -> 751630.71 | D16: ='Свод долгосрочный '!H167 -> 859.46544 | E16: ='Свод долгосрочный '!K170 -> 2740.9966
B17: 2021 | C17: ='Свод долгосрочный '!J164 -> 667889.35 | D17: ='Свод долгосрочный '!J167 -> 900.69748 | E17: ='Свод долгосрочный '!L170 -> 2999.1203
B18: 2022 | C18: ='Свод долгосрочный '!K164 -> 823236.71 | D18: ='Свод долгосрочный '!K167 -> 944.83989 | E18: ='Свод долгосрочный '!M170 -> 3128.8616
B19: 2023 | C19: ='Свод долгосрочный '!M164 -> 947861.4 | D19: ='Свод долгосрочный '!L167 -> 992.05453 | E19: ='Свод долгосрочный '!N170 -> 3246.1908
B20: 2024 | C20: ='Свод долгосрочный '!N164 -> 974630.6 | D20: ='Свод долгосрочный '!M167 -> 1047.6096 | E20: ='Свод долгосрочный '!N170 -> 3246.1908
A22: Принять долгосрочные параметры регулирования и необходимую валовую выручку на долгосрочный период регулирования (без учета оплаты потерь):
A24: Наименование сетевой организации | B24: Год | C24: Базовый уровень подконтрольных расходов | D24: Индекс эффективности подконтрольных расходов | E24: Коэффициент эластичности подконтрольных расходов по количеству активов | F24: Уровень потерь электрической энергии при ее передаче по электрическим сетям | J24: Показатель средней продолжительности прекращения передачи электрической энергии на точку поставки | K24: Показатель средней частоты прекращения передачи электрической энергии на точку поставки | L24: Показатель уровня качества оказываемых услуг
C25: млн. руб. | D25: % | E25: % | F25: % | J25: час. | K25: шт.
A26: 1 | B26: 2 | C26: 3 | D26: 4 | E26: 5 | F26: 6 | J26: 7 | K26: 8 | L26: 9
A27: =A16 -> МУ МПЖКХ Гусь-Железный | B27: 2020 | C27: ='Свод долгосрочный '!H18 -> 25545.441 | D27: 0.01 | E27: 0.75 | F27: ='Свод долгосрочный '!H124 -> 0.19646776 | J27: 1 | K27: 1.1 | L27: 0
B28: 2021 | C28: ='Свод долгосрочный '!J18 -> 25470.707 | D28: 0.01 | E28: 0.75 | F28: 0.19646788 | J28: =J27 -> 1 | K28: =K27 -> 1.1 | L28: 0
B29: 2022 | C29: ='Свод долгосрочный '!K18 -> 30644.582 | D29: 0.01 | E29: 0.75 | F29: 0.19646788 | J29: =J28 -> 1 | K29: =K28 -> 1.1 | L29: 0
B30: 2023 | C30: ='Свод долгосрочный '!L18 -> 31481.609 | D30: 0.01 | E30: 0.75 | F30: 0.19646788 | J30: =J29 -> 1 | K30: =K29 -> 1.1 | L30: 0
B31: 2024 | C31: ='Свод долгосрочный '!M18 -> 32413.464 | D31: 0.01 | E31: 0.75 | F31: 0.19646788 | J31: =J30 -> 1 | K31: =K30 -> 1.1 | L31: 0
A34: Наименование сетевой организации | B34: Год | C34: НВВ сетевых организаций без учета оплаты потерь (отнесенная на сторонних потребителей)
C35: тыс.руб.
A36: =A27 -> МУ МПЖКХ Гусь-Железный | B36: 2020 | C36: ='Свод долгосрочный '!H85 -> 37873.168
B37: 2021 | C37: ='Свод долгосрочный '!J85 -> 34152.923
B38: 2022 | C38: ='Свод долгосрочный '!K85 -> 41841.829
B39: 2023 | C39: ='Свод долгосрочный '!L85 -> 46933.964
B40: 2024 | C40: ='Свод долгосрочный '!M85 -> 48176.004
A47: Начальник МУ МПЖКХ Гусь-Железный | G47: А.А. Куликов
A50: Расчетные материалы на ___ листах прилагаются.
A67: Заявление подписывается руководителем организации, заверяется печатью, должно содержать наименование и реквизиты организации.

Sheet Реквизиты организации
G1: 2
B3: Реквизиты организации
A5: № п/п | B5: Наименование | C5: Данные об организации
A6: 1 | B6: Наименование организации в соответствии с уставом:
B7: полное наименование организации | C7: Муниципальное унитарное многоотраслевое предприятие жилищно-коммунального хозяйства Гусь-Железный
B8: сокращенное название организации | C8: МУ МПЖКХ Гусь-Железный
A9: 2 | B9: Муниципальное образование | C9: Касимовский муниципальный район
A10: 3 | B10: Адрес организации:
B11: юридический адрес | C11: 391320, Рязанская область, Касимовский район р.п. Гусь-Железный, ул. Дачная, 9
B12: фактический адрес (месторасположение) | C12: 391320, Рязанская область, Касимовский район р.п. Гусь-Железный, ул. Дачная, 9
A13: 4 | B13: ИНН | C13: 6204000137
A14: 5 | B14: КПП | C14: 622401001
A15: 6 | B15: ОКТМО | C15: 61608154
A16: 7 | B16: ОКОПФ | C16: 42
A17: 8 | B17: Адрес ЕИАС
A18: 9 | B18: Наменование муниципального образования в котором осуществляется услуга | C18: Касимовский муниципальный район
A19: 10 | B19: ФИО руководителя организации | C19: Куликов Александр Александрович
B20: контактный телефон/факс | C20: (849131)46131
B21: е-mail | C21: kunicun@rambler.ru
A22: 11 | B22: ФИО начальника ПЭО | C22: Куницына Ирина Фёдоровна
B23: контактный телефон/факс | C23: (849131)46131
A24: 12 | B24: ФИО ответственного за электрохозяйство | C24: Евстифеев Григорий Михайлович
B25: контактный телефон/факс | C25: (849131)46131
A26: 13 | B26: ФИО главного бухгалтера | C26: Гордеева Ирина Александровна
B27: контактный телефон/факс | C27: (849131)46236
A28: 14 | B28: ФИО непосредственного исполнителя | C28: Евстифеев Григорий Михайлович
B29: контактный телефон/факс | C29: (849131)46131
B30: е-mail | C30: gewstifeew@yandex.ru
A31: 15 | B31: Банковские реквизиты:
B32: расчетный счет | C32: 40702810253050100111
B33: банк | C33: Отделение №8606 Сбербанка России г.Рязань
B34: корреспондентский счет | C34: 30101810500000000614
B35: БИК | C35: 0046126614

Sheet 2.1
G1: Таблица № 2.1 | AB1: 3
A3: Система условных единиц для распределения общей суммы тарифной выручки по классам напряжения. | AB3: 3
A5: Объем воздушных линий электропередач (ВЛЭП) и кабельных линий электропередач (КЛЭП) в условных единицах в зависимост от протяженности, напряжения, конструктивного использования и материала опор.
F6: ФАКТ 2018 | I6: ПЛАН 2019 | L6: 2020 предпр. | O6: 2020 РЭК | R6: 2021 | U6: 2022 | X6: 2023 | AA6: 2024
B7: Напряжение, кВ | C7: Количество цепей на опоре | D7: Материал опор | E7: Количество условных единиц (у) на 100 км трассы ЛЭП | F7: Протяженность по трассе | G7: Объем условных единиц | H7: Количество условных единиц (у) на 100 км трассы ЛЭП | I7: Протяженность по трассе | J7: Объем условных единиц | K7: Количество условных единиц (у) на 100 км трассы ЛЭП | L7: Протяженность по трассе | M7: Объем условных единиц | N7: Количество условных единиц (у) на 100 км трассы ЛЭП | O7: Протяженность по трассе | P7: Объем условных единиц | Q7: Количество условных единиц (у) на 100 км трассы ЛЭП | R7: Протяженность по трассе | S7: Объем условных единиц | T7: Количество условных единиц (у) на 100 км трассы ЛЭП | U7: Протяженность по трассе | V7: Объем условных единиц | W7: Количество условных единиц (у) на 100 км трассы ЛЭП | X7: Протяженность по трассе | Y7: Объем условных единиц | Z7: Количество условных единиц (у) на 100 км трассы ЛЭП | AA7: Протяженность по трассе | AB7: Объем условных единиц
E8: у.е./100км | F8: км | G8: у.е. | H8: у.е./100км | I8: км | J8: у.е. | K8: у.е./100км | L8: км | M8: у.е. | N8: у.е./100км | O8: км | P8: у.е. | Q8: у.е./100км | R8: км | S8: у.е. | T8: у.е./100км | U8: км | V8: у.е. | W8: у.е./100км | X8: км | Y8: у.е. | Z8: у.е./100км | AA8: км | AB8: у.е.
A9: 1 | B9: =+A9+1 -> 2 | C9: =+B9+1 -> 3 | D9: =+C9+1 -> 4 | E9: =+D9+1 -> 5 | F9: =+E9+1 -> 6 | G9: 7 = 5 * 6 /100 | H9: 5 | I9: 6 | J9: 7 = 5 * 6 /100 | K9: 5 | L9: 6 | M9: 7 = 5 * 6 /100 | N9: 5 | O9: 6 | P9: 7 = 5 * 6 /100 | Q9: 5 | R9: 6 | S9: 7 = 5 * 6 /100 | T9: 5 | U9: 6 | V9: 7 = 5 * 6 /100 | W9: 5 | X9: 6 | Y9: 7 = 5 * 6 /100 | Z9: 5 | AA9: 6 | AB9: 7 = 5 * 6 /100
A10: ВЛЭП | B10: 1150 | C10: - | D10: металл | E10: 800 | G10: =E10*F10/100 -> 0 | H10: 800 | J10: =H10*I10/100 -> 0 | K10: 800 | M10: =K10*L10/100 -> 0 | N10: 800 | P10: =N10*O10/100 -> 0 | Q10: 800 | S10: =Q10*R10/100 -> 0 | T10: 800 | V10: =T10*U10/100 -> 0 | W10: 800 | Y10: =W10*X10/100 -> 0 | Z10: 800 | AB10: =Z10*AA10/100 -> 0
B11: 750 | C11: 1 | D11: металл | E11: 600 | G11: =E11*F11/100 -> 0 | H11: 600 | J11: =H11*I11/100 -> 0 | K11: 600 | M11: =K11*L11/100 -> 0 | N11: 600 | P11: =N11*O11/100 -> 0 | Q11: 600 | S11: =Q11*R11/100 -> 0 | T11: 600 | V11: =T11*U11/100 -> 0 | W11: 600 | Y11: =W11*X11/100 -> 0 | Z11: 600 | AB11: =Z11*AA11/100 -> 0
B12: 400-500 | C12: 1 | D12: металл | E12: 400 | G12: =E12*F12/100 -> 0 | H12: 400 | J12: =H12*I12/100 -> 0 | K12: 400 | M12: =K12*L12/100 -> 0 | N12: 400 | P12: =N12*O12/100 -> 0 | Q12: 400 | S12: =Q12*R12/100 -> 0 | T12: 400 | V12: =T12*U12/100 -> 0 | W12: 400 | Y12: =W12*X12/100 -> 0 | Z12: 400 | AB12: =Z12*AA12/100 -> 0
D13: ж/бетон | E13: 300 | G13: =E13*F13/100 -> 0 | H13: 300 | J13: =H13*I13/100 -> 0 | K13: 300 | M13: =K13*L13/100 -> 0 | N13: 300 | P13: =N13*O13/100 -> 0 | Q13: 300 | S13: =Q13*R13/100 -> 0 | T13: 300 | V13: =T13*U13/100 -> 0 | W13: 300 | Y13: =W13*X13/100 -> 0 | Z13: 300 | AB13: =Z13*AA13/100 -> 0
B14: 330 | C14: 1 | D14: металл | E14: 230 | G14: =E14*F14/100 -> 0 | H14: 230 | J14: =H14*I14/100 -> 0 | K14: 230 | M14: =K14*L14/100 -> 0 | N14: 230 | P14: =N14*O14/100 -> 0 | Q14: 230 | S14: =Q14*R14/100 -> 0 | T14: 230 | V14: =T14*U14/100 -> 0 | W14: 230 | Y14: =W14*X14/100 -> 0 | Z14: 230 | AB14: =Z14*AA14/100 -> 0
D15: ж/бетон | E15: 170 | G15: =E15*F15/100 -> 0 | H15: 170 | J15: =H15*I15/100 -> 0 | K15: 170 | M15: =K15*L15/100 -> 0 | N15: 170 | P15: =N15*O15/100 -> 0 | Q15: 170 | S15: =Q15*R15/100 -> 0 | T15: 170 | V15: =T15*U15/100 -> 0 | W15: 170 | Y15: =W15*X15/100 -> 0 | Z15: 170 | AB15: =Z15*AA15/100 -> 0
C16: 2 | D16: металл | E16: 290 | G16: =E16*F16/100 -> 0 | H16: 290 | J16: =H16*I16/100 -> 0 | K16: 290 | M16: =K16*L16/100 -> 0 | N16: 290 | P16: =N16*O16/100 -> 0 | Q16: 290 | S16: =Q16*R16/100 -> 0 | T16: 290 | V16: =T16*U16/100 -> 0 | W16: 290 | Y16: =W16*X16/100 -> 0 | Z16: 290 | AB16: =Z16*AA16/100 -> 0
D17: ж/бетон | E17: 210 | G17: =E17*F17/100 -> 0 | H17: 210 | J17: =H17*I17/100 -> 0 | K17: 210 | M17: =K17*L17/100 -> 0 | N17: 210 | P17: =N17*O17/100 -> 0 | Q17: 210 | S17: =Q17*R17/100 -> 0 | T17: 210 | V17: =T17*U17/100 -> 0 | W17: 210 | Y17: =W17*X17/100 -> 0 | Z17: 210 | AB17: =Z17*AA17/100 -> 0
B18: 220 | C18: 1 | D18: дерево | E18: 260 | G18: =E18*F18/100 -> 0 | H18: 260 | J18: =H18*I18/100 -> 0 | K18: 260 | M18: =K18*L18/100 -> 0 | N18: 260 | P18: =N18*O18/100 -> 0 | Q18: 260 | S18: =Q18*R18/100 -> 0 | T18: 260 | V18: =T18*U18/100 -> 0 | W18: 260 | Y18: =W18*X18/100 -> 0 | Z18: 260 | AB18: =Z18*AA18/100 -> 0
D19: металл | E19: 210 | G19: =E19*F19/100 -> 0 | H19: 210 | J19: =H19*I19/100 -> 0 | K19: 210 | M19: =K19*L19/100 -> 0 | N19: 210 | P19: =N19*O19/100 -> 0 | Q19: 210 | S19: =Q19*R19/100 -> 0 | T19: 210 | V19: =T19*U19/100 -> 0 | W19: 210 | Y19: =W19*X19/100 -> 0 | Z19: 210 | AB19: =Z19*AA19/100 -> 0
D20: ж/бетон | E20: 140 | G20: =E20*F20/100 -> 0 | H20: 140 | J20: =H20*I20/100 -> 0 | K20: 140 | M20: =K20*L20/100 -> 0 | N20: 140 | P20: =N20*O20/100 -> 0 | Q20: 140 | S20: =Q20*R20/100 -> 0 | T20: 140 | V20: =T20*U20/100 -> 0 | W20: 140 | Y20: =W20*X20/100 -> 0 | Z20: 140 | AB20: =Z20*AA20/100 -> 0
C21: 2 | D21: металл | E21: 270 | G21: =E21*F21/100 -> 0 | H21: 270 | J21: =H21*I21/100 -> 0 | K21: 270 | M21: =K21*L21/100 -> 0 | N21: 270 | P21: =N21*O21/100 -> 0 | Q21: 270 | S21: =Q21*R21/100 -> 0 | T21: 270 | V21: =T21*U21/100 -> 0 | W21: 270 | Y21: =W21*X21/100 -> 0 | Z21: 270 | AB21: =Z21*AA21/100 -> 0
D22: ж/бетон | E22: 180 | G22: =E22*F22/100 -> 0 | H22: 180 | J22: =H22*I22/100 -> 0 | K22: 180 | M22: =K22*L22/100 -> 0 | N22: 180 | P22: =N22*O22/100 -> 0 | Q22: 180 | S22: =Q22*R22/100 -> 0 | T22: 180 | V22: =T22*U22/100 -> 0 | W22: 180 | Y22: =W22*X22/100 -> 0 | Z22: 180 | AB22: =Z22*AA22/100 -> 0
B23: 110-150 | C23: 1 | D23: дерево | E23: 180 | G23: =E23*F23/100 -> 0 | H23: 180 | J23: =H23*I23/100 -> 0 | K23: 180 | M23: =K23*L23/100 -> 0 | N23: 180 | P23: =N23*O23/100 -> 0 | Q23: 180 | S23: =Q23*R23/100 -> 0 | T23: 180 | V23: =T23*U23/100 -> 0 | W23: 180 | Y23: =W23*X23/100 -> 0 | Z23: 180 | AB23: =Z23*AA23/100 -> 0
D24: металл | E24: 160 | G24: =E24*F24/100 -> 0 | H24: 160 | J24: =H24*I24/100 -> 0 | K24: 160 | M24: =K24*L24/100 -> 0 | N24: 160 | P24: =N24*O24/100 -> 0 | Q24: 160 | S24: =Q24*R24/100 -> 0 | T24: 160 | V24: =T24*U24/100 -> 0 | W24: 160 | Y24: =W24*X24/100 -> 0 | Z24: 160 | AB24: =Z24*AA24/100 -> 0
D25: ж/бетон | E25: 130 | G25: =E25*F25/100 -> 0 | H25: 130 | J25: =H25*I25/100 -> 0 | K25: 130 | M25: =K25*L25/100 -> 0 | N25: 130 | P25: =N25*O25/100 -> 0 | Q25: 130 | S25: =Q25*R25/100 -> 0 | T25: 130 | V25: =T25*U25/100 -> 0 | W25: 130 | Y25: =W25*X25/100 -> 0 | Z25: 130 | AB25: =Z25*AA25/100 -> 0
C26: 2 | D26: металл | E26: 190 | G26: =E26*F26/100 -> 0 | H26: 190 | J26: =H26*I26/100 -> 0 | K26: 190 | M26: =K26*L26/100 -> 0 | N26: 190 | P26: =N26*O26/100 -> 0 | Q26: 190 | S26: =Q26*R26/100 -> 0 | T26: 190 | V26: =T26*U26/100 -> 0 | W26: 190 | Y26: =W26*X26/100 -> 0 | Z26: 190 | AB26: =Z26*AA26/100 -> 0
D27: ж/бетон | E27: 160 | G27: =E27*F27/100 -> 0 | H27: 160 | J27: =H27*I27/100 -> 0 | K27: 160 | M27: =K27*L27/100 -> 0 | N27: 160 | P27: =N27*O27/100 -> 0 | Q27: 160 | S27: =Q27*R27/100 -> 0 | T27: 160 | V27: =T27*U27/100 -> 0 | W27: 160 | Y27: =W27*X27/100 -> 0 | Z27: 160 | AB27: =Z27*AA27/100 -> 0
A28: КЛЭП | B28: 220 | C28: - | D28: - | E28: 3000 | G28: =E28*F28/100 -> 0 | H28: 3000 | J28: =H28*I28/100 -> 0 | K28: 3000 | M28: =K28*L28/100 -> 0 | N28: 3000 | P28: =N28*O28/100 -> 0 | Q28: 3000 | S28: =Q28*R28/100 -> 0 | T28: 3000 | V28: =T28*U28/100 -> 0 | W28: 3000 | Y28: =W28*X28/100 -> 0 | Z28: 3000 | AB28: =Z28*AA28/100 -> 0
B29: 110 | C29: - | D29: - | E29: 2300 | G29: =E29*F29/100 -> 0 | H29: 2300 | J29: =H29*I29/100 -> 0 | K29: 2300 | M29: =K29*L29/100 -> 0 | N29: 2300 | P29: =N29*O29/100 -> 0 | Q29: 2300 | S29: =Q29*R29/100 -> 0 | T29: 2300 | V29: =T29*U29/100 -> 0 | W29: 2300 | Y29: =W29*X29/100 -> 0 | Z29: 2300 | AB29: =Z29*AA29/100 -> 0
A30: ВН, всего | G30: =SUM(G10:G29) -> 0 | J30: =SUM(J10:J29) -> 0 | M30: =SUM(M10:M29) -> 0 | P30: =SUM(P10:P29) -> 0 | S30: =SUM(S10:S29) -> 0 | V30: =SUM(V10:V29) -> 0 | Y30: =SUM(Y10:Y29) -> 0 | AB30: =SUM(AB10:AB29) -> 0
A31: ВЛЭП | B31: 35 | C31: 1 | D31: дерево | E31: 170 | G31: =E31*F31/100 -> 0 | H31: 170 | J31: =H31*I31/100 -> 0 | K31: 170 | M31: =K31*L31/100 -> 0 | N31: 170 | P31: =N31*O31/100 -> 0 | Q31: 170 | S31: =Q31*R31/100 -> 0 | T31: 170 | V31: =T31*U31/100 -> 0 | W31: 170 | Y31: =W31*X31/100 -> 0 | Z31: 170 | AB31: =Z31*AA31/100 -> 0
D32: металл | E32: 140 | G32: =E32*F32/100 -> 0 | H32: 140 | J32: =H32*I32/100 -> 0 | K32: 140 | M32: =K32*L32/100 -> 0 | N32: 140 | P32: =N32*O32/100 -> 0 | Q32: 140 | S32: =Q32*R32/100 -> 0 | T32: 140 | V32: =T32*U32/100 -> 0 | W32: 140 | Y32: =W32*X32/100 -> 0 | Z32: 140 | AB32: =Z32*AA32/100 -> 0
D33: ж/бетон | E33: 120 | G33: =E33*F33/100 -> 0 | H33: 120 | J33: =H33*I33/100 -> 0 | K33: 120 | M33: =K33*L33/100 -> 0 | N33: 120 | P33: =N33*O33/100 -> 0 | Q33: 120 | S33: =Q33*R33/100 -> 0 | T33: 120 | V33: =T33*U33/100 -> 0 | W33: 120 | Y33: =W33*X33/100 -> 0 | Z33: 120 | AB33: =Z33*AA33/100 -> 0
C34: 2 | D34: металл | E34: 180 | G34: =E34*F34/100 -> 0 | H34: 180 | J34: =H34*I34/100 -> 0 | K34: 180 | M34: =K34*L34/100 -> 0 | N34: 180 | P34: =N34*O34/100 -> 0 | Q34: 180 | S34: =Q34*R34/100 -> 0 | T34: 180 | V34: =T34*U34/100 -> 0 | W34: 180 | Y34: =W34*X34/100 -> 0 | Z34: 180 | AB34: =Z34*AA34/100 -> 0
D35: ж/бетон | E35: 150 | G35: =E35*F35/100 -> 0 | H35: 150 | J35: =H35*I35/100 -> 0 | K35: 150 | M35: =K35*L35/100 -> 0 | N35: 150 | P35: =N35*O35/100 -> 0 | Q35: 150 | S35: =Q35*R35/100 -> 0 | T35: 150 | V35: =T35*U35/100 -> 0 | W35: 150 | Y35: =W35*X35/100 -> 0 | Z35: 150 | AB35: =Z35*AA35/100 -> 0
B36: 1 - 20 | C36: - | D36: дерево | E36: 160 | G36: =E36*F36/100 -> 0 | H36: 160 | J36: =H36*I36/100 -> 0 | K36: 160 | M36: =K36*L36/100 -> 0 | N36: 160 | P36: =N36*O36/100 -> 0 | Q36: 160 | S36: =Q36*R36/100 -> 0 | T36: 160 | V36: =T36*U36/100 -> 0 | W36: 160 | Y36: =W36*X36/100 -> 0 | Z36: 160 | AB36: =Z36*AA36/100 -> 0
D37: дерево на ж/б пасынках | E37: 140 | F37: 7.031 | G37: =E37*F37/100 -> 9.8434 | H37: 140 | I37: 4.6 | J37: =H37*I37/100 -> 6.44 | K37: 140 | L37: 4.6 | M37: =K37*L37/100 -> 6.44 | N37: 140 | O37: =F37 -> 7.031 | P37: =N37*O37/100 -> 9.8434 | Q37: 140 | R37: =O37 -> 7.031 | S37: =Q37*R37/100 -> 9.8434 | T37: 140 | U37: =R37 -> 7.031 | V37: =T37*U37/100 -> 9.8434 | W37: 140 | X37: =U37 -> 7.031 | Y37: =W37*X37/100 -> 9.8434 | Z37: 140 | AA37: =X37 -> 7.031 | AB37: =Z37*AA37/100 -> 9.8434
D38: ж/бетон, металл | E38: 110 | F38: 48.255 | G38: =E38*F38/100 -> 53.0805 | H38: 110 | I38: 49.301 | J38: =H38*I38/100 -> 54.2311 | K38: 110 | L38: 51.271 | M38: =K38*L38/100 -> 56.3981 | N38: 110 | O38: 49.118 | P38: =N38*O38/100 -> 54.0298 | Q38: 110 | R38: =O38+0.07 -> 49.188 | S38: =Q38*R38/100 -> 54.1068 | T38: 110 | U38: =R38 -> 49.188 | V38: =T38*U38/100 -> 54.1068 | W38: 110 | X38: =U38 -> 49.188 | Y38: =W38*X38/100 -> 54.1068 | Z38: 110 | AA38: =X38 -> 49.188 | AB38: =Z38*AA38/100 -> 54.1068
A39: КЛЭП | B39: 20 -35 | C39: - | D39: - | E39: 470 | G39: =E39*F39/100 -> 0 | H39: 470 | J39: =H39*I39/100 -> 0 | K39: 470 | M39: =K39*L39/100 -> 0 | N39: 470 | P39: =N39*O39/100 -> 0 | Q39: 470 | S39: =Q39*R39/100 -> 0 | T39: 470 | V39: =T39*U39/100 -> 0 | W39: 470 | Y39: =W39*X39/100 -> 0 | Z39: 470 | AB39: =Z39*AA39/100 -> 0
B40: 3 - 10 | C40: - | D40: - | E40: 350 | F40: 3.153 | G40: =E40*F40/100 -> 11.0355 | H40: 350 | I40: 3.153 | J40: =H40*I40/100 -> 11.0355 | K40: 350 | L40: 3.763 | M40: =K40*L40/100 -> 13.1705 | N40: 350 | O40: =F40 -> 3.153 | P40: =N40*O40/100 -> 11.0355 | Q40: 350 | R40: =O40 -> 3.153 | S40: =Q40*R40/100 -> 11.0355 | T40: 350 | U40: =R40 -> 3.153 | V40: =T40*U40/100 -> 11.0355 | W40: 350 | X40: =U40 -> 3.153 | Y40: =W40*X40/100 -> 11.0355 | Z40: 350 | AA40: =X40 -> 3.153 | AB40: =Z40*AA40/100 -> 11.0355
A41: СН, всего | G41: =G42+G43 -> 73.9594 | J41: =J42+J43 -> 71.7066 | M41: =M42+M43 -> 76.0086 | P41: =P42+P43 -> 74.9087 | S41: =S42+S43 -> 74.9857 | V41: =V42+V43 -> 74.9857 | Y41: =Y42+Y43 -> 74.9857 | AB41: =AB42+AB43 -> 74.9857
B42: в т.ч. СН1 (35 кВ) | G42: =G31+G32+G33+G34+G35+G39 -> 0 | J42: =J31+J32+J33+J34+J35+J39 -> 0 | M42: =M31+M32+M33+M34+M35+M39 -> 0 | P42: =P31+P32+P33+P34+P35+P39 -> 0 | S42: =S31+S32+S33+S34+S35+S39 -> 0 | V42: =V31+V32+V33+V34+V35+V39 -> 0 | Y42: =Y31+Y32+Y33+Y34+Y35+Y39 -> 0 | AB42: =AB31+AB32+AB33+AB34+AB35+AB39 -> 0
B43: СН2 (1-20 кВ) | G43: =G36+G37+G38+G40 -> 73.9594 | J43: =J36+J37+J38+J40 -> 71.7066 | M43: =M36+M37+M38+M40 -> 76.0086 | P43: =P36+P37+P38+P40 -> 74.9087 | S43: =S36+S37+S38+S40 -> 74.9857 | V43: =V36+V37+V38+V40 -> 74.9857 | Y43: =Y36+Y37+Y38+Y40 -> 74.9857 | AB43: =AB36+AB37+AB38+AB40 -> 74.9857
A44: ВЛЭП | B44: 0,4 кВ | C44: - | D44: дерево | E44: 260 | G44: =E44*F44/100 -> 0 | H44: 260 | J44: =H44*I44/100 -> 0 | K44: 260 | M44: =K44*L44/100 -> 0 | N44: 260 | P44: =N44*O44/100 -> 0 | Q44: 260 | S44: =Q44*R44/100 -> 0 | T44: 260 | V44: =T44*U44/100 -> 0 | W44: 260 | Y44: =W44*X44/100 -> 0 | Z44: 260 | AB44: =Z44*AA44/100 -> 0
D45: дерево на ж/б пасынках | E45: 220 | F45: 65.03125 | G45: =E45*F45/100 -> 143.06875 | H45: 220 | I45: 55.8999 | J45: =H45*I45/100 -> 122.97978 | K45: 220 | L45: =I45 -> 55.8999 | M45: =K45*L45/100 -> 122.97978 | N45: 220 | O45: =F45 -> 65.03125 | P45: =N45*O45/100 -> 143.06875 | Q45: 220 | R45: =O45 -> 65.03125 | S45: =Q45*R45/100 -> 143.06875 | T45: 220 | U45: =R45 -> 65.03125 | V45: =T45*U45/100 -> 143.06875 | W45: 220 | X45: =U45 -> 65.03125 | Y45: =W45*X45/100 -> 143.06875 | Z45: 220 | AA45: =X45 -> 65.03125 | AB45: =Z45*AA45/100 -> 143.06875
D46: ж/бетон, металл | E46: 150 | F46: 146.94615 | G46: =E46*F46/100 -> 220.41923 | H46: 150 | I46: 162.38 | J46: =H46*I46/100 -> 243.57 | K46: 150 | L46: 162.2645 | M46: =K46*L46/100 -> 243.39675 | N46: 150 | O46: 147.09915 | P46: =N46*O46/100 -> 220.64873 | Q46: 150 | R46: =O46+0.549 -> 147.64815 | S46: =Q46*R46/100 -> 221.47223 | T46: 150 | U46: =R46 -> 147.64815 | V46: =T46*U46/100 -> 221.47223 | W46: 150 | X46: =U46 -> 147.64815 | Y46: =W46*X46/100 -> 221.47223 | Z46: 150 | AA46: =X46 -> 147.64815 | AB46: =Z46*AA46/100 -> 221.47223
A47: КЛЭП | B47: до 1 кВ | C47: - | D47: - | E47: 270 | F47: 13.16 | G47: =E47*F47/100 -> 35.532 | H47: 270 | I47: 13.223 | J47: =H47*I47/100 -> 35.7021 | K47: 270 | L47: 13.161 | M47: =K47*L47/100 -> 35.5347 | N47: 270 | O47: =F47 -> 13.16 | P47: =N47*O47/100 -> 35.532 | Q47: 270 | R47: =O47 -> 13.16 | S47: =Q47*R47/100 -> 35.532 | T47: 270 | U47: =R47 -> 13.16 | V47: =T47*U47/100 -> 35.532 | W47: 270 | X47: =U47 -> 13.16 | Y47: =W47*X47/100 -> 35.532 | Z47: 270 | AA47: =X47 -> 13.16 | AB47: =Z47*AA47/100 -> 35.532
A48: НН, всего | G48: =SUM(G44:G47) -> 399.01998 | J48: =SUM(J44:J47) -> 402.25188 | M48: =SUM(M44:M47) -> 401.91123 | P48: =SUM(P44:P47) -> 399.24948 | S48: =SUM(S44:S47) -> 400.07298 | V48: =SUM(V44:V47) -> 400.07298 | Y48: =SUM(Y44:Y47) -> 400.07298 | AB48: =SUM(AB44:AB47) -> 400.07298
G49: =G48+G41 -> 472.97938 | J49: =J48+J41 -> 473.95848 | M49: =M48+M41 -> 477.91983 | P49: =P48+P41 -> 474.15818 | AB49: 3
F50: =SUM(F37:F40) -> 58.439 | I50: =SUM(I37:I40) -> 57.054 | L50: =SUM(L37:L40) -> 59.634 | O50: =SUM(O37:O40) -> 59.302 | R50: =SUM(R37:R40) -> 59.372
F51: =SUM(F44:F47) -> 225.1374 | I51: =SUM(I44:I47) -> 231.5029 | L51: =SUM(L44:L47) -> 231.3254 | O51: =SUM(O44:O47) -> 225.2904 | R51: =SUM(R44:R47) -> 225.8394
F52: =F50+F51 -> 283.5764 | I52: =I50+I51 -> 288.5569 | L52: =L50+L51 -> 290.9594 | O52: =O50+O51 -> 284.5924 | R52: =R50+R51 -> 285.2114 | S52: =R52-O52 -> 0.619
A53: Примечание: при расчете условных единиц протяженность ВЛЭП-0,4 кВ от линии до ввода в здание и кабельные вводы не учитываются.
L54: =L47+L40 -> 16.924 | O54: =O47+O40 -> 16.313 | R54: =R47+R40 -> 16.313
L55: =L45+L46 -> 218.1644

Sheet 2.2
A3: Объем подстанций 35-1150 кВ, трансформаторных подстанций (ТП), комплексных трансформаторных подстанций (КТП) и распределительных пунктов(РП) 0,4-20 кВ в условных единицах. | AE3: Таблица № 2.2
F4: ФАКТ 2018 | I4: ПЛАН 2019 | L4: ФАКТ 2019 | O4: 2020 предпр. | R4: 2020 РЭК | U4: 2021 | X4: 2022 | AA4: 2023 | AD4: 2024
A5: п/п | B5: Наименование | C5: Единица измерения | D5: Напряжение, кВ | E5: Количество условных единиц (у) на единицу измерения | F5: Количество единиц измерения | G5: Объем условных единиц | H5: Количество условных единиц (у) на единицу измерения | I5: Количество единиц измерения | J5: Объем условных единиц | K5: Количество условных единиц (у) на единицу измерения | L5: Количество единиц измерения | M5: Объем условных единиц | N5: Количество условных единиц (у) на единицу измерения | O5: Количество единиц измерения | P5: Объем условных единиц | Q5: Количество условных единиц (у) на единицу измерения | R5: Количество единиц измерения | S5: Объем условных единиц | T5: Количество условных единиц (у) на единицу измерения | U5: Количество единиц измерения | V5: Объем условных единиц | W5: Количество условных единиц (у) на единицу измерения | X5: Количество единиц измерения | Y5: Объем условных единиц | Z5: Количество условных единиц (у) на единицу измерения | AA5: Количество единиц измерения | AB5: Объем условных единиц | AC5: Количество условных единиц (у) на единицу измерения | AD5: Количество единиц измерения | AE5: Объем условных единиц
E6: у/ед.изм. | F6: ед.изм. | G6: у | H6: у/ед.изм. | I6: ед.изм. | J6: у | K6: у/ед.изм. | L6: ед.изм. | M6: у | N6: у/ед.изм. | O6: ед.изм. | P6: у | Q6: у/ед.изм. | R6: ед.изм. | S6: у | T6: у/ед.изм. | U6: ед.изм. | V6: у | W6: у/ед.изм. | X6: ед.изм. | Y6: у | Z6: у/ед.изм. | AA6: ед.изм. | AB6: у | AC6: у/ед.изм. | AD6: ед.изм. | AE6: у
A7: 1 | B7: =A7+1 -> 2 | C7: =B7+1 -> 3 | D7: =C7+1 -> 4 | E7: =D7+1 -> 5 | F7: =E7+1 -> 6 | G7: =F7+1 -> 7 | H7: =G7+1 -> 8 | I7: =H7+1 -> 9 | ... AE7: =AD7+1 -> 31
A8: 1 | B8: Подстанция | C8: П/ст | D8: 220 | E8: 210 | G8: =E8*F8 -> 0 | H8: 210 | J8: =H8*I8 -> 0 | K8: 210 | M8: =K8*L8 -> 0 | N8: 210 | P8: =N8*O8 -> 0 | Q8: 210 | S8: =Q8*R8 -> 0 | T8: 210 | V8: =T8*U8 -> 0 | W8: 210 | Y8: =W8*X8 -> 0 | Z8: 210 | AB8: =Z8*AA8 -> 0 | AC8: 210 | AE8: =AC8*AD8 -> 0
D9: 110 - 150 | E9: 105 | G9: =E9*F9 -> 0 | H9: 105 | J9: =H9*I9 -> 0 | K9: 105 | M9: =K9*L9 -> 0 | N9: 105 | P9: =N9*O9 -> 0 | Q9: 105 | S9: =Q9*R9 -> 0 | T9: 105 | V9: =T9*U9 -> 0 | W9: 105 | Y9: =W9*X9 -> 0 | Z9: 105 | AB9: =Z9*AA9 -> 0 | AC9: 105 | AE9: =AC9*AD9 -> 0
D10: 35 | E10: 75 | G10: =E10*F10 -> 0 | H10: 75 | J10: =H10*I10 -> 0 | K10: 75 | M10: =K10*L10 -> 0 | N10: 75 | P10: =N10*O10 -> 0 | Q10: 75 | S10: =Q10*R10 -> 0 | T10: 75 | V10: =T10*U10 -> 0 | W10: 75 | Y10: =W10*X10 -> 0 | Z10: 75 | AB10: =Z10*AA10 -> 0 | AC10: 75 | AE10: =AC10*AD10 -> 0
A11: 2 | B11: Силовой трансформатор или реактор (одно- или трехфазный), или вольтодобавочный трансформатор | C11: Единица оборудования | D11: 220 | E11: 14 | G11: =E11*F11 -> 0 | H11: 14 | J11: =H11*I11 -> 0 | K11: 14 | M11: =K11*L11 -> 0 | N11: 14 | P11: =N11*O11 -> 0 | Q11: 14 | S11: =Q11*R11 -> 0 | T11: 14 | V11: =T11*U11 -> 0 | W11: 14 | Y11: =W11*X11 -> 0 | Z11: 14 | AB11: =Z11*AA11 -> 0 | AC11: 14 | AE11: =AC11*AD11 -> 0
D12: 110 - 150 | E12: 7.8 | G12: =E12*F12 -> 0 | H12: 7.8 | J12: =H12*I12 -> 0 | K12: 7.8 | M12: =K12*L12 -> 0 | N12: 7.8 | P12: =N12*O12 -> 0 | Q12: 7.8 | S12: =Q12*R12 -> 0 | T12: 7.8 | V12: =T12*U12 -> 0 | W12: 7.8 | Y12: =W12*X12 -> 0 | Z12: 7.8 | AB12: =Z12*AA12 -> 0 | AC12: 7.8 | AE12: =AC12*AD12 -> 0
D13: 35 | E13: 2.1 | G13: =E13*F13 -> 0 | H13: 2.1 | J13: =H13*I13 -> 0 | K13: 2.1 | M13: =K13*L13 -> 0 | N13: 2.1 | P13: =N13*O13 -> 0 | Q13: 2.1 | S13: =Q13*R13 -> 0 | T13: 2.1 | V13: =T13*U13 -> 0 | W13: 2.1 | Y13: =W13*X13 -> 0 | Z13: 2.1 | AB13: =Z13*AA13 -> 0 | AC13: 2.1 | AE13: =AC13*AD13 -> 0
D14: 1 - 20 | E14: 1 | G14: =E14*F14 -> 0 | H14: 1 | J14: =H14*I14 -> 0 | K14: 1 | M14: =K14*L14 -> 0 | N14: 1 | P14: =N14*O14 -> 0 | Q14: 1 | S14: =Q14*R14 -> 0 | T14: 1 | V14: =T14*U14 -> 0 | W14: 1 | Y14: =W14*X14 -> 0 | Z14: 1 | AB14: =Z14*AA14 -> 0 | AC14: 1 | AE14: =AC14*AD14 -> 0
A15: 3 | B15: Воздушный выключатель | C15: 3 фазы | D15: 220 | E15: 43 | G15: =E15*F15 -> 0 | H15: 43 | J15: =H15*I15 -> 0 | K15: 43 | M15: =K15*L15 -> 0 | N15: 43 | P15: =N15*O15 -> 0 | Q15: 43 | S15: =Q15*R15 -> 0 | T15: 43 | V15: =T15*U15 -> 0 | W15: 43 | Y15: =W15*X15 -> 0 | Z15: 43 | AB15: =Z15*AA15 -> 0 | AC15: 43 | AE15: =AC15*AD15 -> 0
D16: 110 - 150 | E16: 26 | G16: =E16*F16 -> 0 | H16: 26 | J16: =H16*I16 -> 0 | K16: 26 | M16: =K16*L16 -> 0 | N16: 26 | P16: =N16*O16 -> 0 | Q16: 26 | S16: =Q16*R16 -> 0 | T16: 26 | V16: =T16*U16 -> 0 | W16: 26 | Y16: =W16*X16 -> 0 | Z16: 26 | AB16: =Z16*AA16 -> 0 | AC16: 26 | AE16: =AC16*AD16 -> 0
D17: 35 | E17: 11 | G17: =E17*F17 -> 0 | H17: 11 | J17: =H17*I17 -> 0 | K17: 11 | M17: =K17*L17 -> 0 | N17: 11 | P17: =N17*O17 -> 0 | Q17: 11 | S17: =Q17*R17 -> 0 | T17: 11 | V17: =T17*U17 -> 0 | W17: 11 | Y17: =W17*X17 -> 0 | Z17: 11 | AB17: =Z17*AA17 -> 0 | AC17: 11 | AE17: =AC17*AD17 -> 0
D18: 1 - 20 | E18: 5.5 | G18: =E18*F18 -> 0 | H18: 5.5 | J18: =H18*I18 -> 0 | K18: 5.5 | M18: =K18*L18 -> 0 | N18: 5.5 | P18: =N18*O18 -> 0 | Q18: 5.5 | S18: =Q18*R18 -> 0 | T18: 5.5 | V18: =T18*U18 -> 0 | W18: 5.5 | Y18: =W18*X18 -> 0 | Z18: 5.5 | AB18: =Z18*AA18 -> 0 | AC18: 5.5 | AE18: =AC18*AD18 -> 0
A19: 4 | B19: Масляный выключатель | C19: - " - | D19: 220 | E19: 23 | G19: =E19*F19 -> 0 | H19: 23 | J19: =H19*I19 -> 0 | K19: 23 | M19: =K19*L19 -> 0 | N19: 23 | P19: =N19*O19 -> 0 | Q19: 23 | S19: =Q19*R19 -> 0 | T19: 23 | V19: =T19*U19 -> 0 | W19: 23 | Y19: =W19*X19 -> 0 | Z19: 23 | AB19: =Z19*AA19 -> 0 | AC19: 23 | AE19: =AC19*AD19 -> 0
D20: 110 - 150 | E20: 14 | G20: =E20*F20 -> 0 | H20: 14 | J20: =H20*I20 -> 0 | K20: 14 | M20: =K20*L20 -> 0 | N20: 14 | P20: =N20*O20 -> 0 | Q20: 14 | S20: =Q20*R20 -> 0 | T20: 14 | V20: =T20*U20 -> 0 | W20: 14 | Y20: =W20*X20 -> 0 | Z20: 14 | AB20: =Z20*AA20 -> 0 | AC20: 14 | AE20: =AC20*AD20 -> 0
D21: 35 | E21: 6.4 | G21: =E21*F21 -> 0 | H21: 6.4 | J21: =H21*I21 -> 0 | K21: 6.4 | M21: =K21*L21 -> 0 | N21: 6.4 | P21: =N21*O21 -> 0 | Q21: 6.4 | S21: =Q21*R21 -> 0 | T21: 6.4 | V21: =T21*U21 -> 0 | W21: 6.4 | Y21: =W21*X21 -> 0 | Z21: 6.4 | AB21: =Z21*AA21 -> 0 | AC21: 6.4 | AE21: =AC21*AD21 -> 0
D22: 1 - 20 | E22: 3.1 | F22: 32 | G22: =E22*F22 -> 99.2 | H22: 3.1 | I22: 27 | J22: =H22*I22 -> 83.7 | K22: 3.1 | L22: 30 | M22: =K22*L22 -> 93 | N22: 3.1 | O22: 30 | P22: =N22*O22 -> 93 | Q22: 3.1 | R22: 32 | S22: =Q22*R22 -> 99.2 | T22: 3.1 | U22: =R22 -> 32 | V22: =T22*U22 -> 99.2 | W22: 3.1 | X22: =U22 -> 32 | Y22: =W22*X22 -> 99.2 | Z22: 3.1 | AA22: =X22 -> 32 | AB22: =Z22*AA22 -> 99.2 | AC22: 3.1 | AD22: =AA22 -> 32 | AE22: =AC22*AD22 -> 99.2
A23: 5 | B23: Отделитель с короткозамыкателем | C23: Единица оборудования | D23: 220 | E23: 19 | G23: =E23*F23 -> 0 | H23: 19 | J23: =H23*I23 -> 0 | K23: 19 | M23: =K23*L23 -> 0 | N23: 19 | P23: =N23*O23 -> 0 | Q23: 19 | S23: =Q23*R23 -> 0 | T23: 19 | V23: =T23*U23 -> 0 | W23: 19 | Y23: =W23*X23 -> 0 | Z23: 19 | AB23: =Z23*AA23 -> 0 | AC23: 19 | AE23: =AC23*AD23 -> 0
D24: 110 - 150 | E24: 9.5 | G24: =E24*F24 -> 0 | H24: 9.5 | J24: =H24*I24 -> 0 | K24: 9.5 | M24: =K24*L24 -> 0 | N24: 9.5 | P24: =N24*O24 -> 0 | Q24: 9.5 | S24: =Q24*R24 -> 0 | T24: 9.5 | V24: =T24*U24 -> 0 | W24: 9.5 | Y24: =W24*X24 -> 0 | Z24: 9.5 | AB24: =Z24*AA24 -> 0 | AC24: 9.5 | AE24: =AC24*AD24 -> 0
D25: 35 | E25: 4.7 | G25: =E25*F25 -> 0 | H25: 4.7 | J25: =H25*I25 -> 0 | K25: 4.7 | M25: =K25*L25 -> 0 | N25: 4.7 | P25: =N25*O25 -> 0 | Q25: 4.7 | S25: =Q25*R25 -> 0 | T25: 4.7 | V25: =T25*U25 -> 0 | W25: 4.7 | Y25: =W25*X25 -> 0 | Z25: 4.7 | AB25: =Z25*AA25 -> 0 | AC25: 4.7 | AE25: =AC25*AD25 -> 0
A26: 6 | B26: Выключатель нагрузки | C26: - " - | D26: 1 - 20 | E26: 2.3 | F26: 106 | G26: =E26*F26 -> 243.8 | H26: 2.3 | I26: 41 | J26: =H26*I26 -> 94.3 | K26: 2.3 | L26: 106 | M26: =K26*L26 -> 243.8 | N26: 2.3 | O26: 138 | P26: =N26*O26 -> 317.4 | Q26: 2.3 | R26: 106 | S26: =Q26*R26 -> 243.8 | T26: 2.3 | U26: =R26 -> 106 | V26: =T26*U26 -> 243.8 | W26: 2.3 | X26: =U26 -> 106 | Y26: =W26*X26 -> 243.8 | Z26: 2.3 | AA26: =X26 -> 106 | AB26: =Z26*AA26 -> 243.8 | AC26: 2.3 | AD26: =AA26 -> 106 | AE26: =AC26*AD26 -> 243.8
A27: 7 | B27: Синхронный компенсатор мощн. 50 Мвар | C27: - " - | D27: 1 - 20 | E27: 26 | G27: =E27*F27 -> 0 | H27: 26 | J27: =H27*I27 -> 0 | K27: 26 | M27: =K27*L27 -> 0 | N27: 26 | P27: =N27*O27 -> 0 | Q27: 26 | S27: =Q27*R27 -> 0 | T27: 26 | V27: =T27*U27 -> 0 | W27: 26 | Y27: =W27*X27 -> 0 | Z27: 26 | AB27: =Z27*AA27 -> 0 | AC27: 26 | AE27: =AC27*AD27 -> 0
A28: 8 | B28: То же, 50 Мвар и более | C28: - " - | D28: 1 - 20 | E28: 48 | G28: =E28*F28 -> 0 | H28: 48 | J28: =H28*I28 -> 0 | K28: 48 | M28: =K28*L28 -> 0 | N28: 48 | P28: =N28*O28 -> 0 | Q28: 48 | S28: =Q28*R28 -> 0 | T28: 48 | V28: =T28*U28 -> 0 | W28: 48 | Y28: =W28*X28 -> 0 | Z28: 48 | AB28: =Z28*AA28 -> 0 | AC28: 48 | AE28: =AC28*AD28 -> 0
A29: 9 | B29: Статические конденсаторы | C29: 100 конд. | D29: 35 | E29: 2.4 | G29: =E29*F29 -> 0 | H29: 2.4 | J29: =H29*I29 -> 0 | K29: 2.4 | M29: =K29*L29 -> 0 | N29: 2.4 | P29: =N29*O29 -> 0 | Q29: 2.4 | S29: =Q29*R29 -> 0 | T29: 2.4 | V29: =T29*U29 -> 0 | W29: 2.4 | Y29: =W29*X29 -> 0 | Z29: 2.4 | AB29: =Z29*AA29 -> 0 | AC29: 2.4 | AE29: =AC29*AD29 -> 0
D30: 1 - 20 | E30: 2.4 | G30: =E30*F30 -> 0 | H30: 2.4 | J30: =H30*I30 -> 0 | K30: 2.4 | M30: =K30*L30 -> 0 | N30: 2.4 | P30: =N30*O30 -> 0 | Q30: 2.4 | S30: =Q30*R30 -> 0 | T30: 2.4 | V30: =T30*U30 -> 0 | W30: 2.4 | Y30: =W30*X30 -> 0 | Z30: 2.4 | AB30: =Z30*AA30 -> 0 | AC30: 2.4 | AE30: =AC30*AD30 -> 0
A31: 10 | B31: Мачтовая (столбовая) ТП | C31: ТП | D31: 1 - 20 | E31: 2.5 | F31: 23 | G31: =E31*F31 -> 57.5 | H31: 2.5 | I31: 25 | J31: =H31*I31 -> 62.5 | K31: 2.5 | L31: 24 | M31: =K31*L31 -> 60 | N31: 2.5 | O31: 24 | P31: =N31*O31 -> 60 | Q31: 2.5 | R31: 24 | S31: =Q31*R31 -> 60 | T31: 2.5 | U31: =R31 -> 24 | V31: =T31*U31 -> 60 | W31: 2.5 | X31: =U31 -> 24 | Y31: =W31*X31 -> 60 | Z31: 2.5 | AA31: 25 | AB31: =Z31*AA31 -> 62.5 | AC31: 2.5 | AD31: 25 | AE31: =AC31*AD31 -> 62.5
A32: 11 | B32: Однотрансфор-маторная ТП, КТП | C32: ТП, КТП | D32: 1 - 20 | E32: 2.3 | F32: 45 | G32: =E32*F32 -> 103.5 | H32: 2.3 | I32: 42 | J32: =H32*I32 -> 96.6 | K32: 2.3 | L32: 45 | M32: =K32*L32 -> 103.5 | N32: 2.3 | O32: 45 | P32: =N32*O32 -> 103.5 | Q32: 2.3 | R32: 45 | S32: =Q32*R32 -> 103.5 | T32: 2.3 | U32: =R32 -> 45 | V32: =T32*U32 -> 103.5 | W32: 2.3 | X32: =U32 -> 45 | Y32: =W32*X32 -> 103.5 | Z32: 2.3 | AA32: =X32 -> 45 | AB32: =Z32*AA32 -> 103.5 | AC32: 2.3 | AD32: =AA32 -> 45 | AE32: =AC32*AD32 -> 103.5
A33: 12 | B33: Двухтрансформаторная ТП, КТП | C33: ТП, КТП | D33: 1 - 20 | E33: 3 | F33: 11 | G33: =E33*F33 -> 33 | H33: 3 | I33: 12 | J33: =H33*I33 -> 36 | K33: 3 | L33: 11 | M33: =K33*L33 -> 33 | N33: 3 | O33: 11 | P33: =N33*O33 -> 33 | Q33: 3 | R33: 11 | S33: =Q33*R33 -> 33 | T33: 3 | U33: =R33 -> 11 | V33: =T33*U33 -> 33 | W33: 3 | X33: =U33 -> 11 | Y33: =W33*X33 -> 33 | Z33: 3 | AA33: =X33 -> 11 | AB33: =Z33*AA33 -> 33 | AC33: 3 | AD33: =AA33 -> 11 | AE33: =AC33*AD33 -> 33
A34: 13 | B34: Однотрансфор-маторная подстанция 34/0,4 кВ | C34: п/ст | D34: 35 | E34: 3.5 | G34: =E34*F34 -> 0 | H34: 3.5 | J34: =H34*I34 -> 0 | K34: 3.5 | M34: =K34*L34 -> 0 | N34: 3.5 | P34: =N34*O34 -> 0 | Q34: 3.5 | S34: =Q34*R34 -> 0 | T34: 3.5 | V34: =T34*U34 -> 0 | W34: 3.5 | Y34: =W34*X34 -> 0 | Z34: 3.5 | AB34: =Z34*AA34 -> 0 | AC34: 3.5 | AE34: =AC34*AD34 -> 0
A35: 14. | B35: Итого | D35: ВН | E35: - | F35: - | G35: =G8+G11+G15+G19+G23+G9+G12+G16+G20+G24 -> 0 | H35: - | I35: - | J35: =J8+J11+J15+J19+J23+J9+J12+J16+J20+J24 -> 0 | K35: - | L35: - | M35: =M8+M11+M15+M19+M23+M9+M12+M16+M20+M24 -> 0 | N35: - | O35: - | P35: =P8+P11+P15+P19+P23+P9+P12+P16+P20+P24 -> 0 | Q35: - | R35: - | S35: =S8+S11+S15+S19+S23+S9+S12+S16+S20+S24 -> 0 | T35: - | U35: - | V35: =V8+V11+V15+V19+V23+V9+V12+V16+V20+V24 -> 0 | W35: - | X35: - | Y35: =Y8+Y11+Y15+Y19+Y23+Y9+Y12+Y16+Y20+Y24 -> 0 | Z35: - | AA35: - | AB35: =AB8+AB11+AB15+AB19+AB23+AB9+AB12+AB16+AB20+AB24 -> 0 | AC35: - | AD35: - | AE35: =AE8+AE11+AE15+AE19+AE23+AE9+AE12+AE16+AE20+AE24 -> 0
D36: СН1 | E36: - | F36: - | G36: =G10+G13+G17+G21+G25+G29+G34 -> 0 | H36: - | I36: - | J36: =J10+J13+J17+J21+J25+J29+J34 -> 0 | K36: - | L36: - | M36: =M10+M13+M17+M21+M25+M29+M34 -> 0 | N36: - | O36: - | P36: =P10+P13+P17+P21+P25+P29+P34 -> 0 | Q36: - | R36: - | S36: =S10+S13+S17+S21+S25+S29+S34 -> 0 | T36: - | U36: - | V36: =V10+V13+V17+V21+V25+V29+V34 -> 0 | W36: - | X36: - | Y36: =Y10+Y13+Y17+Y21+Y25+Y29+Y34 -> 0 | Z36: - | AA36: - | AB36: =AB10+AB13+AB17+AB21+AB25+AB29+AB34 -> 0 | AC36: - | AD36: - | AE36: =AE10+AE13+AE17+AE21+AE25+AE29+AE34 -> 0
D37: СН2 | E37: - | F37: - | G37: =SUM(G8:G34)-G35-G36 -> 537 | H37: - | I37: - | J37: =SUM(J8:J34)-J35-J36 -> 373.1 | K37: - | L37: - | M37: =SUM(M8:M34)-M35-M36 -> 533.3 | N37: - | O37: - | P37: =SUM(P8:P34)-P35-P36 -> 606.9 | Q37: - | R37: - | S37: =SUM(S8:S34)-S35-S36 -> 539.5 | T37: - | U37: - | V37: =SUM(V8:V34)-V35-V36 -> 539.5 | W37: - | X37: - | Y37: =SUM(Y8:Y34)-Y35-Y36 -> 539.5 | Z37: - | AA37: - | AB37: =SUM(AB8:AB34)-AB35-AB36 -> 542 | AC37: - | AD37: - | AE37: =SUM(AE8:AE34)-AE35-AE36 -> 542
A38: Примечания: | F38: =F31+F32+F33 -> 79 | L38: =L31+L32+L33 -> 80 | O38: =O31+O32+O33 -> 80 | R38: =R31+R32+R33 -> 80 | AE38: 4
A39: Условные единицы электрооборудования понизительных подстанций относятся на уровень высшего (первичного) напряжения подстанций
A40: Условные единицы по п 2 "Силовые трансформаторы 1-20 кВ" определяются только для трансформаторов, используемых для собственных нужд подстанций 35-1150 кВ. | I40: =I31+I32+I33 -> 79 | K40: =K31+K32+K33 -> 7.8 | M40: ='2.1'!J49+M37 -> 1007.2585 | O40: =O31+O32+O33 -> 80 | S40: =S37+'2.1'!P49 -> 1013.6582
A41: Значение условных единиц пп.4 и 6 "Масляные выключатели 1-20 кВ" и "Выключатели нагрузки 1-20 кВ" относятся к коммутационным аппаратам, установленным в распределительных устройствах 1-20 кВ подстанций 35-1150 кВ , ТП, КТП и РП 1-20 кВ , а так же к секционирующим коммутационным аппаратам на линиях 1-20 кВ
A42: Объем РП 1-20 кВ в условных единицах определяется по количеству установленных масляных выключателей (п.4) и выключателей нагрузки (п.6). При установке в РП трансформаторов 1-20/0,4 кВ дополнительные объемы обслуживания определяются по п.11 или 12.

Sheet 1.4
M1: 23688 | N1: 29.128
L2: =P17+Q17+P21+Q21-M13 -> 0 | N2: 6.474 | O2: 8454 | P2: 14200
B3: Баланс электрической энергии по сетям ВН, СН1, СН2 и НН | N3: 22.654 | Q3: Таблица № 1.4.
C4: =IF(C12+C13-C17-C19=0,"","Не сходится поступление и отпуск") | H4: =IF(H12+H13-H17-H19=0,"","Не сходится поступление и отпуск") | M4: =IF(M12+M13-M17-M19=0,"","Не сходится поступление и отпуск") | Q4: тыс.кВтч. | R4: =IF(ROUND(R12+R13-R17-R19,2)=0,"","Не сходится поступление и отпуск") | W4: =IF(ROUND(W12+W13-W17-W19,2)=0,"","Не сходится поступление и отпуск") | AB4: =IF(ROUND(AB12+AB13-AB17-AB19,2)=0,"","Не сходится поступление и отпуск")
A5: п.п. | B5: Показатели | C5: 2018 факт | H5: 2019 план | M5: 2019 факт | R5: 2020 план | W5: 2021план | AB5: 2022план
C6: Всего | D6: ВН | E6: СН1 | F6: СН2 | G6: НН | H6: Всего | I6: ВН | J6: СН1 | K6: СН2 | L6: НН | M6: Всего | N6: ВН | O6: СН1 | P6: СН2 | Q6: НН | R6: Всего | S6: ВН | T6: СН1 | U6: СН2 | V6: НН | W6: Всего | X6: ВН | Y6: СН1 | Z6: СН2 | AA6: НН | AB6: Всего | AC6: ВН | AD6: СН1 | AE6: СН2 | AF6: НН
A7: 1. | B7: Поступление эл.энергии в сеть , ВСЕГО | D7: =D19+D17+E9+F9+G9 -> 0 | E7: =E19+E17+F10+G10 -> 0 | F7: =F19+F17+G11 -> 28701 | G7: =G19+G17 -> 17803.029 | I7: =I19+I17+J9+K9+L9 -> 0 | J7: =J19+J17+K10+L10 -> 0 | K7: =K19+K17+L11 -> 27162 | L7: =L19+L17 -> 17718.318 | N7: =N19+N17+O9+P9+Q9 -> 0 | O7: =O19+O17+P10+Q10 -> 0 | P7: =P19+P17+Q11 -> 29128 | Q7: =Q19+Q17 -> 18195.911 | S7: =S19+S17+T9+U9+V9 -> 0.003563981 | T7: =T19+T17+U10+V10 -> 0.003563981 | U7: =U19+U17+V11 -> 28707.004 | V7: =V19+V17 -> 17809.477 | X7: =X19+X17+Y9+Z9+AA9 -> 0 | Y7: =Y19+Y17+Z10+AA10 -> 0 | Z7: =Z19+Z17+AA11 -> 29166 | AA7: =AA19+AA17 -> 18268.731 | AC7: =AC19+AC17+AD9+AE9+AF9 -> 0 | AD7: =AD19+AD17+AE10+AF10 -> 0 | AE7: =AE19+AE17+AF11 -> 28992 | AF7: =AF19+AF17 -> 18745.012
A8: 1.1. | B8: из собственной смежной сети, всего, в т.ч. из сети | D8: х | E8: =E7-E12-E13 -> 0 | F8: =F7-F12-F13 -> 0 | G8: =G7-G12-G13 -> 17803.029 | I8: х | J8: =J7-J12-J13 -> 0 | K8: =K7-K12-K13 -> 0 | L8: =L7-L12-L13 -> 17718.318 | N8: х | O8: =O7-O12-O13 -> 0 | P8: =P7-P12-P13 -> 0 | Q8: =Q7-Q12-Q13 -> 18195.911 | S8: х | T8: =T7-T12-T13 -> 0.003563981 | U8: =U7-U12-U13 -> 0.003563981 | V8: =V7-V12-V13 -> 17809.477 | X8: х | Y8: =Y7-Y12-Y13 -> 0 | Z8: =Z7-Z12-Z13 -> 0 | AA8: =AA7-AA12-AA13 -> 18268.731 | AC8: х | AD8: =AD7-AD12-AD13 -> 0 | AE8: =AE7-AE12-AE13 -> 0 | AF8: =AF7-AF12-AF13 -> 18745.012
B9: ВН | D9: х | E9: =E8 -> 0 | I9: х | J9: =J8 -> 0 | N9: х | O9: =O8 -> 0 | S9: х | T9: =T8 -> 0.003563981 | X9: х | Y9: =Y8 -> 0 | AC9: х | AD9: =AD8 -> 0
B10: СН1 | D10: х | E10: х | F10: =F8-F9 -> 0 | I10: х | J10: х | K10: =K8-K9 -> 0 | N10: х | O10: х | P10: =P8-P9 -> 0 | S10: х | T10: х | U10: =U8-U9 -> 0.003563981 | X10: х | Y10: х | Z10: =Z8-Z9 -> 0 | AC10: х | AD10: х | AE10: =AE8-AE9 -> 0
B11: СН2 | D11: х | E11: х | F11: х | G11: =G8-G9-G10 -> 17803.029 | I11: х | J11: х | K11: х | L11: =L8-L9-L10 -> 17718.318 | N11: х | O11: х | P11: х | Q11: =Q8-Q9-Q10 -> 18195.911 | S11: х | T11: х | U11: х | V11: =V8-V9-V10 -> 17809.477 | X11: х | Y11: х | Z11: х | AA11: =AA8-AA9-AA10 -> 18268.731 | AC11: х | AD11: х | AE11: х | AF11: =AF8-AF9-AF10 -> 18745.012
A12: 1.2. | B12: от электростанций | C12: =D12+E12+F12+G12 -> 0 | H12: =I12+J12+K12+L12 -> 0 | M12: =N12+O12+P12+Q12 -> 0 | R12: =S12+T12+U12+V12 -> 0 | W12: =X12+Y12+Z12+AA12 -> 0 | AB12: =AC12+AD12+AE12+AF12 -> 0
A13: 1.3. | B13: от сетевых организаций (указать): | C13: =D13+E13+F13+G13 -> 28701 | D13: =D14+D15+D16 -> 0 | E13: =E14+E15+E16 -> 0 | F13: =F14+F15+F16 -> 28701 | G13: =G14+G15+G16 -> 0 | H13: =I13+J13+K13+L13 -> 27162 | I13: =I14+I15+I16 -> 0 | J13: =J14+J15+J16 -> 0 | K13: =K14+K15+K16 -> 27162 | L13: =L14+L15+L16 -> 0 | M13: =N13+O13+P13+Q13 -> 29128 | N13: =N14+N15+N16 -> 0 | O13: =O14+O15+O16 -> 0 | P13: =P14+P15+P16 -> 29128 | Q13: =Q14+Q15+Q16 -> 0 | R13: =S13+T13+U13+V13 -> 28707 | S13: =S14+S15+S16 -> 0 | T13: =T14+T15+T16 -> 0 | U13: =U14+U15+U16 -> 28707 | V13: =V14+V15+V16 -> 0 | W13: =X13+Y13+Z13+AA13 -> 29166 | X13: =X14+X15+X16 -> 0 | Y13: =Y14+Y15+Y16 -> 0 | Z13: =Z14+Z15+Z16 -> 29166 | AA13: =AA14+AA15+AA16 -> 0 | AB13: =AC13+AD13+AE13+AF13 -> 28992 | AC13: =AC14+AC15+AC16 -> 0 | AD13: =AD14+AD15+AD16 -> 0 | AE13: =AE14+AE15+AE16 -> 28992 | AF13: =AF14+AF15+AF16 -> 0 | AM13: 8.442243 | AN13: 16.378525
A14: 1.3.1. | B14: ОАО "ФСК ЕЭС" | C14: =D14+E14+F14+G14 -> 0 | H14: =I14+J14+K14+L14 -> 0 | M14: =N14+O14+P14+Q14 -> 0 | R14: =S14+T14+U14+V14 -> 0 | W14: =X14+Y14+Z14+AA14 -> 0 | AB14: =AC14+AD14+AE14+AF14 -> 0
A15: 1.3.2. | B15: от филиала "Рязаньэнерго" ОАО "МРСК Центра и Приволжья" | C15: =D15+E15+F15+G15 -> 22928 | F15: 22928 | H15: =I15+J15+K15+L15 -> 22548 | K15: 22548 | M15: =N15+O15+P15+Q15 -> 23688 | P15: 23688 | R15: =S15+T15+U15+V15 -> 22933 | U15: =22.933*1000 -> 22933 | W15: =X15+Y15+Z15+AA15 -> 23721 | Z15: 23721 | AB15: =AC15+AD15+AE15+AF15 -> 23912.7 | AE15: ='Информация о согл. объемах'!E31*1000 -> 23912.7
A16: 1.3.3. | B16: от других сетевых организаций | C16: =D16+E16+F16+G16 -> 5773 | F16: 5773 | H16: =I16+J16+K16+L16 -> 4614 | K16: 4614 | M16: =N16+O16+P16+Q16 -> 5440 | P16: 5440 | R16: =S16+T16+U16+V16 -> 5774 | U16: 5774 | W16: =X16+Y16+Z16+AA16 -> 5445 | Z16: 5445 | AB16: =AC16+AD16+AE16+AF16 -> 5079.3 | AE16: =('Информация о согл. объемах'!G31++++++++++'Информация о согл. объемах'!I31+'Информация о согл. объемах'!K31+'Информация о согл. объемах'!M31)*1000 -> 5079.3 | AN16: ='Информация о согл. объемах'!E11*1000 -> 5696.8
A17: 2. | B17: Потери электроэнергии в сети | C17: =D17+E17+F17+G17 -> 6330.004 | F17: 2422.9705 | G17: 3907.0335 | H17: =I17+J17+K17+L17 -> 4555 | K17: 1583.682 | L17: 2971.318 | M17: =N17+O17+P17+Q17 -> 6474 | P17: 2478.0886 | Q17: 3995.9114 | R17: =S17+T17+U17+V17 -> 5640.0036 | U17: 2158.8552 | V17: 3481.1483 | W17: =X17+Y17+Z17+AA17 -> 5731 | Z17: 2141.2689 | AA17: 3589.7311 | AB17: =AC17+AD17+AE17+AF17 -> 5696.8 | AE17: =AM17*AN19 -> 2013.4879 | AF17: =AN17*AN19 -> 3683.3121 | AM17: 0.35344191 | AN17: 0.64655809
B18: то же в % (п.2/п.1) | C18: =IF(C7=0,"",C17/C7) | D18: =IF(D7=0,0,D17/D7) -> 0 | E18: =IF(E7=0,0,E17/E7) -> 0 | F18: =IF(F7=0,0,F17/F7) -> 0.084421118 | G18: =IF(G7=0,0,G17/G7) -> 0.21945891 | H18: =IF(H7=0,"",H17/H7) | I18: =IF(I7=0,0,I17/I7) -> 0 | J18: =IF(J7=0,0,J17/J7) -> 0 | K18: =IF(K7=0,0,K17/K7) -> 0.05830506 | L18: =IF(L7=0,0,L17/L7) -> 0.16769752 | M18: =IF(M7=0,"",M17/M7) | N18: =IF(N7=0,0,N17/N7) -> 0 | O18: =IF(O7=0,0,O17/O7) -> 0 | P18: =IF(P7=0,0,P17/P7) -> 0.085075825 | Q18: =IF(Q7=0,0,Q17/Q7) -> 0.2196049 | R18: =IF(R7=0,"",R17/R7) | S18: =IF(S7=0,0,S17/S7) -> 0 | T18: =IF(T7=0,0,T17/T7) -> 0 | U18: =IF(U7=0,0,U17/U7) -> 0.075203085 | V18: =IF(V7=0,0,V17/V7) -> 0.19546607 | W18: =IF(W7=0,"",W17/W7) | X18: =IF(X7=0,0,X17/X7) -> 0 | Y18: =IF(Y7=0,0,Y17/Y7) -> 0 | Z18: =IF(Z7=0,0,Z17/Z7) -> 0.073416611 | AA18: =IF(AA7=0,0,AA17/AA7) -> 0.19649592 | AB18: =IF(AB7=0,"",AB17/AB7) | AC18: =IF(AC7=0,0,AC17/AC7) -> 0 | AD18: =IF(AD7=0,0,AD17/AD7) -> 0 | AE18: =IF(AE7=0,0,AE17/AE7) -> 0.069449775 | AF18: =IF(AF7=0,0,AF17/AF7) -> 0.19649558
A19: 3. | B19: Полезный отпуск из сети | C19: =D19+E19+F19+G19 -> 22370.996 | D19: =D20+D24+D28+D29 -> 0 | E19: =E20+E24+E28+E29 -> 0 | F19: =F20+F24+F28+F29 -> 8475 | G19: =G20+G24+G28+G29 -> 13895.996 | H19: =I19+J19+K19+L19 -> 22607 | I19: =I20+I24+I28+I29 -> 0 | J19: =J20+J24+J28+J29 -> 0 | K19: =K20+K24+K28+K29 -> 7860 | L19: =L20+L24+L28+L29 -> 14747 | M19: =N19+O19+P19+Q19 -> 22654 | N19: =N20+N24+N28+N29 -> 0 | O19: =O20+O24+O28+O29 -> 0 | P19: =P20+P24+P28+P29 -> 8454 | Q19: =Q20+Q24+Q28+Q29 -> 14200 | R19: =S19+T19+U19+V19 -> 23067 | S19: =S20+S24+S28+S29 -> 0 | T19: =T20+T24+T28+T29 -> 0 | U19: =U20+U24+U28+U29 -> 8738.6717 | V19: =V20+V24+V28+V29 -> 14328.328 | W19: =X19+Y19+Z19+AA19 -> 23435 | X19: =X20+X24+X28+X29 -> 0 | Y19: =Y20+Y24+Y28+Y29 -> 0 | Z19: =Z20+Z24+Z28+Z29 -> 8756 | AA19: =AA20+AA24+AA28+AA29 -> 14679 | AB19: =AC19+AD19+AE19+AF19 -> 23295.2 | AC19: =AC20+AC24+AC28+AC29 -> 0 | AD19: =AD20+AD24+AD28+AD29 -> 0 | AE19: =AE20+AE24+AE28+AE29 -> 8233.5 | AF19: =AF20+AF24+AF28+AF29 -> 15061.7 | AN19: ='Информация о согл. объемах'!E11*1000 -> 5696.8
A20: 3.1. | B20: в т.ч. потребителям сбытовых компаний розничного рынка (указать по сбытовым компаниям): | C20: =D20+E20+F20+G20 -> 22370.996 | D20: =D21+D22+D23 -> 0 | E20: =E21+E22+E23 -> 0 | F20: =F21+F22+F23 -> 8475 | G20: =G21+G22+G23 -> 13895.996 | H20: =I20+J20+K20+L20 -> 22607 | I20: =I21+I22+I23 -> 0 | J20: =J21+J22+J23 -> 0 | K20: =K21+K22+K23 -> 7860 | L20: =L21+L22+L23 -> 14747 | M20: =N20+O20+P20+Q20 -> 22654 | N20: =N21+N22+N23 -> 0 | O20: =O21+O22+O23 -> 0 | P20: =P21+P22+P23 -> 8454 | Q20: =Q21+Q22+Q23 -> 14200 | R20: =S20+T20+U20+V20 -> 23067 | S20: =S21+S22+S23 -> 0 | T20: =T21+T22+T23 -> 0 | U20: =U21+U22+U23 -> 8738.6717 | V20: =V21+V22+V23 -> 14328.328 | W20: =X20+Y20+Z20+AA20 -> 23435 | X20: =X21+X22+X23 -> 0 | Y20: =Y21+Y22+Y23 -> 0 | Z20: =Z21+Z22+Z23 -> 8756 | AA20: =AA21+AA22+AA23 -> 14679 | AB20: =AC20+AD20+AE20+AF20 -> 23295.2 | AC20: =AC21+AC22+AC23 -> 0 | AD20: =AD21+AD22+AD23 -> 0 | AE20: =AE21+AE22+AE23 -> 8233.5 | AF20: =AF21+AF22+AF23 -> 15061.7 | AM20: =AE21/AB21 -> 0.35344191 | AN20: =AF21/AB21 -> 0.64655809 | AO20: =AM20+AN20 -> 1
A21: 3.1.1. | B21: ОАО "РЭСК" | C21: =D21+E21+F21+G21 -> 22370.996 | F21: 8475 | G21: 13895.996 | H21: =I21+J21+K21+L21 -> 22607 | K21: 7860 | L21: 14747 | M21: =N21+O21+P21+Q21 -> 22654 | P21: 8454 | Q21: 14200 | R21: =S21+T21+U21+V21 -> 23067 | U21: 8738.6717 | V21: 14328.328 | W21: =X21+Y21+Z21+AA21 -> 23435 | Z21: 8756 | AA21: 14679 | AB21: =AC21+AD21+AE21+AF21 -> 23295.2 | AE21: ='Информация о согл. объемах'!E73*1000 -> 8233.5 | AF21: ='Информация о согл. объемах'!E76*1000 -> 15061.7 | AK21: =AA21+Z21+Z17+AA17 -> 29166 | AL21: =Z21+AA21 -> 23435
A22: 3.1.2. | B22: ООО РГМЭК | C22: =D22+E22+F22+G22 -> 0 | H22: =I22+J22+K22+L22 -> 0 | M22: =N22+O22+P22+Q22 -> 0 | R22: =S22+T22+U22+V22 -> 0 | W22: =X22+Y22+Z22+AA22 -> 0 | AB22: =AC22+AD22+AE22+AF22 -> 0
A23: 3.1.3. | B23: ОАО "Оборонэнергосбыт" | C23: =D23+E23+F23+G23 -> 0 | H23: =I23+J23+K23+L23 -> 0 | M23: =N23+O23+P23+Q23 -> 0 | R23: =S23+T23+U23+V23 -> 0 | W23: =X23+Y23+Z23+AA23 -> 0 | AB23: =AC23+AD23+AE23+AF23 -> 0
A24: 3.2. | B24: потребителям оптового рынка (указать): | C24: =D24+E24+F24+G24 -> 0 | D24: =D25+D26+D27 -> 0 | E24: =E25+E26+E27 -> 0 | F24: =F25+F26+F27 -> 0 | G24: =G25+G26+G27 -> 0 | H24: =I24+J24+K24+L24 -> 0 | I24: =I25+I26+I27 -> 0 | J24: =J25+J26+J27 -> 0 | K24: =K25+K26+K27 -> 0 | L24: =L25+L26+L27 -> 0 | M24: =N24+O24+P24+Q24 -> 0 | N24: =N25+N26+N27 -> 0 | O24: =O25+O26+O27 -> 0 | P24: =P25+P26+P27 -> 0 | Q24: =Q25+Q26+Q27 -> 0 | R24: =S24+T24+U24+V24 -> 0 | S24: =S25+S26+S27 -> 0 | T24: =T25+T26+T27 -> 0 | U24: =U25+U26+U27 -> 0 | V24: =V25+V26+V27 -> 0 | W24: =X24+Y24+Z24+AA24 -> 0 | X24: =X25+X26+X27 -> 0 | Y24: =Y25+Y26+Y27 -> 0 | Z24: =Z25+Z26+Z27 -> 0 | AA24: =AA25+AA26+AA27 -> 0 | AB24: =AC24+AD24+AE24+AF24 -> 0 | AC24: =AC25+AC26+AC27 -> 0 | AD24: =AD25+AD26+AD27 -> 0 | AE24: =AE25+AE26+AE27 -> 0 | AF24: =AF25+AF26+AF27 -> 0
A25: 3.2.1. | C25: =D25+E25+F25+G25 -> 0 | H25: =I25+J25+K25+L25 -> 0 | M25: =N25+O25+P25+Q25 -> 0 | R25: =S25+T25+U25+V25 -> 0 | W25: =X25+Y25+Z25+AA25 -> 0 | AB25: =AC25+AD25+AE25+AF25 -> 0
A26: 3.2.2. | C26: =D26+E26+F26+G26 -> 0 | H26: =I26+J26+K26+L26 -> 0 | M26: =N26+O26+P26+Q26 -> 0 | R26: =S26+T26+U26+V26 -> 0 | W26: =X26+Y26+Z26+AA26 -> 0 | AB26: =AC26+AD26+AE26+AF26 -> 0
A27: 3.2.3. | C27: =D27+E27+F27+G27 -> 0 | H27: =I27+J27+K27+L27 -> 0 | M27: =N27+O27+P27+Q27 -> 0 | R27: =S27+T27+U27+V27 -> 0 | W27: =X27+Y27+Z27+AA27 -> 0 | AB27: =AC27+AD27+AE27+AF27 -> 0
A28: 3.3. | B28: расход электроэнергии на собственные производственные и хозяйственные нужды | C28: =D28+E28+F28+G28 -> 0 | H28: =I28+J28+K28+L28 -> 0 | M28: =N28+O28+P28+Q28 -> 0 | R28: =S28+T28+U28+V28 -> 0 | U28: 0 | W28: =X28+Y28+Z28+AA28 -> 0 | Z28: 0 | AB28: =AC28+AD28+AE28+AF28 -> 0 | AE28: 0
A29: 3.4. | B29: сальдо переток в другие сетевые организации (транзит, указать организации): | C29: =D29+E29+F29+G29 -> 0 | D29: =D30+D31+D32 -> 0 | E29: =E30+E31+E32 -> 0 | F29: =F30+F31+F32 -> 0 | G29: =G30+G31+G32 -> 0 | H29: =I29+J29+K29+L29 -> 0 | I29: =I30+I31+I32 -> 0 | J29: =J30+J31+J32 -> 0 | K29: =K30+K31+K32 -> 0 | L29: =L30+L31+L32 -> 0 | M29: =N29+O29+P29+Q29 -> 0 | N29: =N30+N31+N32 -> 0 | O29: =O30+O31+O32 -> 0 | P29: =P30+P31+P32 -> 0 | Q29: =Q30+Q31+Q32 -> 0 | R29: =S29+T29+U29+V29 -> 0 | S29: =S30+S31+S32 -> 0 | T29: =T30+T31+T32 -> 0 | U29: =U30+U31+U32 -> 0 | V29: =V30+V31+V32 -> 0 | W29: =X29+Y29+Z29+AA29 -> 0 | X29: =X30+X31+X32 -> 0 | Y29: =Y30+Y31+Y32 -> 0 | Z29: =Z30+Z31+Z32 -> 0 | AA29: =AA30+AA31+AA32 -> 0 | AB29: =AC29+AD29+AE29+AF29 -> 0 | AC29: =AC30+AC31+AC32 -> 0 | AD29: =AD30+AD31+AD32 -> 0 | AE29: =AE30+AE31+AE32 -> 0 | AF29: =AF30+AF31+AF32 -> 0
A30: 3.4.1. | C30: =D30+E30+F30+G30 -> 0 | H30: =I30+J30+K30+L30 -> 0 | M30: =N30+O30+P30+Q30 -> 0 | R30: =S30+T30+U30+V30 -> 0 | W30: =X30+Y30+Z30+AA30 -> 0 | AB30: =AC30+AD30+AE30+AF30 -> 0
A31: 3.4.2. | C31: =D31+E31+F31+G31 -> 0 | H31: =I31+J31+K31+L31 -> 0 | M31: =N31+O31+P31+Q31 -> 0 | R31: =S31+T31+U31+V31 -> 0 | W31: =X31+Y31+Z31+AA31 -> 0 | AB31: =AC31+AD31+AE31+AF31 -> 0
A32: 3.4.3. | C32: =D32+E32+F32+G32 -> 0 | H32: =I32+J32+K32+L32 -> 0 | M32: =N32+O32+P32+Q32 -> 0 | R32: =S32+T32+U32+V32 -> 0 | W32: =X32+Y32+Z32+AA32 -> 0 | AB32: =AC32+AD32+AE32+AF32 -> 0
A34: 4.1. | B34: Расчетное поступление в сеть для сторонних потребителей | C34: =SUM(D34:G34) -> 27059.468 | D34: =D35+D36 -> 0 | E34: =E35+E36 -> 0 | F34: =F35+F36 -> 9256.4389 | G34: =G35+G36 -> 17803.029 | H34: =SUM(I34:L34) -> 26064.97 | I34: =I35+I36 -> 0 | J34: =J35+J36 -> 0 | K34: =K35+K36 -> 8346.6521 | L34: =L35+L36 -> 17718.318 | M34: =SUM(N34:Q34) -> 27436.021 | N34: =N35+N36 -> 0 | O34: =O35+O36 -> 0 | P34: =P35+P36 -> 9240.11 | Q34: =Q35+Q36 -> 18195.911 | R34: =SUM(S34:V34) -> 27258.764 | S34: =S35+S36 -> 0 | T34: =T35+T36 -> 0 | U34: =U35+U36 -> 9449.2873 | V34: =V35+V36 -> 17809.477 | W34: =SUM(X34:AA34) -> 27718.501 | X34: =X35+X36 -> 0 | Y34: =Y35+Y36 -> 0 | Z34: =Z35+Z36 -> 9449.7701 | AA34: =AA35+AA36 -> 18268.731 | AB34: =SUM(AC34:AF34) -> 27593.003 | AC34: =AC35+AC36 -> 0 | AD34: =AD35+AD36 -> 0 | AE34: =AE35+AE36 -> 8847.991 | AF34: =AF35+AF36 -> 18745.012
A35: 4.2. | B35: Потери, отнесенные на сторонних потребителей | C35: =SUM(D35:G35) -> 4688.4724 | D35: =IF((D7-D17)=0,0,D17/(D7-D17)*D36) -> 0 | E35: =IF((E7-E17)=0,0,E17/(E7-E17)*E36) -> 0 | F35: =IF((F7-F17)=0,0,F17/(F7-F17)*F36) -> 781.43892 | G35: =IF((G7-G17)=0,0,G17/(G7-G17)*G36) -> 3907.0335 | H35: =SUM(I35:L35) -> 3457.97 | I35: =IF((I7-I17)=0,0,I17/(I7-I17)*I36) -> 0 | J35: =IF((J7-J17)=0,0,J17/(J7-J17)*J36) -> 0 | K35: =IF((K7-K17)=0,0,K17/(K7-K17)*K36) -> 486.65205 | L35: =IF((L7-L17)=0,0,L17/(L7-L17)*L36) -> 2971.318 | M35: =SUM(N35:Q35) -> 4782.0213 | N35: =IF((N7-N17)=0,0,N17/(N7-N17)*N36) -> 0 | O35: =IF((O7-O17)=0,0,O17/(O7-O17)*O36) -> 0 | P35: =IF((P7-P17)=0,0,P17/(P7-P17)*P36) -> 786.10998 | Q35: =IF((Q7-Q17)=0,0,Q17/(Q7-Q17)*Q36) -> 3995.9114 | R35: =SUM(S35:V35) -> 4191.7639 | S35: =IF((S7-S17)=0,0,S17/(S7-S17)*S36) -> 0 | T35: =IF((T7-T17)=0,0,T17/(T7-T17)*T36) -> 0 | U35: =IF((U7-U17)=0,0,U17/(U7-U17)*U36) -> 710.61555 | V35: =IF((V7-V17)=0,0,V17/(V7-V17)*V36) -> 3481.1483 | W35: =SUM(X35:AA35) -> 4283.5012 | X35: =IF((X7-X17)=0,0,X17/(X7-X17)*X36) -> 0 | Y35: =IF((Y7-Y17)=0,0,Y17/(Y7-Y17)*Y36) -> 0 | Z35: =IF((Z7-Z17)=0,0,Z17/(Z7-Z17)*Z36) -> 693.77009 | AA35: =IF((AA7-AA17)=0,0,AA17/(AA7-AA17)*AA36) -> 3589.7311 | AB35: =SUM(AC35:AF35) -> 4297.8031 | AC35: =IF((AC7-AC17)=0,0,AC17/(AC7-AC17)*AC36) -> 0 | AD35: =IF((AD7-AD17)=0,0,AD17/(AD7-AD17)*AD36) -> 0 | AE35: =IF((AE7-AE17)=0,0,AE17/(AE7-AE17)*AE36) -> 614.49098 | AF35: =IF((AF7-AF17)=0,0,AF17/(AF7-AF17)*AF36) -> 3683.3121
A36: 4.3. | B36: Суммарный полезный отпуск на сторону | C36: =SUM(D36:G36) -> 22370.996 | D36: =D29+D24+D20 -> 0 | E36: =E29+E24+E20 -> 0 | F36: =F29+F24+F20 -> 8475 | G36: =G29+G24+G20 -> 13895.996 | H36: =SUM(I36:L36) -> 22607 | I36: =I29+I24+I20 -> 0 | J36: =J29+J24+J20 -> 0 | K36: =K29+K24+K20 -> 7860 | L36: =L29+L24+L20 -> 14747 | M36: =SUM(N36:Q36) -> 22654 | N36: =N29+N24+N20 -> 0 | O36: =O29+O24+O20 -> 0 | P36: =P29+P24+P20 -> 8454 | Q36: =Q29+Q24+Q20 -> 14200 | R36: =SUM(S36:V36) -> 23067 | S36: =S29+S24+S20 -> 0 | T36: =T29+T24+T20 -> 0 | U36: =U29+U24+U20 -> 8738.6717 | V36: =V29+V24+V20 -> 14328.328 | W36: =SUM(X36:AA36) -> 23435 | X36: =X29+X24+X20 -> 0 | Y36: =Y29+Y24+Y20 -> 0 | Z36: =Z29+Z24+Z20 -> 8756 | AA36: =AA29+AA24+AA20 -> 14679 | AB36: =SUM(AC36:AF36) -> 23295.2 | AC36: =AC29+AC24+AC20 -> 0 | AD36: =AD29+AD24+AD20 -> 0 | AE36: =AE29+AE24+AE20 -> 8233.5 | AF36: =AF29+AF24+AF20 -> 15061.7
B39: Расшифровка п. 1.3.3.(Поступление от других сетевых организаций)
A40: № | B40: Наименование других сетевых организаций | C40: Всего | D40: ВН | E40: СН1 | F40: СН2 | G40: НН | H40: Всего | I40: ВН | J40: СН1 | K40: СН2 | L40: НН | M40: Всего | N40: ВН | O40: СН1 | P40: СН2 | Q40: НН | R40: Всего | S40: ВН | T40: СН1 | U40: СН2 | V40: НН | W40: Всего | X40: ВН | Y40: СН1 | Z40: СН2 | AA40: НН | AB40: Всего | AC40: ВН | AD40: СН1 | AE40: СН2 | AF40: НН
B41: Центральный филиал ООО "Газпром энерго" | C41: =SUM(D41:G41) -> 2122 | E41: 2122 | H41: =SUM(I41:L41) -> 2262 | J41: 2262 | M41: =SUM(N41:Q41) -> 2155.6 | O41: ='Информация о согл. объемах'!F31*1000 -> 2155.6 | R41: =SUM(S41:V41) -> 2123 | T41: 2123 | W41: =SUM(X41:AA41) -> 2157 | Y41: 2157 | AB41: =SUM(AC41:AF41) -> 2157.1 | AD41: ='Информация о согл. объемах'!G37*1000 -> 2157.1
B42: АО "РОЭК" Центральный исполнительный аппарат | C42: =SUM(D42:G42) -> 2637 | F42: 2637 | H42: =SUM(I42:L42) -> 1819 | K42: 1819 | M42: =SUM(N42:Q42) -> 2425.2 | P42: ='Информация о согл. объемах'!H36*1000 -> 2425.2 | R42: =SUM(S42:V42) -> 2637 | U42: 2637 | W42: =SUM(X42:AA42) -> 2834 | Z42: 2834 | AB42: =SUM(AC42:AF42) -> 2426.9 | AC42: ='Информация о согл. объемах'!I36*1000 -> 2426.9
B43: Московская дирек-ция по энергообес-печению Транс-энерго - филиал ОАО "РЖД" | H43: =SUM(I43:L43) -> 0 | M43: =SUM(N43:Q43) -> 208.9 | P43: ='Информация о согл. объемах'!J37*1000 -> 208.9 | R43: =SUM(S43:V43) -> 0 | W43: =SUM(X43:AA43) -> 198 | Z43: 198 | AB43: =SUM(AC43:AF43) -> 209 | AD43: ='Информация о согл. объемах'!K37*1000 -> 209
B44: Прочие | C44: =SUM(D44:G44) -> 1014 | F44: 1014 | H44: =SUM(I44:L44) -> 533 | K44: 533 | M44: =SUM(N44:Q44) -> 0 | P44: ='Информация о согл. объемах'!L37*1000 -> 0 | R44: =SUM(S44:V44) -> 1014 | U44: 1014 | W44: =SUM(X44:AA44) -> 256 | Z44: 256 | AB44: =SUM(AC44:AF44) -> 286.3 | AE44: ='Информация о согл. объемах'!M41*1000 -> 286.3
B45: Итого | C45: =SUM(C41:C44) -> 5773 | D45: =SUM(D41:D44) -> 0 | E45: =SUM(E41:E44) -> 2122 | F45: =SUM(F41:F44) -> 3651 | G45: =SUM(G41:G44) -> 0 | H45: =SUM(H41:H44) -> 4614 | I45: =SUM(I41:I44) -> 0 | J45: =SUM(J41:J44) -> 2262 | ... AF45: =SUM(AF41:AF44) -> 0
V48: 5
B49: Расшифровка п.3. 4. (Полезный отпуск - переток в другие сетевые организации)
A50: № | B50: Наименование других сетевых организаций | C50: Всего | D50: ВН | E50: СН1 | F50: СН2 | G50: НН | H50: Всего | I50: ВН | J50: СН1 | K50: СН2 | L50: НН | M50: Всего | N50: ВН | O50: СН1 | P50: СН2 | Q50: НН | R50: Всего | S50: ВН | T50: СН1 | U50: СН2 | V50: НН | W50: Всего | X50: ВН | Y50: СН1 | Z50: СН2 | AA50: НН | AB50: Всего | AC50: ВН | AD50: СН1 | AE50: СН2 | AF50: НН
C51: =SUM(D51:G51) -> 0 | H51: =SUM(I51:L51) -> 0 | M51: =SUM(N51:Q51) -> 0 | R51: =SUM(S51:V51) -> 0 | W51: =SUM(X51:AA51) -> 0 | AB51: =SUM(AC51:AF51) -> 0
C52: =SUM(D52:G52) -> 0 | H52: =SUM(I52:L52) -> 0 | M52: =SUM(N52:Q52) -> 0 | R52: =SUM(S52:V52) -> 0 | W52: =SUM(X52:AA52) -> 0 | AB52: =SUM(AC52:AF52) -> 0
C53: =SUM(D53:G53) -> 0 | H53: =SUM(I53:L53) -> 0 | M53: =SUM(N53:Q53) -> 0 | R53: =SUM(S53:V53) -> 0 | W53: =SUM(X53:AA53) -> 0 | AB53: =SUM(AC53:AF53) -> 0
B55: Итого | C55: =SUM(C51:C53) -> 0 | D55: =SUM(D51:D53) -> 0 | E55: =SUM(E51:E53) -> 0 | F55: =SUM(F51:F53) -> 0 | G55: =SUM(G51:G53) -> 0 | H55: =SUM(H51:H53) -> 0 | I55: =SUM(I51:I53) -> 0 | J55: =SUM(J51:J53) -> 0 | ... AF55: =SUM(AF51:AF53) -> 0
B58: Расшифровка п. 3.1 (Полезный отпуск потребителям, присоединенным к сети)
A59: № | B59: Наименование сбытовых организаций | C59: Всего | D59: ВН | E59: СН1 | F59: СН2 | G59: НН | H59: Всего | I59: ВН | J59: СН1 | K59: СН2 | L59: НН | M59: Всего | N59: ВН | O59: СН1 | P59: СН2 | Q59: НН | R59: Всего | S59: ВН | T59: СН1 | U59: СН2 | V59: НН | W59: Всего | X59: ВН | Y59: СН1 | Z59: СН2 | AA59: НН | AB59: Всего | AC59: ВН | AD59: СН1 | AE59: СН2 | AF59: НН
A60: 1. | B60: ОАО "РЭСК" всего, в том числе: | C60: =D60+E60+F60+G60 -> 21575.742 | D60: =D61+D62 -> 0 | E60: =E61+E62 -> 0 | F60: =F61+F62 -> 7930.8302 | G60: =G61+G62 -> 13644.912 | H60: =I60+J60+K60+L60 -> 16255.541 | I60: =I61+I62 -> 0 | J60: =J61+J62 -> 0 | K60: =K61+K62 -> 2466.406 | L60: =L61+L62 -> 13789.135 | M60: =N60+O60+P60+Q60 -> 22654 | N60: =N61+N62 -> 0 | O60: =O61+O62 -> 0 | P60: =P61+P62 -> 8454.479 | Q60: =Q61+Q62 -> 14199.521 | R60: =S60+T60+U60+V60 -> 22247.449 | S60: =S61+S62 -> 0 | T60: =T61+T62 -> 0 | U60: =U61+U62 -> 8177.7368 | V60: =V61+V62 -> 14069.712 | W60: =X60+Y60+Z60+AA60 -> 23435 | X60: =X61+X62 -> 0 | Y60: =Y61+Y62 -> 0 | Z60: =Z61+Z62 -> 8745.9484 | AA60: =AA61+AA62 -> 14689.052 | AB60: =AC60+AD60+AE60+AF60 -> 23295.2 | AC60: =AC61+AC62 -> 0 | AD60: =AD61+AD62 -> 0 | AE60: =AE61+AE62 -> 8243.2761 | AF60: =AF61+AF62 -> 15051.924
A61: 1.1. | B61: прочие потребители | C61: =D61+E61+F61+G61 -> 10371.44 | F61: 7930.8302 | G61: 2440.6094 | H61: =I61+J61+K61+L61 -> 4932.812 | K61: 2466.406 | L61: 2466.406 | M61: =N61+O61+P61+Q61 -> 11323.364 | P61: 8454.479 | Q61: 2868.8853 | R61: =S61+T61+U61+V61 -> 10694.328 | U61: 8177.7368 | V61: 2516.5916 | W61: =X61+Y61+Z61+AA61 -> 11713.739 | Z61: 8745.9484 | AA61: 2967.7905 | AB61: =AC61+AD61+AE61+AF61 -> 10911.75 | AE61: 8243.2761 | AF61: 2668.4738
A62: 1.2. | B62: население | C62: =D62+E62+F62+G62 -> 11204.302 | G62: 11204.302 | H62: =I62+J62+K62+L62 -> 11322.729 | L62: 11322.729 | M62: =N62+O62+P62+Q62 -> 11330.636 | Q62: 11330.636 | R62: =S62+T62+U62+V62 -> 11553.12 | V62: 11553.12 | W62: =X62+Y62+Z62+AA62 -> 11721.261 | AA62: 11721.261 | AB62: =AC62+AD62+AE62+AF62 -> 12383.45 | AF62: 12383.45
A63: 2. | B63: ООО "РГМЭК" всего, в том числе: | C63: =D63+E63+F63+G63 -> 0 | D63: =D64+D65 -> 0 | E63: =E64+E65 -> 0 | F63: =F64+F65 -> 0 | G63: =G64+G65 -> 0 | H63: =I63+J63+K63+L63 -> 0 | I63: =I64+I65 -> 0 | J63: =J64+J65 -> 0 | K63: =K64+K65 -> 0 | L63: =L64+L65 -> 0 | M63: =N63+O63+P63+Q63 -> 0 | N63: =N64+N65 -> 0 | O63: =O64+O65 -> 0 | P63: =P64+P65 -> 0 | Q63: =Q64+Q65 -> 0 | R63: =S63+T63+U63+V63 -> 0 | S63: =S64+S65 -> 0 | T63: =T64+T65 -> 0 | U63: =U64+U65 -> 0 | V63: =V64+V65 -> 0 | W63: =X63+Y63+Z63+AA63 -> 0 | X63: =X64+X65 -> 0 | Y63: =Y64+Y65 -> 0 | Z63: =Z64+Z65 -> 0 | AA63: =AA64+AA65 -> 0 | AB63: =AC63+AD63+AE63+AF63 -> 0 | AC63: =AC64+AC65 -> 0 | AD63: =AD64+AD65 -> 0 | AE63: =AE64+AE65 -> 0 | AF63: =AF64+AF65 -> 0
A64: 2.1. | B64: прочие потребители | C64: =D64+E64+F64+G64 -> 0 | H64: =I64+J64+K64+L64 -> 0 | M64: =N64+O64+P64+Q64 -> 0 | R64: =S64+T64+U64+V64 -> 0 | W64: =X64+Y64+Z64+AA64 -> 0 | AB64: =AC64+AD64+AE64+AF64 -> 0
A65: 2.2. | B65: население | C65: =D65+E65+F65+G65 -> 0 | H65: =I65+J65+K65+L65 -> 0 | M65: =N65+O65+P65+Q65 -> 0 | R65: =S65+T65+U65+V65 -> 0 | W65: =X65+Y65+Z65+AA65 -> 0 | AB65: =AC65+AD65+AE65+AF65 -> 0
A66: 3. | B66: ОАО "Оборонэнергосбыт" | C66: =D66+E66+F66+G66 -> 0 | D66: =D67+D68 -> 0 | E66: =E67+E68 -> 0 | F66: =F67+F68 -> 0 | G66: =G67+G68 -> 0 | H66: =I66+J66+K66+L66 -> 0 | I66: =I67+I68 -> 0 | J66: =J67+J68 -> 0 | K66: =K67+K68 -> 0 | L66: =L67+L68 -> 0 | M66: =N66+O66+P66+Q66 -> 0 | N66: =N67+N68 -> 0 | O66: =O67+O68 -> 0 | P66: =P67+P68 -> 0 | Q66: =Q67+Q68 -> 0 | R66: =S66+T66+U66+V66 -> 0 | S66: =S67+S68 -> 0 | T66: =T67+T68 -> 0 | U66: =U67+U68 -> 0 | V66: =V67+V68 -> 0 | W66: =X66+Y66+Z66+AA66 -> 0 | X66: =X67+X68 -> 0 | Y66: =Y67+Y68 -> 0 | Z66: =Z67+Z68 -> 0 | AA66: =AA67+AA68 -> 0 | AB66: =AC66+AD66+AE66+AF66 -> 0 | AC66: =AC67+AC68 -> 0 | AD66: =AD67+AD68 -> 0 | AE66: =AE67+AE68 -> 0 | AF66: =AF67+AF68 -> 0
A67: 3.1. | B67: прочие потребители | C67: =D67+E67+F67+G67 -> 0 | H67: =I67+J67+K67+L67 -> 0 | M67: =N67+O67+P67+Q67 -> 0 | R67: =S67+T67+U67+V67 -> 0 | W67: =X67+Y67+Z67+AA67 -> 0 | AB67: =AC67+AD67+AE67+AF67 -> 0
A68: 3.2. | B68: население | C68: =D68+E68+F68+G68 -> 0 | H68: =I68+J68+K68+L68 -> 0 | M68: =N68+O68+P68+Q68 -> 0 | R68: =S68+T68+U68+V68 -> 0 | W68: =X68+Y68+Z68+AA68 -> 0 | AB68: =AC68+AD68+AE68+AF68 -> 0
A69: 4. | B69: ПРОЧИЕ | C69: =D69+E69+F69+G69 -> 794.807 | D69: =D70+D71 -> 0 | E69: =E70+E71 -> 0 | F69: =F70+F71 -> 544.459 | G69: =G70+G71 -> 250.348 | H69: =I69+J69+K69+L69 -> 0 | I69: =I70+I71 -> 0 | J69: =J70+J71 -> 0 | K69: =K70+K71 -> 0 | L69: =L70+L71 -> 0 | M69: =N69+O69+P69+Q69 -> 0 | N69: =N70+N71 -> 0 | O69: =O70+O71 -> 0 | P69: =P70+P71 -> 0 | Q69: =Q70+Q71 -> 0 | R69: =S69+T69+U69+V69 -> 0 | S69: =S70+S71 -> 0 | T69: =T70+T71 -> 0 | U69: =U70+U71 -> 0 | V69: =V70+V71 -> 0 | W69: =X69+Y69+Z69+AA69 -> 0 | X69: =X70+X71 -> 0 | Y69: =Y70+Y71 -> 0 | Z69: =Z70+Z71 -> 0 | AA69: =AA70+AA71 -> 0 | AB69: =AC69+AD69+AE69+AF69 -> 0 | AC69: =AC70+AC71 -> 0 | AD69: =AD70+AD71 -> 0 | AE69: =AE70+AE71 -> 0 | AF69: =AF70+AF71 -> 0
A70: 4.1. | B70: прочие потребители | C70: =D70+E70+F70+G70 -> 794.807 | F70: 544.459 | G70: 250.348 | H70: =I70+J70+K70+L70 -> 0 | M70: =N70+O70+P70+Q70 -> 0 | R70: =S70+T70+U70+V70 -> 0 | W70: =X70+Y70+Z70+AA70 -> 0 | AB70: =AC70+AD70+AE70+AF70 -> 0
A71: 4.2. | B71: население | C71: =D71+E71+F71+G71 -> 0 | H71: =I71+J71+K71+L71 -> 0 | M71: =N71+O71+P71+Q71 -> 0 | R71: =S71+T71+U71+V71 -> 0 | W71: =X71+Y71+Z71+AA71 -> 0 | AB71: =AC71+AD71+AE71+AF71 -> 0
B73: Итого всего, в том числе: | C73: =D73+E73+F73+G73 -> 22370.549 | D73: =D74+D75 -> 0 | E73: =E74+E75 -> 0 | F73: =F74+F75 -> 8475.2892 | G73: =G74+G75 -> 13895.26 | H73: =I73+J73+K73+L73 -> 16255.541 | I73: =I74+I75 -> 0 | J73: =J74+J75 -> 0 | K73: =K74+K75 -> 2466.406 | L73: =L74+L75 -> 13789.135 | M73: =N73+O73+P73+Q73 -> 22654 | N73: =N74+N75 -> 0 | O73: =O74+O75 -> 0 | P73: =P74+P75 -> 8454.479 | Q73: =Q74+Q75 -> 14199.521 | R73: =S73+T73+U73+V73 -> 22247.449 | S73: =S74+S75 -> 0 | T73: =T74+T75 -> 0 | U73: =U74+U75 -> 8177.7368 | V73: =V74+V75 -> 14069.712 | W73: =X73+Y73+Z73+AA73 -> 23435 | X73: =X74+X75 -> 0 | Y73: =Y74+Y75 -> 0 | Z73: =Z74+Z75 -> 8745.9484 | AA73: =AA74+AA75 -> 14689.052 | AB73: =AC73+AD73+AE73+AF73 -> 23295.2 | AC73: =AC74+AC75 -> 0 | AD73: =AD74+AD75 -> 0 | AE73: =AE74+AE75 -> 8243.2761 | AF73: =AF74+AF75 -> 15051.924
B74: прочие потребители | C74: =D74+E74+F74+G74 -> 11166.247 | D74: =D61+D64+D67+D70 -> 0 | E74: =E61+E64+E67+E70 -> 0 | F74: =F61+F64+F67+F70 -> 8475.2892 | G74: =G61+G64+G67+G70 -> 2690.9574 | H74: =I74+J74+K74+L74 -> 4932.812 | I74: =I61+I64+I67+I70 -> 0 | J74: =J61+J64+J67+J70 -> 0 | K74: =K61+K64+K67+K70 -> 2466.406 | L74: =L61+L64+L67+L70 -> 2466.406 | M74: =N74+O74+P74+Q74 -> 11323.364 | N74: =N61+N64+N67+N70 -> 0 | O74: =O61+O64+O67+O70 -> 0 | P74: =P61+P64+P67+P70 -> 8454.479 | Q74: =Q61+Q64+Q67+Q70 -> 2868.8853 | R74: =S74+T74+U74+V74 -> 10694.328 | S74: =S61+S64+S67+S70 -> 0 | T74: =T61+T64+T67+T70 -> 0 | U74: =U61+U64+U67+U70 -> 8177.7368 | V74: =V61+V64+V67+V70 -> 2516.5916 | W74: =X74+Y74+Z74+AA74 -> 11713.739 | X74: =X61+X64+X67+X70 -> 0 | Y74: =Y61+Y64+Y67+Y70 -> 0 | Z74: =Z61+Z64+Z67+Z70 -> 8745.9484 | AA74: =AA61+AA64+AA67+AA70 -> 2967.7905 | AB74: =AC74+AD74+AE74+AF74 -> 10911.75 | AC74: =AC61+AC64+AC67+AC70 -> 0 | AD74: =AD61+AD64+AD67+AD70 -> 0 | AE74: =AE61+AE64+AE67+AE70 -> 8243.2761 | AF74: =AF61+AF64+AF67+AF70 -> 2668.4738
B75: население | C75: =D75+E75+F75+G75 -> 11204.302 | D75: =D62+D65+D68+D71 -> 0 | E75: =E62+E65+E68+E71 -> 0 | F75: =F62+F65+F68+F71 -> 0 | G75: =G62+G65+G68+G71 -> 11204.302 | H75: =I75+J75+K75+L75 -> 11322.729 | I75: =I62+I65+I68+I71 -> 0 | J75: =J62+J65+J68+J71 -> 0 | K75: =K62+K65+K68+K71 -> 0 | L75: =L62+L65+L68+L71 -> 11322.729 | M75: =N75+O75+P75+Q75 -> 11330.636 | N75: =N62+N65+N68+N71 -> 0 | O75: =O62+O65+O68+O71 -> 0 | P75: =P62+P65+P68+P71 -> 0 | Q75: =Q62+Q65+Q68+Q71 -> 11330.636 | R75: =S75+T75+U75+V75 -> 11553.12 | S75: =S62+S65+S68+S71 -> 0 | T75: =T62+T65+T68+T71 -> 0 | U75: =U62+U65+U68+U71 -> 0 | V75: =V62+V65+V68+V71 -> 11553.12 | W75: =X75+Y75+Z75+AA75 -> 11721.261 | X75: =X62+X65+X68+X71 -> 0 | Y75: =Y62+Y65+Y68+Y71 -> 0 | Z75: =Z62+Z65+Z68+Z71 -> 0 | AA75: =AA62+AA65+AA68+AA71 -> 11721.261 | AB75: =AC75+AD75+AE75+AF75 -> 12383.45 | AC75: =AC62+AC65+AC68+AC71 -> 0 | AD75: =AD62+AD65+AD68+AD71 -> 0 | AE75: =AE62+AE65+AE68+AE71 -> 0 | AF75: =AF62+AF65+AF68+AF71 -> 12383.45
V107: 6 | AA107: 6 | AF107: 6

Sheet 1.5
B3: Баланс электрической мощности по ВН, СН1, СН2 и НН | AB3: Таблица № 1.5.
C4: =IF(ROUND(C12+C13-C17-C19,2)=0,"","Не сходится поступление и отпуск") | H4: =IF(H12+H13-H17-H19=0,"","Не сходится поступление и отпуск") | M4: =IF(M12+M13-M17-M19=0,"","Не сходится поступление и отпуск") | R4: =IF(ROUND(R12+R13-R17-R19,2)=0,"","Не сходится поступление и отпуск") | W4: =IF(ROUND(W12+W13-W17-W19,2)=0,"","Не сходится поступление и отпуск") | AB4: тыс.кВт
A5: п.п. | B5: Показатели | C5: 2018 факт | H5: 2019 план | M5: 2019 план | R5: 2020 план | W5: 2021 план | AB5: 2021 план
C6: Всего | D6: ВН | E6: СН1 | F6: СН2 | G6: НН | H6: Всего | I6: ВН | J6: СН1 | K6: СН2 | L6: НН | M6: Всего | N6: ВН | O6: СН1 | P6: СН2 | Q6: НН | R6: Всего | S6: ВН | T6: СН1 | U6: СН2 | V6: НН | W6: Всего | X6: ВН | Y6: СН1 | Z6: СН2 | AA6: НН | AB6: Всего | AC6: ВН | AD6: СН1 | AE6: СН2 | AF6: НН
A7: 1. | B7: Поступление мощности в сеть , ВСЕГО | D7: =D19+D17+E9+F9+G9 -> 0 | E7: =E19+E17+F10+G10 -> 0 | F7: =F19+F17+G11 -> 5.2193126 | G7: =G19+G17 -> 3.2375031 | I7: =I19+I17+J9+K9+L9 -> 0 | J7: =J19+J17+K10+L10 -> 0 | K7: =K19+K17+L11 -> 4.9385455 | L7: =L19+L17 -> 3.2215124 | N7: =N19+N17+O9+P9+Q9 -> 0 | O7: =O19+O17+P10+Q10 -> 0 | P7: =P19+P17+Q11 -> 5.296 | Q7: =Q19+Q17 -> 3.3083475 | S7: =S19+S17+T9+U9+V9 -> 6.4799655e-07 | T7: =T19+T17+U10+V10 -> 6.4799655e-07 | U7: =U19+U17+V11 -> 5.2194552 | V7: =V19+V17 -> 3.2380867 | X7: =X19+X17+Y9+Z9+AA9 -> 0 | Y7: =Y19+Y17+Z10+AA10 -> 0 | Z7: =Z19+Z17+AA11 -> 5.3029091 | AA7: =AA19+AA17 -> 3.3215875 | AC7: =AC19+AC17+AD9+AE9+AF9 -> 0 | AD7: =AD19+AD17+AE10+AF10 -> 0 | AE7: =AE19+AE17+AF11 -> 5.2712727 | AF7: =AF19+AF17 -> 3.408184
A8: 1.1. | B8: из собственной смежной сети, всего, в т.ч. из сети | D8: х | E8: =E7-E12-E13 -> 0 | F8: =F7-F12-F13 -> 0 | G8: =G7-G12-G13 -> 3.2375031 | I8: х | J8: =J7-J12-J13 -> 0 | K8: =K7-K12-K13 -> 0 | L8: =L7-L12-L13 -> 3.2215124 | N8: х | O8: =O7-O12-O13 -> 0 | P8: =P7-P12-P13 -> 0 | Q8: =Q7-Q12-Q13 -> 3.3083475 | S8: х | T8: =T7-T12-T13 -> 6.4799655e-07 | U8: =U7-U12-U13 -> 6.4799655e-07 | V8: =V7-V12-V13 -> 3.2380867 | X8: х | Y8: =Y7-Y12-Y13 -> 0 | Z8: =Z7-Z12-Z13 -> 0 | AA8: =AA7-AA12-AA13 -> 3.3215875 | AC8: х | AD8: =AD7-AD12-AD13 -> 0 | AE8: =AE7-AE12-AE13 -> 0 | AF8: =AF7-AF12-AF13 -> 3.408184
B9: ВН | D9: х | E9: =E8 -> 0 | I9: х | J9: =J8 -> 0 | N9: х | O9: =O8 -> 0 | S9: х | T9: =T8 -> 6.4799655e-07 | X9: х | Y9: =Y8 -> 0 | AC9: х | AD9: =AD8 -> 0
B10: СН1 | D10: х | E10: х | F10: =F8-F9 -> 0 | I10: х | J10: х | K10: =K8-K9 -> 0 | N10: х | O10: х | P10: =P8-P9 -> 0 | S10: х | T10: х | U10: =U8-U9 -> 6.4799655e-07 | X10: х | Y10: х | Z10: =Z8-Z9 -> 0 | AC10: х | AD10: х | AE10: =AE8-AE9 -> 0
B11: СН2 | D11: х | E11: х | F11: х | G11: =G8-G9-G10 -> 3.2375031 | I11: х | J11: х | K11: х | L11: =L8-L9-L10 -> 3.2215124 | N11: х | O11: х | P11: х | Q11: =Q8-Q9-Q10 -> 3.3083475 | S11: х | T11: х | U11: х | V11: =V8-V9-V10 -> 3.2380867 | X11: х | Y11: х | Z11: х | AA11: =AA8-AA9-AA10 -> 3.3215875 | AC11: х | AD11: х | AE11: х | AF11: =AF8-AF9-AF10 -> 3.408184
A12: 1.2. | B12: от электростанций | C12: =D12+E12+F12+G12 -> 0 | H12: =I12+J12+K12+L12 -> 0 | M12: =N12+O12+P12+Q12 -> 0 | R12: =S12+T12+U12+V12 -> 0 | W12: =X12+Y12+Z12+AA12 -> 0 | AB12: =AC12+AD12+AE12+AF12 -> 0
A13: 1.3. | B13: от сетевых организаций (указать): | C13: =D13+E13+F13+G13 -> 5.2193126 | D13: =D14+D15+D16 -> 0 | E13: =E14+E15+E16 -> 0 | F13: =F14+F15+F16 -> 5.2193126 | G13: =G14+G15+G16 -> 0 | H13: =I13+J13+K13+L13 -> 4.9385455 | I13: =I14+I15+I16 -> 0 | J13: =J14+J15+J16 -> 0 | K13: =K14+K15+K16 -> 4.9385455 | L13: =L14+L15+L16 -> 0 | M13: =N13+O13+P13+Q13 -> 5.296 | N13: =N14+N15+N16 -> 0 | O13: =O14+O15+O16 -> 0 | P13: =P14+P15+P16 -> 5.296 | Q13: =Q14+Q15+Q16 -> 0 | R13: =S13+T13+U13+V13 -> 5.2194545 | S13: =S14+S15+S16 -> 0 | T13: =T14+T15+T16 -> 0 | U13: =U14+U15+U16 -> 5.2194545 | V13: =V14+V15+V16 -> 0 | W13: =X13+Y13+Z13+AA13 -> 5.3029091 | X13: =X14+X15+X16 -> 0 | Y13: =Y14+Y15+Y16 -> 0 | Z13: =Z14+Z15+Z16 -> 5.3029091 | AA13: =AA14+AA15+AA16 -> 0 | AB13: =AC13+AD13+AE13+AF13 -> 5.2712727 | AC13: =AC14+AC15+AC16 -> 0 | AD13: =AD14+AD15+AD16 -> 0 | AE13: =AE14+AE15+AE16 -> 5.2712727 | AF13: =AF14+AF15+AF16 -> 0
A14: 1.3.1. | B14: ОАО "ФСК ЕЭС" | C14: =D14+E14+F14+G14 -> 0 | H14: =I14+J14+K14+L14 -> 0 | M14: =N14+O14+P14+Q14 -> 0 | R14: =S14+T14+U14+V14 -> 0 | W14: =X14+Y14+Z14+AA14 -> 0 | AB14: =AC14+AD14+AE14+AF14 -> 0
A15: 1.3.2. | B15: от филиала "Рязаньэнерго" ОАО "МРСК Центра и Приволжья" | C15: =D15+E15+F15+G15 -> 4.1694854 | F15: 4.1694854 | H15: =I15+J15+K15+L15 -> 4.0996364 | K15: 4.0996364 | M15: =N15+O15+P15+Q15 -> 4.3069091 | P15: ='1.4'!P15/5500 -> 4.3069091 | R15: =S15+T15+U15+V15 -> 4.1696364 | U15: ='1.4'!U15/5500 -> 4.1696364 | W15: =X15+Y15+Z15+AA15 -> 4.3129091 | Z15: ='1.4'!Z15/5500 -> 4.3129091 | AB15: =AC15+AD15+AE15+AF15 -> 4.3477636 | AE15: ='1.4'!AE15/5500 -> 4.3477636
A16: 1.3.3. | B16: от других сетевых организаций | C16: =D16+E16+F16+G16 -> 1.0498272 | F16: 1.0498272 | H16: =I16+J16+K16+L16 -> 0.83890909 | K16: 0.83890909 | M16: =N16+O16+P16+Q16 -> 0.98909091 | P16: ='1.4'!P16/5500 -> 0.98909091 | R16: =S16+T16+U16+V16 -> 1.0498182 | U16: ='1.4'!U16/5500 -> 1.0498182 | W16: =X16+Y16+Z16+AA16 -> 0.99 | Z16: ='1.4'!Z16/5500 -> 0.99 | AB16: =AC16+AD16+AE16+AF16 -> 0.92350909 | AE16: ='1.4'!AE16/5500 -> 0.92350909
A17: 2. | B17: Потери в сети | C17: =D17+E17+F17+G17 -> 1.1511191 | F17: 0.4406202 | G17: 0.71049891 | H17: =I17+J17+K17+L17 -> 0.82818182 | K17: 0.28794219 | L17: 0.54023963 | M17: =N17+O17+P17+Q17 -> 1.1770909 | P17: ='1.4'!P17/5500 -> 0.45056157 | Q17: ='1.4'!Q17/5500 -> 0.72652934 | R17: =S17+T17+U17+V17 -> 1.0254552 | U17: ='1.4'!U17/5500 -> 0.39251913 | V17: ='1.4'!V17/5500 -> 0.63293606 | W17: =X17+Y17+Z17+AA17 -> 1.042 | Z17: ='1.4'!Z17/5500 -> 0.38932161 | AA17: ='1.4'!AA17/5500 -> 0.65267839 | AB17: =AC17+AD17+AE17+AF17 -> 1.0357818 | AE17: ='1.4'!AE17/5500 -> 0.3660887 | AF17: ='1.4'!AF17/5500 -> 0.66969311
B18: то же в % (п.2/п.1) | C18: =IF(C7=0,"",C17/C7) | D18: =IF(D7=0,0,D17/D7) -> 0 | E18: =IF(E7=0,0,E17/E7) -> 0 | F18: =IF(F7=0,0,F17/F7) -> 0.084421118 | G18: =IF(G7=0,0,G17/G7) -> 0.21945891 | H18: =IF(H7=0,"",H17/H7) | I18: =IF(I7=0,0,I17/I7) -> 0 | J18: =IF(J7=0,0,J17/J7) -> 0 | K18: =IF(K7=0,0,K17/K7) -> 0.05830506 | L18: =IF(L7=0,0,L17/L7) -> 0.16769752 | M18: =IF(M7=0,"",M17/M7) | N18: =IF(N7=0,0,N17/N7) -> 0 | O18: =IF(O7=0,0,O17/O7) -> 0 | P18: =IF(P7=0,0,P17/P7) -> 0.085075825 | Q18: =IF(Q7=0,0,Q17/Q7) -> 0.2196049 | R18: =IF(R7=0,"",R17/R7) | S18: =IF(S7=0,0,S17/S7) -> 0 | T18: =IF(T7=0,0,T17/T7) -> 0 | U18: =IF(U7=0,0,U17/U7) -> 0.075203085 | V18: =IF(V7=0,0,V17/V7) -> 0.19546607 | W18: =IF(W7=0,"",W17/W7) | X18: =IF(X7=0,0,X17/X7) -> 0 | Y18: =IF(Y7=0,0,Y17/Y7) -> 0 | Z18: =IF(Z7=0,0,Z17/Z7) -> 0.073416611 | AA18: =IF(AA7=0,0,AA17/AA7) -> 0.19649592 | AB18: =IF(AB7=0,"",AB17/AB7) | AC18: =IF(AC7=0,0,AC17/AC7) -> 0 | AD18: =IF(AD7=0,0,AD17/AD7) -> 0 | AE18: =IF(AE7=0,0,AE17/AE7) -> 0.069449775 | AF18: =IF(AF7=0,0,AF17/AF7) -> 0.19649558
A19: 3. | B19: Полезный отпуск мощности из сети | C19: =D19+E19+F19+G19 -> 4.0681935 | D19: =D20+D24+D28+D29 -> 0 | E19: =E20+E24+E28+E29 -> 0 | F19: =F20+F24+F28+F29 -> 1.5411893 | G19: =G20+G24+G28+G29 -> 2.5270042 | H19: =I19+J19+K19+L19 -> 4.1103636 | I19: =I20+I24+I28+I29 -> 0 | J19: =J20+J24+J28+J29 -> 0 | K19: =K20+K24+K28+K29 -> 1.4290909 | L19: =L20+L24+L28+L29 -> 2.6812727 | M19: =N19+O19+P19+Q19 -> 4.1189091 | N19: =N20+N24+N28+N29 -> 0 | O19: =O20+O24+O28+O29 -> 0 | P19: =P20+P24+P28+P29 -> 1.5370909 | Q19: =Q20+Q24+Q28+Q29 -> 2.5818182 | R19: =S19+T19+U19+V19 -> 4.194 | S19: =S20+S24+S28+S29 -> 0 | T19: =T20+T24+T28+T29 -> 0 | U19: =U20+U24+U28+U29 -> 1.5888494 | V19: =V20+V24+V28+V29 -> 2.6051506 | W19: =X19+Y19+Z19+AA19 -> 4.2609091 | X19: =X20+X24+X28+X29 -> 0 | Y19: =Y20+Y24+Y28+Y29 -> 0 | Z19: =Z20+Z24+Z28+Z29 -> 1.592 | AA19: =AA20+AA24+AA28+AA29 -> 2.6689091 | AB19: =AC19+AD19+AE19+AF19 -> 4.2354909 | AC19: =AC20+AC24+AC28+AC29 -> 0 | AD19: =AD20+AD24+AD28+AD29 -> 0 | AE19: =AE20+AE24+AE28+AE29 -> 1.497 | AF19: =AF20+AF24+AF28+AF29 -> 2.7384909
A20: 3.1. | B20: в т.ч. заявленная (расчетная) мощность потребителей сбытовых компаний розничного рынка (указать по сбытовым компаниям): | C20: =D20+E20+F20+G20 -> 4.0681935 | D20: =D21+D22+D23 -> 0 | E20: =E21+E22+E23 -> 0 | F20: =F21+F22+F23 -> 1.5411893 | G20: =G21+G22+G23 -> 2.5270042 | H20: =I20+J20+K20+L20 -> 4.1103636 | I20: =I21+I22+I23 -> 0 | J20: =J21+J22+J23 -> 0 | K20: =K21+K22+K23 -> 1.4290909 | L20: =L21+L22+L23 -> 2.6812727 | M20: =N20+O20+P20+Q20 -> 4.1189091 | N20: =N21+N22+N23 -> 0 | O20: =O21+O22+O23 -> 0 | P20: =P21+P22+P23 -> 1.5370909 | Q20: =Q21+Q22+Q23 -> 2.5818182 | R20: =S20+T20+U20+V20 -> 4.194 | S20: =S21+S22+S23 -> 0 | T20: =T21+T22+T23 -> 0 | U20: =U21+U22+U23 -> 1.5888494 | V20: =V21+V22+V23 -> 2.6051506 | W20: =X20+Y20+Z20+AA20 -> 4.2609091 | X20: =X21+X22+X23 -> 0 | Y20: =Y21+Y22+Y23 -> 0 | Z20: =Z21+Z22+Z23 -> 1.592 | AA20: =AA21+AA22+AA23 -> 2.6689091 | AB20: =AC20+AD20+AE20+AF20 -> 4.2354909 | AC20: =AC21+AC22+AC23 -> 0 | AD20: =AD21+AD22+AD23 -> 0 | AE20: =AE21+AE22+AE23 -> 1.497 | AF20: =AF21+AF22+AF23 -> 2.7384909
A21: 3.1.1. | B21: ОАО "РЭСК" | C21: =D21+E21+F21+G21 -> 4.0681935 | F21: 1.5411893 | G21: 2.5270042 | H21: =I21+J21+K21+L21 -> 4.1103636 | K21: 1.4290909 | L21: 2.6812727 | M21: =N21+O21+P21+Q21 -> 4.1189091 | P21: ='1.4'!P21/5500 -> 1.5370909 | Q21: ='1.4'!Q21/5500 -> 2.5818182 | R21: =S21+T21+U21+V21 -> 4.194 | U21: ='1.4'!U21/5500 -> 1.5888494 | V21: ='1.4'!V21/5500 -> 2.6051506 | W21: =X21+Y21+Z21+AA21 -> 4.2609091 | Z21: ='1.4'!Z21/5500 -> 1.592 | AA21: ='1.4'!AA21/5500 -> 2.6689091 | AB21: =AC21+AD21+AE21+AF21 -> 4.2354909 | AE21: ='1.4'!AE21/5500 -> 1.497 | AF21: ='1.4'!AF21/5500 -> 2.7384909
A22: 3.1.2. | B22: ООО РГМЭК | C22: =D22+E22+F22+G22 -> 0 | H22: =I22+J22+K22+L22 -> 0 | M22: =N22+O22+P22+Q22 -> 0 | R22: =S22+T22+U22+V22 -> 0 | W22: =X22+Y22+Z22+AA22 -> 0 | AB22: =AC22+AD22+AE22+AF22 -> 0
A23: 3.1.3. | C23: =D23+E23+F23+G23 -> 0 | H23: =I23+J23+K23+L23 -> 0 | M23: =N23+O23+P23+Q23 -> 0 | R23: =S23+T23+U23+V23 -> 0 | W23: =X23+Y23+Z23+AA23 -> 0 | AB23: =AC23+AD23+AE23+AF23 -> 0
A24: 3.2. | B24: заявленная (расчетная) мощность потребителей оптового рынка (указать): | C24: =D24+E24+F24+G24 -> 0 | D24: =D25+D26+D27 -> 0 | E24: =E25+E26+E27 -> 0 | F24: =F25+F26+F27 -> 0 | G24: =G25+G26+G27 -> 0 | H24: =I24+J24+K24+L24 -> 0 | I24: =I25+I26+I27 -> 0 | J24: =J25+J26+J27 -> 0 | K24: =K25+K26+K27 -> 0 | L24: =L25+L26+L27 -> 0 | M24: =N24+O24+P24+Q24 -> 0 | N24: =N25+N26+N27 -> 0 | O24: =O25+O26+O27 -> 0 | P24: =P25+P26+P27 -> 0 | Q24: =Q25+Q26+Q27 -> 0 | R24: =S24+T24+U24+V24 -> 0 | S24: =S25+S26+S27 -> 0 | T24: =T25+T26+T27 -> 0 | U24: =U25+U26+U27 -> 0 | V24: =V25+V26+V27 -> 0 | W24: =X24+Y24+Z24+AA24 -> 0 | X24: =X25+X26+X27 -> 0 | Y24: =Y25+Y26+Y27 -> 0 | Z24: =Z25+Z26+Z27 -> 0 | AA24: =AA25+AA26+AA27 -> 0 | AB24: =AC24+AD24+AE24+AF24 -> 0 | AC24: =AC25+AC26+AC27 -> 0 | AD24: =AD25+AD26+AD27 -> 0 | AE24: =AE25+AE26+AE27 -> 0 | AF24: =AF25+AF26+AF27 -> 0
A25: 3.2.1. | C25: =D25+E25+F25+G25 -> 0 | H25: =I25+J25+K25+L25 -> 0 | M25: =N25+O25+P25+Q25 -> 0 | R25: =S25+T25+U25+V25 -> 0 | W25: =X25+Y25+Z25+AA25 -> 0 | AB25: =AC25+AD25+AE25+AF25 -> 0
A26: 3.2.2. | C26: =D26+E26+F26+G26 -> 0 | H26: =I26+J26+K26+L26 -> 0 | M26: =N26+O26+P26+Q26 -> 0 | R26: =S26+T26+U26+V26 -> 0 | W26: =X26+Y26+Z26+AA26 -> 0 | AB26: =AC26+AD26+AE26+AF26 -> 0
A27: 3.2.3. | C27: =D27+E27+F27+G27 -> 0 | H27: =I27+J27+K27+L27 -> 0 | M27: =N27+O27+P27+Q27 -> 0 | R27: =S27+T27+U27+V27 -> 0 | W27: =X27+Y27+Z27+AA27 -> 0 | AB27: =AC27+AD27+AE27+AF27 -> 0
A28: 3.3. | B28: мощность на собственные производственные и хозяйственные нужды | C28: =D28+E28+F28+G28 -> 0 | H28: =I28+J28+K28+L28 -> 0 | M28: =N28+O28+P28+Q28 -> 0 | R28: =S28+T28+U28+V28 -> 0 | W28: =X28+Y28+Z28+AA28 -> 0 | AB28: =AC28+AD28+AE28+AF28 -> 0
A29: 3.4. | B29: в другие сетевые организации (транзит, указать организации): | C29: =D29+E29+F29+G29 -> 0 | D29: =D30+D31+D32 -> 0 | E29: =E30+E31+E32 -> 0 | F29: =F30+F31+F32 -> 0 | G29: =G30+G31+G32 -> 0 | H29: =I29+J29+K29+L29 -> 0 | I29: =I30+I31+I32 -> 0 | J29: =J30+J31+J32 -> 0 | K29: =K30+K31+K32 -> 0 | L29: =L30+L31+L32 -> 0 | M29: =N29+O29+P29+Q29 -> 0 | N29: =N30+N31+N32 -> 0 | O29: =O30+O31+O32 -> 0 | P29: =P30+P31+P32 -> 0 | Q29: =Q30+Q31+Q32 -> 0 | R29: =S29+T29+U29+V29 -> 0 | S29: =S30+S31+S32 -> 0 | T29: =T30+T31+T32 -> 0 | U29: =U30+U31+U32 -> 0 | V29: =V30+V31+V32 -> 0 | W29: =X29+Y29+Z29+AA29 -> 0 | X29: =X30+X31+X32 -> 0 | Y29: =Y30+Y31+Y32 -> 0 | Z29: =Z30+Z31+Z32 -> 0 | AA29: =AA30+AA31+AA32 -> 0 | AB29: =AC29+AD29+AE29+AF29 -> 0 | AC29: =AC30+AC31+AC32 -> 0 | AD29: =AD30+AD31+AD32 -> 0 | AE29: =AE30+AE31+AE32 -> 0 | AF29: =AF30+AF31+AF32 -> 0
A30: 3.4.1. | C30: =D30+E30+F30+G30 -> 0 | H30: =I30+J30+K30+L30 -> 0 | M30: =N30+O30+P30+Q30 -> 0 | R30: =S30+T30+U30+V30 -> 0 | W30: =X30+Y30+Z30+AA30 -> 0 | AB30: =AC30+AD30+AE30+AF30 -> 0
A31: 3.4.2. | C31: =D31+E31+F31+G31 -> 0 | H31: =I31+J31+K31+L31 -> 0 | M31: =N31+O31+P31+Q31 -> 0 | R31: =S31+T31+U31+V31 -> 0 | W31: =X31+Y31+Z31+AA31 -> 0 | AB31: =AC31+AD31+AE31+AF31 -> 0
A32: 3.4.3. | C32: =D32+E32+F32+G32 -> 0 | H32: =I32+J32+K32+L32 -> 0 | M32: =N32+O32+P32+Q32 -> 0 | R32: =S32+T32+U32+V32 -> 0 | W32: =X32+Y32+Z32+AA32 -> 0 | AB32: =AC32+AD32+AE32+AF32 -> 0
A34: 4.1. | B34: Расчетное поступление мощности для сторонних потребителей | C34: =SUM(D34:G34) -> 4.920798 | D34: =D35+D36 -> 0 | E34: =E35+E36 -> 0 | F34: =F35+F36 -> 1.6832949 | G34: =G35+G36 -> 3.2375031 | H34: =SUM(I34:L34) -> 4.7390855 | I34: =I35+I36 -> 0 | J34: =J35+J36 -> 0 | K34: =K35+K36 -> 1.5175731 | L34: =L35+L36 -> 3.2215124 | M34: =SUM(N34:Q34) -> 4.9883675 | N34: =N35+N36 -> 0 | O34: =O35+O36 -> 0 | P34: =P35+P36 -> 1.68002 | Q34: =Q35+Q36 -> 3.3083475 | R34: =SUM(S34:V34) -> 4.9561389 | S34: =S35+S36 -> 0 | T34: =T35+T36 -> 0 | U34: =U35+U36 -> 1.7180522 | V34: =V35+V36 -> 3.2380867 | W34: =SUM(X34:AA34) -> 5.0397275 | X34: =X35+X36 -> 0 | Y34: =Y35+Y36 -> 0 | Z34: =Z35+Z36 -> 1.71814 | AA34: =AA35+AA36 -> 3.3215875 | AB34: =SUM(AC34:AF34) -> 5.0169097 | AC34: =AC35+AC36 -> 0 | AD34: =AD35+AD36 -> 0 | AE34: =AE35+AE36 -> 1.6087256 | AF34: =AF35+AF36 -> 3.408184
A35: 4.2. | B35: Потери, отнесенные на сторонних потребителей | C35: =SUM(D35:G35) -> 0.85260455 | D35: =IF((D7-D17)=0,0,D17/(D7-D17)*D36) -> 0 | E35: =IF((E7-E17)=0,0,E17/(E7-E17)*E36) -> 0 | F35: =IF((F7-F17)=0,0,F17/(F7-F17)*F36) -> 0.14210564 | G35: =IF((G7-G17)=0,0,G17/(G7-G17)*G36) -> 0.71049891 | H35: =SUM(I35:L35) -> 0.62872182 | I35: =IF((I7-I17)=0,0,I17/(I7-I17)*I36) -> 0 | J35: =IF((J7-J17)=0,0,J17/(J7-J17)*J36) -> 0 | K35: =IF((K7-K17)=0,0,K17/(K7-K17)*K36) -> 0.088482191 | L35: =IF((L7-L17)=0,0,L17/(L7-L17)*L36) -> 0.54023963 | M35: =SUM(N35:Q35) -> 0.86945843 | N35: =IF((N7-N17)=0,0,N17/(N7-N17)*N36) -> 0 | O35: =IF((O7-O17)=0,0,O17/(O7-O17)*O36) -> 0 | P35: =IF((P7-P17)=0,0,P17/(P7-P17)*P36) -> 0.14292909 | Q35: =IF((Q7-Q17)=0,0,Q17/(Q7-Q17)*Q36) -> 0.72652934 | R35: =SUM(S35:V35) -> 0.76213889 | S35: =IF((S7-S17)=0,0,S17/(S7-S17)*S36) -> 0 | T35: =IF((T7-T17)=0,0,T17/(T7-T17)*T36) -> 0 | U35: =IF((U7-U17)=0,0,U17/(U7-U17)*U36) -> 0.12920283 | V35: =IF((V7-V17)=0,0,V17/(V7-V17)*V36) -> 0.63293606 | W35: =SUM(X35:AA35) -> 0.7788184 | X35: =IF((X7-X17)=0,0,X17/(X7-X17)*X36) -> 0 | Y35: =IF((Y7-Y17)=0,0,Y17/(Y7-Y17)*Y36) -> 0 | Z35: =IF((Z7-Z17)=0,0,Z17/(Z7-Z17)*Z36) -> 0.12614002 | AA35: =IF((AA7-AA17)=0,0,AA17/(AA7-AA17)*AA36) -> 0.65267839 | AB35: =SUM(AC35:AF35) -> 0.78141875 | AC35: =IF((AC7-AC17)=0,0,AC17/(AC7-AC17)*AC36) -> 0 | AD35: =IF((AD7-AD17)=0,0,AD17/(AD7-AD17)*AD36) -> 0 | AE35: =IF((AE7-AE17)=0,0,AE17/(AE7-AE17)*AE36) -> 0.11172563 | AF35: =IF((AF7-AF17)=0,0,AF17/(AF7-AF17)*AF36) -> 0.66969311
A36: 4.3. | B36: Суммарная мощность на сторону | C36: =SUM(D36:G36) -> 4.0681935 | D36: =D29+D24+D20 -> 0 | E36: =E29+E24+E20 -> 0 | F36: =F29+F24+F20 -> 1.5411893 | G36: =G29+G24+G20 -> 2.5270042 | H36: =SUM(I36:L36) -> 4.1103636 | I36: =I29+I24+I20 -> 0 | J36: =J29+J24+J20 -> 0 | K36: =K29+K24+K20 -> 1.4290909 | L36: =L29+L24+L20 -> 2.6812727 | M36: =SUM(N36:Q36) -> 4.1189091 | N36: =N29+N24+N20 -> 0 | O36: =O29+O24+O20 -> 0 | P36: =P29+P24+P20 -> 1.5370909 | Q36: =Q29+Q24+Q20 -> 2.5818182 | R36: =SUM(S36:V36) -> 4.194 | S36: =S29+S24+S20 -> 0 | T36: =T29+T24+T20 -> 0 | U36: =U29+U24+U20 -> 1.5888494 | V36: =V29+V24+V20 -> 2.6051506 | W36: =SUM(X36:AA36) -> 4.2609091 | X36: =X29+X24+X20 -> 0 | Y36: =Y29+Y24+Y20 -> 0 | Z36: =Z29+Z24+Z20 -> 1.592 | AA36: =AA29+AA24+AA20 -> 2.6689091 | AB36: =SUM(AC36:AF36) -> 4.2354909 | AC36: =AC29+AC24+AC20 -> 0 | AD36: =AD29+AD24+AD20 -> 0 | AE36: =AE29+AE24+AE20 -> 1.497 | AF36: =AF29+AF24+AF20 -> 2.7384909
B40: Расшифровка п. 1.3.3 (Поступление от других сетевых организаций)
A41: № | B41: Наименование других сетевых организаций | C41: Всего | D41: ВН | E41: СН1 | F41: СН2 | G41: НН | H41: Всего | I41: ВН | J41: СН1 | K41: СН2 | L41: НН | M41: Всего | N41: ВН | O41: СН1 | P41: СН2 | Q41: НН | R41: Всего | S41: ВН | T41: СН1 | U41: СН2 | V41: НН | W41: Всего | X41: ВН | Y41: СН1 | Z41: СН2 | AA41: НН | AB41: Всего | AC41: ВН | AD41: СН1 | AE41: СН2 | AF41: НН
B42: ='1.4'!B41 -> Центральный филиал ООО "Газпром энерго" | C42: 0.292 | E42: ='1.4'!E41/5499 -> 0.38588834 | H42: 0.4 | J42: ='1.4'!J41/5499 -> 0.41134752 | M42: 0.4 | O42: ='1.4'!O41/5499 -> 0.39199855 | R42: 0.4 | T42: ='1.4'!T41/5499 -> 0.38607019 | W42: 0.4 | Y42: ='1.4'!Y41/5500 -> 0.39218182 | AB42: 0.4 | AD42: ='1.4'!AD41/5500 -> 0.3922
B43: ='1.4'!B42 -> АО "РОЭК" Центральный исполнительный аппарат | C43: 1.386 | F43: ='1.4'!F42/5499 -> 0.47954173 | H43: 1 | K43: ='1.4'!K42/5499 -> 0.33078742 | M43: 1 | P43: ='1.4'!P42/5499 -> 0.44102564 | R43: 1 | U43: ='1.4'!U42/5499 -> 0.47954173 | W43: 1 | Z43: ='1.4'!Z42/5500 -> 0.51527273 | AB43: 1 | AC43: ='1.4'!AC42/5500 -> 0.44125455
B44: ='1.4'!B43 -> Московская дирек-ция по энергообес-печению Транс-энерго - филиал ОАО "РЖД" | C44: 0.455 | F44: ='1.4'!F44/5499 -> 0.18439716 | H44: 0.4 | K44: ='1.4'!K44/5499 -> 0.096926714 | M44: 0.4 | P44: ='1.4'!P44/5499 -> 0 | R44: 0.45 | U44: ='1.4'!U44/5499 -> 0.18439716 | W44: 0.45 | Z44: ='1.4'!Z44/5500 -> 0.046545455 | AB44: 0.45 | AD44: ='1.4'!AD43/5500 -> 0.038
B45: ='1.4'!B44 -> Прочие | C45: 0.634 | H45: 0.7 | M45: 0.7 | R45: 0.6 | W45: 0.6 | AB45: 0.6 | AE45: ='1.4'!AE44/5500 -> 0.052054545
B46: ='1.4'!B45 -> Итого | C46: 0.14 | H46: 0.1 | M46: 0.1 | R46: 0.2 | W46: 0.2 | AB46: 0.2 | AC46: ='1.4'!AC45/5500 -> 0.44125455 | AD46: ='1.4'!AD45/5500 -> 0.4302 | AE46: ='1.4'!AE45/5500 -> 0.052054545
C47: 1 | H47: 1.39 | M47: 1.39 | R47: 1.38 | W47: 1.38
C48: 4.192 | H48: 3.4 | M48: 3.4 | R48: 3.1 | W48: 3.1
B49: Итого | C49: =SUM(C42:C48) -> 8.099 | D49: =SUM(D42:D44) -> 0 | E49: =SUM(E42:E44) -> 0.38588834 | F49: =SUM(F42:F44) -> 0.6639389 | G49: =SUM(G42:G44) -> 0 | H49: =SUM(H42:H48) -> 7.39 | I49: =SUM(I42:I44) -> 0 | J49: =SUM(J42:J44) -> 0.41134752 | K49: =SUM(K42:K44) -> 0.42771413 | L49: =SUM(L42:L44) -> 0 | M49: =SUM(M42:M48) -> 7.39 | N49: =SUM(N42:N44) -> 0 | O49: =SUM(O42:O44) -> 0.39199855 | P49: =SUM(P42:P44) -> 0.44102564 | Q49: =SUM(Q42:Q44) -> 0 | R49: =SUM(R42:R48) -> 7.13 | S49: =SUM(S42:S44) -> 0 | T49: =SUM(T42:T44) -> 0.38607019 | U49: =SUM(U42:U44) -> 0.6639389 | V49: =SUM(V42:V44) -> 0 | W49: =SUM(W42:W48) -> 7.13 | X49: =SUM(X42:X44) -> 0 | Y49: =SUM(Y42:Y44) -> 0.39218182 | Z49: =SUM(Z42:Z44) -> 0.56181818 | AA49: =SUM(AA42:AA44) -> 0 | AC49: =SUM(AC42:AC44) -> 0.44125455 | AD49: =SUM(AD42:AD44) -> 0.4302 | AE49: =SUM(AE42:AE44) -> 0 | AF49: =SUM(AF42:AF44) -> 0
B51: Расшифровка п. 3.4. (Полезный отпуск - переток в другие сетевые организации)
A52: № | B52: Наименование других сетевых организаций | C52: Всего | D52: ВН | E52: СН1 | F52: СН2 | G52: НН | H52: Всего | I52: ВН | J52: СН1 | K52: СН2 | L52: НН | M52: Всего | N52: ВН | O52: СН1 | P52: СН2 | Q52: НН | R52: Всего | S52: ВН | T52: СН1 | U52: СН2 | V52: НН | W52: Всего | X52: ВН | Y52: СН1 | Z52: СН2 | AA52: НН | AB52: Всего | AC52: ВН | AD52: СН1 | AE52: СН2 | AF52: НН
C53: =SUM(D53:G53) -> 0 | H53: =SUM(I53:L53) -> 0 | M53: =SUM(N53:Q53) -> 0 | R53: =SUM(S53:V53) -> 0 | W53: =SUM(X53:AA53) -> 0 | AB53: =SUM(AC53:AF53) -> 0
C54: =SUM(D54:G54) -> 0 | H54: =SUM(I54:L54) -> 0 | M54: =SUM(N54:Q54) -> 0 | R54: =SUM(S54:V54) -> 0 | W54: =SUM(X54:AA54) -> 0 | AB54: =SUM(AC54:AF54) -> 0
C55: =SUM(D55:G55) -> 0 | H55: =SUM(I55:L55) -> 0 | M55: =SUM(N55:Q55) -> 0 | R55: =SUM(S55:V55) -> 0 | W55: =SUM(X55:AA55) -> 0 | AB55: =SUM(AC55:AF55) -> 0
B57: Итого | C57: =SUM(C53:C55) -> 0 | D57: =SUM(D53:D55) -> 0 | E57: =SUM(E53:E55) -> 0 | F57: =SUM(F53:F55) -> 0 | G57: =SUM(G53:G55) -> 0 | H57: =SUM(H53:H55) -> 0 | I57: =SUM(I53:I55) -> 0 | J57: =SUM(J53:J55) -> 0 | ... AF57: =SUM(AF53:AF55) -> 0
A58: Расшифровка п. 3.1 (Полезный отпуск потребителям, присоединенным к сети)
A60: № | B60: Наименование сбытовых организаций | C60: Всего | D60: ВН | E60: СН1 | F60: СН2 | G60: НН | H60: Всего | I60: ВН | J60: СН1 | K60: СН2 | L60: НН | M60: Всего | N60: ВН | O60: СН1 | P60: СН2 | Q60: НН | R60: Всего | S60: ВН | T60: СН1 | U60: СН2 | V60: НН | W60: Всего | X60: ВН | Y60: СН1 | Z60: СН2 | AA60: НН | AB60: Всего | AC60: ВН | AD60: СН1 | AE60: СН2 | AF60: НН
A61: 1. | B61: ОАО "РЭСК"всего, в том числе: | C61: =D61+E61+F61+G61 -> 3.9235755 | D61: =D62+D63 -> 0 | E61: =E62+E63 -> 0 | F61: =F62+F63 -> 1.4422314 | G61: =G62+G63 -> 2.4813442 | H61: =I61+J61+K61+L61 -> 2.9560904 | I61: =I62+I63 -> 0 | J61: =J62+J63 -> 0 | K61: =K62+K63 -> 0.44851901 | L61: =L62+L63 -> 2.5075714 | M61: =N61+O61+P61+Q61 -> 4.1196581 | N61: =N62+N63 -> 0 | O61: =O62+O63 -> 0 | P61: =P62+P63 -> 1.5374575 | Q61: =Q62+Q63 -> 2.5822006 | R61: =S61+T61+U61+V61 -> 4.0457263 | S61: =S62+S63 -> 0 | T61: =T62+T63 -> 0 | U61: =U62+U63 -> 1.4871316 | V61: =V62+V63 -> 2.5585946 | W61: =X61+Y61+Z61+AA61 -> 4.2609091 | X61: =X62+X63 -> 0 | Y61: =Y62+Y63 -> 0 | Z61: =Z62+Z63 -> 1.5901724 | AA61: =AA62+AA63 -> 2.6707366 | AB61: =AC61+AD61+AE61+AF61 -> 4.2354909 | AC61: =AC62+AC63 -> 0 | AD61: =AD62+AD63 -> 0 | AE61: =AE62+AE63 -> 1.4987775 | AF61: =AF62+AF63 -> 2.7367134
A62: 1.1. | B62: прочие потребители | C62: =D62+E62+F62+G62 -> 1.8860592 | F62: ='1.4'!F61/5499 -> 1.4422314 | G62: ='1.4'!G61/5499 -> 0.44382785 | H62: =I62+J62+K62+L62 -> 0.89703801 | K62: ='1.4'!K61/5499 -> 0.44851901 | L62: ='1.4'!L61/5499 -> 0.44851901 | M62: =N62+O62+P62+Q62 -> 2.0591679 | P62: ='1.4'!P61/5499 -> 1.5374575 | Q62: ='1.4'!Q61/5499 -> 0.52171036 | R62: =S62+T62+U62+V62 -> 1.944777 | U62: ='1.4'!U61/5499 -> 1.4871316 | V62: ='1.4'!V61/5499 -> 0.45764533 | W62: =X62+Y62+Z62+AA62 -> 2.1297707 | Z62: ='1.4'!Z61/5500 -> 1.5901724 | AA62: ='1.4'!AA61/5500 -> 0.53959827 | AB62: =AC62+AD62+AE62+AF62 -> 1.9839545 | AE62: ='1.4'!AE61/5500 -> 1.4987775 | AF62: ='1.4'!AF61/5500 -> 0.48517705
A63: 1.2. | B63: население | C63: =D63+E63+F63+G63 -> 2.0375163 | G63: ='1.4'!G62/5499 -> 2.0375163 | H63: =I63+J63+K63+L63 -> 2.0590524 | L63: ='1.4'!L62/5499 -> 2.0590524 | M63: =N63+O63+P63+Q63 -> 2.0604902 | Q63: ='1.4'!Q62/5499 -> 2.0604902 | R63: =S63+T63+U63+V63 -> 2.1009493 | V63: ='1.4'!V62/5499 -> 2.1009493 | W63: =X63+Y63+Z63+AA63 -> 2.1311384 | AA63: ='1.4'!AA62/5500 -> 2.1311384 | AB63: =AC63+AD63+AE63+AF63 -> 2.2515364 | AF63: ='1.4'!AF62/5500 -> 2.2515364
A64: 2. | B64: ООО "РГМЭК"всего, в том числе: | C64: =D64+E64+F64+G64 -> 0 | D64: =D65+D66 -> 0 | E64: =E65+E66 -> 0 | F64: =F65+F66 -> 0 | G64: =G65+G66 -> 0 | H64: =I64+J64+K64+L64 -> 0 | I64: =I65+I66 -> 0 | J64: =J65+J66 -> 0 | K64: =K65+K66 -> 0 | L64: =L65+L66 -> 0 | M64: =N64+O64+P64+Q64 -> 0 | N64: =N65+N66 -> 0 | O64: =O65+O66 -> 0 | P64: =P65+P66 -> 0 | Q64: =Q65+Q66 -> 0 | R64: =S64+T64+U64+V64 -> 0 | S64: =S65+S66 -> 0 | T64: =T65+T66 -> 0 | U64: =U65+U66 -> 0 | V64: =V65+V66 -> 0 | W64: =X64+Y64+Z64+AA64 -> 0 | X64: =X65+X66 -> 0 | Y64: =Y65+Y66 -> 0 | Z64: =Z65+Z66 -> 0 | AA64: =AA65+AA66 -> 0 | AB64: =AC64+AD64+AE64+AF64 -> 0 | AC64: =AC65+AC66 -> 0 | AD64: =AD65+AD66 -> 0 | AE64: =AE65+AE66 -> 0 | AF64: =AF65+AF66 -> 0
A65: 2.1. | B65: прочие потребители | C65: =D65+E65+F65+G65 -> 0 | H65: =I65+J65+K65+L65 -> 0 | M65: =N65+O65+P65+Q65 -> 0 | R65: =S65+T65+U65+V65 -> 0 | W65: =X65+Y65+Z65+AA65 -> 0 | AB65: =AC65+AD65+AE65+AF65 -> 0
A66: 2.2. | B66: население | C66: =D66+E66+F66+G66 -> 0 | H66: =I66+J66+K66+L66 -> 0 | M66: =N66+O66+P66+Q66 -> 0 | R66: =S66+T66+U66+V66 -> 0 | W66: =X66+Y66+Z66+AA66 -> 0 | AB66: =AC66+AD66+AE66+AF66 -> 0
A67: 3. | B67: ОАО "Оборонэнергосбыт" | C67: =D67+E67+F67+G67 -> 0 | D67: =D68+D69 -> 0 | E67: =E68+E69 -> 0 | F67: =F68+F69 -> 0 | G67: =G68+G69 -> 0 | H67: =I67+J67+K67+L67 -> 0 | I67: =I68+I69 -> 0 | J67: =J68+J69 -> 0 | K67: =K68+K69 -> 0 | L67: =L68+L69 -> 0 | M67: =N67+O67+P67+Q67 -> 0 | N67: =N68+N69 -> 0 | O67: =O68+O69 -> 0 | P67: =P68+P69 -> 0 | Q67: =Q68+Q69 -> 0 | R67: =S67+T67+U67+V67 -> 0 | S67: =S68+S69 -> 0 | T67: =T68+T69 -> 0 | U67: =U68+U69 -> 0 | V67: =V68+V69 -> 0 | W67: =X67+Y67+Z67+AA67 -> 0 | X67: =X68+X69 -> 0 | Y67: =Y68+Y69 -> 0 | Z67: =Z68+Z69 -> 0 | AA67: =AA68+AA69 -> 0 | AB67: =AC67+AD67+AE67+AF67 -> 0 | AC67: =AC68+AC69 -> 0 | AD67: =AD68+AD69 -> 0 | AE67: =AE68+AE69 -> 0 | AF67: =AF68+AF69 -> 0
A68: 3.1. | B68: прочие потребители | C68: =D68+E68+F68+G68 -> 0 | H68: =I68+J68+K68+L68 -> 0 | M68: =N68+O68+P68+Q68 -> 0 | R68: =S68+T68+U68+V68 -> 0 | W68: =X68+Y68+Z68+AA68 -> 0 | AB68: =AC68+AD68+AE68+AF68 -> 0
A69: 3.2. | B69: население | C69: =D69+E69+F69+G69 -> 0 | H69: =I69+J69+K69+L69 -> 0 | M69: =N69+O69+P69+Q69 -> 0 | R69: =S69+T69+U69+V69 -> 0 | W69: =X69+Y69+Z69+AA69 -> 0 | AB69: =AC69+AD69+AE69+AF69 -> 0
A70: 4. | B70: ПРОЧИЕ | C70: =D70+E70+F70+G70 -> 0.14453664 | D70: =D71+D72 -> 0 | E70: =E71+E72 -> 0 | F70: =F71+F72 -> 0.099010547 | G70: =G71+G72 -> 0.045526096 | H70: =I70+J70+K70+L70 -> 0 | I70: =I71+I72 -> 0 | J70: =J71+J72 -> 0 | K70: =K71+K72 -> 0 | L70: =L71+L72 -> 0 | M70: =N70+O70+P70+Q70 -> 0 | N70: =N71+N72 -> 0 | O70: =O71+O72 -> 0 | P70: =P71+P72 -> 0 | Q70: =Q71+Q72 -> 0 | R70: =S70+T70+U70+V70 -> 0 | S70: =S71+S72 -> 0 | T70: =T71+T72 -> 0 | U70: =U71+U72 -> 0 | V70: =V71+V72 -> 0 | W70: =X70+Y70+Z70+AA70 -> 0 | X70: =X71+X72 -> 0 | Y70: =Y71+Y72 -> 0 | Z70: =Z71+Z72 -> 0 | AA70: =AA71+AA72 -> 0 | AB70: =AC70+AD70+AE70+AF70 -> 0 | AC70: =AC71+AC72 -> 0 | AD70: =AD71+AD72 -> 0 | AE70: =AE71+AE72 -> 0 | AF70: =AF71+AF72 -> 0
A71: 4.1. | B71: прочие потребители | C71: =D71+E71+F71+G71 -> 0.14453664 | F71: ='1.4'!F70/5499 -> 0.099010547 | G71: ='1.4'!G70/5499 -> 0.045526096 | H71: =I71+J71+K71+L71 -> 0 | K71: ='1.4'!K70/5499 -> 0 | L71: ='1.4'!L70/5499 -> 0 | M71: =N71+O71+P71+Q71 -> 0 | P71: ='1.4'!P70/5499 -> 0 | Q71: ='1.4'!Q70/5499 -> 0 | R71: =S71+T71+U71+V71 -> 0 | U71: ='1.4'!U70/5499 -> 0 | V71: ='1.4'!V70/5499 -> 0 | W71: =X71+Y71+Z71+AA71 -> 0 | Z71: ='1.4'!Z70/5499 -> 0 | AA71: ='1.4'!AA70/5499 -> 0 | AB71: =AC71+AD71+AE71+AF71 -> 0 | AE71: ='1.4'!AE70/5499 -> 0 | AF71: ='1.4'!AF70/5499 -> 0
A72: 4.2. | B72: население | C72: =D72+E72+F72+G72 -> 0 | H72: =I72+J72+K72+L72 -> 0 | M72: =N72+O72+P72+Q72 -> 0 | R72: =S72+T72+U72+V72 -> 0 | W72: =X72+Y72+Z72+AA72 -> 0 | AB72: =AC72+AD72+AE72+AF72 -> 0
B74: Итого всего, в том числе: | C74: =D74+E74+F74+G74 -> 4.0681122 | D74: =D75+D76 -> 0 | E74: =E75+E76 -> 0 | F74: =F75+F76 -> 1.5412419 | G74: =G75+G76 -> 2.5268703 | H74: =I74+J74+K74+L74 -> 2.9560904 | I74: =I75+I76 -> 0 | J74: =J75+J76 -> 0 | K74: =K75+K76 -> 0.44851901 | L74: =L75+L76 -> 2.5075714 | M74: =N74+O74+P74+Q74 -> 4.1196581 | N74: =N75+N76 -> 0 | O74: =O75+O76 -> 0 | P74: =P75+P76 -> 1.5374575 | Q74: =Q75+Q76 -> 2.5822006 | R74: =S74+T74+U74+V74 -> 4.0457263 | S74: =S75+S76 -> 0 | T74: =T75+T76 -> 0 | U74: =U75+U76 -> 1.4871316 | V74: =V75+V76 -> 2.5585946 | W74: =X74+Y74+Z74+AA74 -> 4.2609091 | X74: =X75+X76 -> 0 | Y74: =Y75+Y76 -> 0 | Z74: =Z75+Z76 -> 1.5901724 | AA74: =AA75+AA76 -> 2.6707366 | AB74: =AC74+AD74+AE74+AF74 -> 4.2354909 | AC74: =AC75+AC76 -> 0 | AD74: =AD75+AD76 -> 0 | AE74: =AE75+AE76 -> 1.4987775 | AF74: =AF75+AF76 -> 2.7367134
B75: прочие потребители | C75: =D75+E75+F75+G75 -> 2.0305958 | D75: =D62+D65+D68+D71 -> 0 | E75: =E62+E65+E68+E71 -> 0 | F75: =F62+F65+F68+F71 -> 1.5412419 | G75: =G62+G65+G68+G71 -> 0.48935395 | H75: =I75+J75+K75+L75 -> 0.89703801 | I75: =I62+I65+I68+I71 -> 0 | J75: =J62+J65+J68+J71 -> 0 | K75: =K62+K65+K68+K71 -> 0.44851901 | L75: =L62+L65+L68+L71 -> 0.44851901 | M75: =N75+O75+P75+Q75 -> 2.0591679 | N75: =N62+N65+N68+N71 -> 0 | O75: =O62+O65+O68+O71 -> 0 | P75: =P62+P65+P68+P71 -> 1.5374575 | Q75: =Q62+Q65+Q68+Q71 -> 0.52171036 | R75: =S75+T75+U75+V75 -> 1.944777 | S75: =S62+S65+S68+S71 -> 0 | T75: =T62+T65+T68+T71 -> 0 | U75: =U62+U65+U68+U71 -> 1.4871316 | V75: =V62+V65+V68+V71 -> 0.45764533 | W75: =X75+Y75+Z75+AA75 -> 2.1297707 | X75: =X62+X65+X68+X71 -> 0 | Y75: =Y62+Y65+Y68+Y71 -> 0 | Z75: =Z62+Z65+Z68+Z71 -> 1.5901724 | AA75: =AA62+AA65+AA68+AA71 -> 0.53959827 | AB75: =AC75+AD75+AE75+AF75 -> 1.9839545 | AC75: =AC62+AC65+AC68+AC71 -> 0 | AD75: =AD62+AD65+AD68+AD71 -> 0 | AE75: =AE62+AE65+AE68+AE71 -> 1.4987775 | AF75: =AF62+AF65+AF68+AF71 -> 0.48517705
B76: население | C76: =D76+E76+F76+G76 -> 2.0375163 | D76: =D63+D66+D69+D72 -> 0 | E76: =E63+E66+E69+E72 -> 0 | F76: =F63+F66+F69+F72 -> 0 | G76: =G63+G66+G69+G72 -> 2.0375163 | H76: =I76+J76+K76+L76 -> 2.0590524 | I76: =I63+I66+I69+I72 -> 0 | J76: =J63+J66+J69+J72 -> 0 | K76: =K63+K66+K69+K72 -> 0 | L76: =L63+L66+L69+L72 -> 2.0590524 | M76: =N76+O76+P76+Q76 -> 2.0604902 | N76: =N63+N66+N69+N72 -> 0 | O76: =O63+O66+O69+O72 -> 0 | P76: =P63+P66+P69+P72 -> 0 | Q76: =Q63+Q66+Q69+Q72 -> 2.0604902 | R76: =S76+T76+U76+V76 -> 2.1009493 | S76: =S63+S66+S69+S72 -> 0 | T76: =T63+T66+T69+T72 -> 0 | U76: =U63+U66+U69+U72 -> 0 | V76: =V63+V66+V69+V72 -> 2.1009493 | W76: =X76+Y76+Z76+AA76 -> 2.1311384 | X76: =X63+X66+X69+X72 -> 0 | Y76: =Y63+Y66+Y69+Y72 -> 0 | Z76: =Z63+Z66+Z69+Z72 -> 0 | AA76: =AA63+AA66+AA69+AA72 -> 2.1311384 | AB76: =AC76+AD76+AE76+AF76 -> 2.2515364 | AC76: =AC63+AC66+AC69+AC72 -> 0 | AD76: =AD63+AD66+AD69+AD72 -> 0 | AE76: =AE63+AE66+AE69+AE72 -> 0 | AF76: =AF63+AF66+AF69+AF72 -> 2.2515364
V90: 8 | AA90: 8

Sheet Свод долгосрочный 
B1: Расчет необходимой валовой выручки на долгосрочный период 2020-2024гг.
B2: ='Реквизиты организации'!C8 -> МУ МПЖКХ Гусь-Железный
B3: (наименование сетевой организации) | E3: 1672.8815 | N3: =K61/K161 -> 0.02987797
B5: Наименование | C5: 2018 факт РЭК | D5: 2019 факт | E5: 2019 план | H5: 2020 план | I5: 2020 факт | J5: план 2021 | K5: 2022 | L5: 2023 | M5: 2024 | N5: 2025 | O5: примечание
B6: Индекс эффективности подконтрольных расходов (X - устанавливается регулирующим органом в пределах от 1% до 2,5%) | D6: 0.01 | E6: 0.01 | H6: 0.01 | J6: 0.04 | K6: 0.01 | L6: 0.01 | M6: 0.01 | N6: 0.01 | O6: п.11 МУ 98-э
B7: Коэффициент элластичности ПР (Кэл) ( на первый долгосрочный период -0,75) | D7: 0.75 | E7: 0.75 | H7: 0.75 | J7: 0.75 | K7: 0.75 | L7: 0.75 | M7: 0.75 | N7: 0.75 | O7: п.11 МУ 98-э
B8: Индекс потребительских цен (I) | C8: 1.029 | D8: 1.037 | E8: 1.046 | H8: 1.03 | J8: 1.036 | K8: 1.03 | L8: 1.037 | M8: 1.04 | N8: 1.04 | O8: В соответствии с прогнозом соц-эк развития
B9: Количество активов (уе) | C9: =SUM(C10:C13) -> 1009.9794 | D9: 823.1953 | E9: 847.05848 | H9: 1013.6582 | I9: ='2.1'!P49+'2.2'!S37 -> 1013.6582 | J9: 1017.0752 | K9: =SUM(K10:K13) -> 1013.6582 | L9: =SUM(L10:L13) -> 1014.5587 | M9: =SUM(M10:M13) -> 1014.5587 | N9: =SUM(N10:N13) -> 1017.0587
B10: ВН | C10: ='2.1'!G30+'2.2'!G35 -> 0 | D10: 0 | E10: 0 | H10: 0 | J10: 0 | K10: ='2.1'!P30+'2.2'!S35 -> 0 | L10: ='2.1'!S30+'2.2'!V35 -> 0 | M10: ='2.1'!V30+'2.2'!Y35 -> 0 | N10: ='2.1'!Y30+'2.2'!AB35 -> 0
B11: СН1 | C11: ='2.1'!G42+'2.2'!G36 -> 0 | D11: 0 | E11: 0 | H11: 0 | J11: 0 | K11: ='2.1'!P42+'2.2'!S36 -> 0 | L11: ='2.1'!S42+'2.2'!V36 -> 0 | M11: ='2.1'!V42+'2.2'!Y36 -> 0 | N11: ='2.1'!Y42+'2.2'!AB36 -> 0
B12: СН2 | C12: ='2.1'!G43+'2.2'!G37 -> 610.9594 | D12: 368.3993 | E12: 444.8066 | H12: 614.4087 | J12: 617.0022 | K12: ='2.1'!P43+'2.2'!S37 -> 614.4087 | L12: ='2.1'!S43+'2.2'!V37 -> 614.4857 | M12: ='2.1'!V43+'2.2'!Y37 -> 614.4857 | N12: ='2.1'!Y43+'2.2'!AB37 -> 616.9857
B13: НН | C13: ='2.1'!G48 -> 399.01998 | D13: 454.796 | E13: 402.25188 | H13: 399.24948 | J13: 400.07298 | K13: ='2.1'!P48 -> 399.24948 | L13: ='2.1'!S48 -> 400.07298 | M13: ='2.1'!V48 -> 400.07298 | N13: ='2.1'!Y48 -> 400.07298
B14: Индекс изменения количества активов | D14: 0 | E14: 0.028988479 | H14: 0.19668028 | J14: 0.0033709589 | K14: =(K9-E9)/E9 -> 0.19668028 | L14: =(L9-K9)/K9 -> 0.00088836653 | M14: =(M9-L9)/L9 -> 0 | N14: =(N9-M9)/M9 -> 0.0024641256 | O14: изменено как в RAB
B15: Сводный коэффициент индексации | D15: 1.02663 | E15: 1.058054 | H15: 1.1701162 | J15: 0.99707447 | K15: =K8*(1+K7*K14)*(1-K6) -> 1.1701162 | L15: =L8*(1+L7*L14)*(1-L6) -> 1.027314 | M15: =M8*(1+M7*M14)*(1-M6) -> 1.0296 | N15: =N8*(1+N7*N14)*(1-N6) -> 1.0315028
B16: Коэффициент корректировки НВВ с учетом надежности и качества услуг, % (Кнад) | D16: 0.02 | E16: 0.02 | H16: 0.02 | J16: 0.02 | K16: 0.02 | L16: 0.02 | M16: 0.02 | N16: 0.02 | Q16: как определяется | S16: =K18 -> 30644.582
B17: Расчет подконтрольных расходов | S17: =K23 -> 34572.47
B18: Подконтрольные расходы, тыс.руб. | D18: ='Смета расходов и доходов'!E3 -> 18235.263 | E18: =E23 -> 24909.794 | H18: 25545.441 | J18: 25470.707 | K18: =0.7*K23+0.3*K19 -> 30644.582 | L18: =K18*L15 -> 31481.609 | M18: =L18*M15 -> 32413.464 | N18: =M18*N15 -> 33434.579 | R18: =K18/E18 -> 1.2302222 | S18: =K44 -> 11481.881
B19: OPEX, тыс.руб. | H19: 21479.509 | K19: 21479.509 | S19: =K85 -> 41841.829
B20: Доля OPEX | H20: 1.0692973 | K20: 1.072 | S20: =K146 -> 22010.234
B21: Фактический ФОТ 2020 | H21: 10112.211 | K21: =I59/0.303 -> 12737.7
B22: Расходы на ФОТ с учетом OPEX на 2020 | H22: 16150.975 | I22: ='Смета расходов и доходов'!E7 -> 12737.7 | J22: 16103.725 | K22: =(K21*K20*0.3)+(K27*0.7) -> 19872.516 | L22: =K22*L15 -> 20415.314 | M22: =L22*M15 -> 21019.608 | N22: =M22*N15 -> 21681.784
A23: 1 | B23: Экономически обоснованные ПР, тыс.руб. | D23: 23543.026 | E23: 24909.794 | H23: 27287.983 | J23: 27208.151 | K23: =K24+K27+K28+K42 -> 34572.47 | L23: =K23*L15 -> 35516.783 | M23: =L23*M15 -> 36568.08 | N23: =M23*N15 -> 37720.077 | P23: =K23/E23 -> 1.3879067
A24: 1.1 | B24: Материальные затраты | D24: 5796.2495 | E24: 6132.7453 | H24: 2558.651 | K24: =K25+K26 -> 2927.8684 | P24: =K24/E24 -> 0.47741561
A25: 1.1.1 | B25: Сырье, материалы,запасные части, инструмент,топливо | D25: 5104.2275 | E25: 5400.5486 | H25: 2102.89 | K25: ='Сырье и материалы'!E14 -> 2485.2454 | O25: в соответствии с п. 24 Основ ценообразования в области регулируемых цен (тарифо) в элетроэнергетике | P25: =K25/E25 -> 0.46018387 | R25: на уровне плана
A26: 1.1.2 | B26: Работы и услуги производственного характера( в т.ч. Услуги сторонних организаций по содержанию сетей и распределительных устройств) | D26: 692.02204 | E26: 732.19673 | H26: 455.76102 | K26: ='Раб. и усл. произ. хар-ра'!E6 -> 442.623 | P26: =K26/E26 -> 0.60451377
A27: 1.2 | B27: Расходы на оплату труда | D27: 14860.165 | E27: 15722.857 | H27: 18438.696 | K27: ='Оплата труда'!G26 -> 22537.246 | O27: в соответствии с п. 26 Основ ценообразования | P27: =K27/E27 -> 1.4334065
A28: 1.3 | B28: Прочие расходы, всего, в т.ч: | D28: 2370.5214 | E28: =E29+E30+E37+E38+E39+E40+E41 -> 522.22635 | H28: =H29+H30+H37+H38+H39+H40+H41 -> 5597.4944 | K28: =K29+K30+K37+K38+K39+K40+K41 -> 8327.9166 | P28: =K28/E28 -> 15.946948
A29: 1.3.1 | B29: ремонт основных средств | D29: 0 | E29: 0 | H29: 4873.458 | K29: =SUM('Сырье и материалы'!E8:E12) -> 7576.9717 | O29: в соответствии с п. 25 Основ ценообразования | P29: =K29/E29 -> #DIV/0! | R29: все хозспособом
A30: 1.3.2 | B30: Оплата работ и услуг сторонних организаций | D30: 1581.0926 | E30: =SUM(E31:E36) -> 472.06472 | H30: =SUM(H31:H36) -> 164.12918 | K30: =SUM(K31:K36) -> 166.8063 | P30: =K30/E30 -> 0.35335473
A31: 1.3.2.1 | B31: услуги связи | C31: =1.93496+0.01338+1.88587+0.0446+1.5667+0.06691+1.78357+0.08921+1.74781+0.06245+1.94086+0.02841+2.40815+0.11151+1.82109+0.05394+2.02287+1.96659+1.74265+2.773+2.773+2.773+2.773+2.773+2.773+2.773+2.773+2.773+2.773+2.773+2.773+3.35+0.6 -> 58.51753 | D31: 388.51013 | E31: 61 | H31: 63.10589 | K31: =E31*1.047*1.03 -> 65.78301 | P31: =K31/E31 -> 1.07841
A32: 1.3.2.2 | B32: Расходы на услуги внедедомственной охраны и коммунального хозяйства | D32: 0 | E32: 0 | H32: 0 | K32: 0 | P32: =K32/E32 -> #DIV/0!
A33: 1.3.2.3 | B33: Расходы на юридические и информационные услуги | C33: =3.239*12+11.34+11.34+4.8+4.56+7.5+0.99+0.99+0.99+4.8+7.5 -> 93.678 | D33: 0 | E33: 0 | H33: 101.02329 | K33: =C33*1.047*1.03 -> 101.02329 | P33: =K33/E33 -> #DIV/0!
A34: 1.3.2.4 | B34: Расходы на аудиторские и консультационные услуги | D34: 0 | E34: 0 | P34: =K34/E34 -> #DIV/0!
A35: 1.3.2.5 | B35: Транспортные услуги | D35: 0 | E35: 0 | P35: =K35/E35 -> #DIV/0!
A36: 1.3.2.6 | B36: Прочие услуги сторонних организаций | D36: 388.51013 | E36: 411.06472 | H36: 0 | K36: 0 | O36: в соответствии с п. 28 Основ ценообразования | P36: =K36/E36 -> 0
A37: 1.3.3 | B37: Расходы на командировки и представительские | D37: 12.4085 | E37: 13.128864 | H37: 12.780755 | K37: =D37*1.03 -> 12.780755 | O37: в соответствии с п. 28 Основ ценообразования | P37: =K37/E37 -> 0.97348524
A38: 1.3.4 | B38: Расходы на подготовку кадров | C38: =7.2+29.4+5+12+3+5+1.5+12+3+12 -> 90.1 | D38: 0 | E38: 0 | H38: 97.164741 | K38: =C38*1.047*1.03 -> 97.164741 | P38: =K38/E38 -> #DIV/0!
A39: 1.3.5 | B39: Расходы на обеспечение нормальных условий труда и мер по технике безопасности | D39: 35.000822 | E39: 37.032761 | H39: 375.12311 | K39: =360.44+(0.6072+0.6875+0.6072+0.6875+0.6072+0.6875+0.6072+0.6875+0.79892+0.6072+0.6072+0.79892+0.6072+0.6072+0.79892+0.79892+0.79892+0.6072+0.79892+0.6072)*1.047*1.03 -> 375.12311 | O39: медкомиссия+спецодежда | P39: =K39/E39 -> 10.129494
A40: 1.3.6 | B40: Расходы на страхование | D40: 0 | E40: 0 | P40: =K40/E40 -> #DIV/0!
A41: 1.3.7 | B41: Другие прочие расходы | D41: 0 | E41: 0 | H41: 74.838613 | K41: ='Другие прочие и подконтрольные '!D6 -> 99.070025 | O41: в соответствии с п. 28 Основ ценообразования | P41: =K41/E41 -> #DIV/0!
A42: 1.4 | B42: Подконтрольные расходы из прибыли | D42: 516.09067 | E42: 546.05182 | H42: 693.14113 | J42: 646.98056 | K42: ='Другие прочие и подконтрольные '!E21 -> 779.43966 | L42: =K42*K18/K23*L15 -> 709.75589 | M42: =L42*L18/L23*M15 -> 647.74017 | N42: =M42*M18/M23*N15 -> 592.23563 | P42: =K42/E42 -> 1.4274097
B43: Расчет неподконтрольных расходов | P43: =K43/E43 -> #DIV/0!
A44: 2 | B44: Неподконтрольные расходы (НР) тыс.руб.: | D44: 7007.2758 | E44: 7373.8819 | H44: 8577.0454 | J44: 8505.477 | K44: =K45+K48+K49+K50+K51+K59+K60+K61+K62+K63+K68 -> 11481.881 | L44: =L45+L48+L49+L50+L51+L59+L60+L61+L62+L63+L68 -> 11417.181 | M44: =M45+M48+M49+M50+M51+M59+M60+M61+M62+M63+M68 -> 11607.924 | N44: =N45+N48+N49+N50+N51+N59+N60+N61+N62+N63+N68 -> 11816.498 | P44: =K44/E44 -> 1.5571013
A45: 2.1 | B45: Оплата услуг ОАО "ФСК ЕЭС" | H45: 0 | J45: 0 | K45: ='Оплата услуг ФСК'!F17 -> 0 | L45: =K45*L$15 -> 0 | M45: =L45*M$15 -> 0 | N45: =M45*N$15 -> 0 | O45: в соответствии с п. 23 Основ ценообразования. исходя из прогнозных ставок ФСК | P45: =K45/E45 -> #DIV/0!
B46: 1 ПОЛУГОДИЕ | H46: 0 | J46: 0 | K46: ='Оплата услуг ФСК'!D17 -> 0 | L46: =K46*L$15 -> 0 | M46: =L46*M$15 -> 0 | N46: =M46*N$15 -> 0 | P46: =K46/E46 -> #DIV/0!
B47: 2 ПОЛУГОДИЕ | H47: 0 | J47: 0 | K47: ='Оплата услуг ФСК'!E17 -> 0 | L47: =K47*L$15 -> 0 | M47: =L47*M$15 -> 0 | N47: =M47*N$15 -> 0 | P47: =K47/E47 -> #DIV/0!
A48: 2.2 | B48: Электроэнергия на хоз. нужды | C48: =5.52664+5.99651+5.24999+4.62158+4.47922+4.92957+5.50226+5.83637+5.16827+5.92739+5.75552 -> 58.99332 | H48: 63.618986 | I48: ='Смета расходов и доходов'!E28 -> 67.06 | J48: 22.49728 | K48: ='Сводная 2020'!BV39*1.03 -> 69.0718 | L48: =K48*1.035 -> 71.489313 | M48: =L48*1.035 -> 73.991439 | N48: =M48*1.035 -> 76.581139 | P48: =K48/E48 -> #DIV/0!
A49: 2.3 | B49: Содержание зданий (Теплоэнергия, газ) | E49: 5.717 | H49: 75.35938 | J49: 51.119843 | K49: ='Сводная 2020'!BV42*1.03 -> 123.909 | L49: =K49*L8 -> 128.49363 | M49: =L49*M8 -> 133.63338 | N49: =M49*N8 -> 138.97871 | O49: в соответствии с п. 22 Основ ценообразования. запрос | P49: =K49/E49 -> 21.67378
A50: 2.4 | B50: Плата за аренду имущества и лизинг | C50: =#REF! -> #REF! | D50: 508.48101 | E50: 5.717 | H50: 339.42 | J50: 320.09035 | K50: =J50 -> 320.09035 | L50: =K50 -> 320.09035 | M50: =L50 -> 320.09035 | N50: =M50 -> 320.09035 | P50: =K50/E50 -> 55.989216
A51: 2.5 | B51: Налоги всего, в т.ч.: | D51: 47.3284 | E51: 53.4884 | H51: 92.959461 | J51: 93.37767 | K51: =SUM(K52:K58) -> 58 | L51: =SUM(L52:L58) -> 58 | M51: =SUM(M52:M58) -> 58 | N51: =SUM(N52:N58) -> 58 | P51: =K51/E51 -> 1.0843473
A52: 2.5.1 | B52: Плата за землю | C52: ='Плата за землю'!C6 -> 58 | D52: 18 | E52: 25 | H52: 39.695811 | I52: 58 | J52: 41.91442 | K52: 58 | L52: =K52 -> 58 | M52: =L52 -> 58 | N52: =M52 -> 58 | O52: в соответствии с п. 28 Основ ценообразования | P52: =K52/E52 -> 2.32
A53: 2.5.2 | B53: налог на имущество | H53: 0 | J53: 0 | K53: ='Налог на имущество'!D10 -> 0 | L53: ='Налог на имущество'!E10 -> 0 | M53: ='Налог на имущество'!F10 -> 0 | N53: ='Налог на имущество'!G10 -> 0 | O53: в соответствии с п. 28 Основ ценообразования | P53: =K53/E53 -> #DIV/0!
B54: ВН | P54: =K54/E54 -> #DIV/0!
B55: СН1 | P55: =K55/E55 -> #DIV/0!
B56: СН2 | P56: =K56/E56 -> #DIV/0!
B57: НН | P57: =K57/E57 -> #DIV/0!
A58: 2.5.3 | B58: прочие налоги и сборы | C58: ='Транс. налог'!K34+'негативное воздействие '!C10+'прочие налоги и сборы'!C8 -> 53.26365 | D58: 29.3284 | E58: 28.4884 | H58: 53.26365 | J58: 51.46325 | K58: ='Транс. налог'!P34+'негативное воздействие '!F10+'прочие налоги и сборы'!F8 -> 0 | L58: =K58 -> 0 | M58: =L58 -> 0 | N58: =M58 -> 0 | O58: в соответствии с п. 28 Основ ценообразования | P58: =K58/E58 -> 0
A59: 2.6 | B59: Отчисления на социальные нужды | C59: 3064 | D59: 4502.6299 | E59: 4764.0258 | H59: 5002.6202 | I59: ='Смета расходов и доходов'!$E$35 -> 3859.5231 | J59: 5024.6059 | K59: =K22*0.303+'прочие НР'!D6+'прочие НР'!D7 -> 6257.5426 | L59: =L22*0.303+L42*0.303*'Другие прочие и подконтрольные '!J21 -> 6185.8403 | M59: =M22*0.303+M42*0.303*'Другие прочие и подконтрольные '!J21 -> 6368.9412 | N59: =N22*0.303+N42*0.303*'Другие прочие и подконтрольные '!J21 -> 6569.5806 | O59: в соответствии с п. 28 Основ ценообразования | P59: =K59/E59 -> 1.3134989
A60: 2.7 | B60: Прочие неподконтрольные расходы | H60: 0 | J60: 0 | K60: 0 | L60: =K60*L$15 -> 0 | M60: =L60*M$15 -> 0 | N60: =M60*N$15 -> 0 | O60: в соответствии с п. 28 Основ ценообразования | P60: =K60/E60 -> #DIV/0!
A61: 2.8 | B61: Налог на прибыль 3% от дохода | C61: =1727*44846/65525 -> 1181.977 | D61: 1111 | E61: 1111 | H61: 1181.977 | J61: 1176.3622 | K61: 1907.77 | L61: =K61 -> 1907.77 | M61: =L61 -> 1907.77 | N61: =M61 -> 1907.77 | O61: в соответствии с п. 20 ОСНОВ 1178 по данным бухгалтерского учета за последний истекший период, относ к передаче и ТП .
A62: 2.9 | B62: Расходы, связанные с компенсацией выпадающих доходов от льготного ТП на период регулирования | O62: в соответствии с п.87 Основ ценообразования и МУ №215-э/1 от 11.09.2014 ФСТ России | P62: =K62/E62 -> #DIV/0!
A63: 2.10 | B63: Аммортизация ОС | C63: 1736.2194 | D63: 837.83648 | E63: 1439.6507 | H63: 1821.0904 | J63: 1817.4238 | K63: =Аммортизация!I11 -> 2745.4972 | L63: =K63 -> 2745.4972 | M63: =L63 -> 2745.4972 | N63: =M63 -> 2745.4972 | O63: в соответствии с п. 27 Основ ценообразования | P63: =L63/E63 -> 1.9070578
B64: ВН | P64: =K64/E64 -> #DIV/0!
B65: СН1 | P65: =K65/E65 -> #DIV/0!
B66: СН2 | D66: 616.34006 | E66: 1059.0544 | H66: 1339.654 | J66: 1336.9567 | K66: =E66/E63*K63 -> 2019.678 | L66: =K66/K63*L63 -> 2019.678 | M66: =L66/L63*M63 -> 2019.678 | N66: =M66/M63*N63 -> 2019.678 | P66: =K66/E66 -> 1.9070578
B67: НН | D67: 221.49642 | E67: 380.59632 | H67: 481.43643 | J67: 480.46709 | K67: =E67/E63*K63 -> 725.81919 | L67: =K67/K63*L63 -> 725.81919 | M67: =L67/L63*M63 -> 725.81919 | N67: =M67/M63*N63 -> 725.81919 | P67: =K67/E67 -> 1.9070578
A68: 2.11 | B68: Прибыль на капитальные вложения | O68: в соответствии с п. 32 Основ ценообразования. согласно утвержденной ИПР | P68: =K68/E68 -> #DIV/0!
B69: ВН | P69: =K69/E69 -> #DIV/0!
B70: СН1 | P70: =K70/E70 -> #DIV/0!
B71: СН2 | P71: =K71/E71 -> #DIV/0!
B72: НН | P72: =K72/E72 -> #DIV/0!
B73: Проверка прибыли на капвложения( не более 12% от НВВ на содержание сетей) | D73: 0 | E73: 0 | H73: 0 | J73: 0 | K73: =K68/(K78-K68/0.8-K45-K50) -> 0 | L73: =L68/(L78-L68/0.8-L45-L50) -> 0 | M73: =M68/(M78-M68/0.8-M45-M50) -> 0 | N73: =N68/(N78-N68/0.8-N45-N50) -> 0 | P73: =K73/E73 -> #DIV/0!
A74: 3 | B74: Расходы долгосрочного периода регулирования, связанные с компенсацией незапланированных расходов (со знаком "плюс") или полученного избытка (со знаком "минус"), выявленных по итогам последнего истекшего года долгосрочного периода регулирования тыс.руб. | D74: 842.69113 | E74: -1826.09 | H74: 4158.791 | J74: 572.68777 | K74: ='Корр ПР'!D12+'Корр. НР'!E19+'Корр. ПО'!B46 -> -284.63408 | O74: В соответствии с МУ №98-э от 17.02.2012г. корректировка по факту | P74: =K74/E74 -> 0.15587078
A75: 4 | B75: Корректировка необходимой валовой выручки, осуществляемая с учетом достижения установленного уровня надежности и качества услуг тыс.руб. | H75: -408.10891 | J75: -395.94862 | K75: ='Корр. КНК'!E10 -> 0 | O75: в соответствии с п. 8 Основ ценообразования и МУ №98-э | P75: =K75/E75 -> #DIV/0!
A76: 5 | B76: Экономия расходов на оплату потерь электрической энергии | J76: 0 | M76: ='[10]Корр. ПО'!B47 -> 0 | Q76: в соответствии с п.34(1) Основ ценообразования и МУ №98-э
A77: 6 | B77: Расходы по обеспечению коммерческого учета электрической энергии (мощности), | K77: ='Сырье и материалы'!E13 -> 7592.5314 | Q77: в соответствии с п.38 Основ ценообразования и МУ №98-э
A78: 5 | B78: Итого НВВ (без учета оплаты потерь) тыс.руб. | D78: 31392.993 | E78: 30457.586 | H78: 37873.168 | J78: 34152.923 | K78: =K18+K44+K74+K75 -> 41841.829 | L78: =L23+L44+L74+L75 -> 46933.964 | M78: =M23+M44+M74+M75 -> 48176.004 | N78: =N23+N44+N74+N75 -> 49536.575 | P78: =K78/E78 -> 1.3737736
B79: ВН | D79: 0 | E79: 0 | H79: 0 | J79: 0 | K79: =K45+K54+K64+K69+($K$78-SUM($K$64:$K$67)-SUM($K$69:$K$72)-SUM($K$54:$K$57)-$K$45)*K10/$K$9 -> 0 | L79: =L45+L54+L64+L69+($L$78-SUM($L$64:$L$67)-SUM($L$69:$L$72)-SUM($L$54:$L$57)-$L$45)*L10/$L$9 -> 0 | M79: =M45+M54+M64+M69+($M$78-SUM($M$64:$M$67)-SUM($M$69:$M$72)-SUM($M$54:$M$57)-$M$45)*M10/$M$9 -> 0 | N79: =N45+N54+N64+N69+($N$78-SUM($N$64:$N$67)-SUM($N$69:$N$72)-SUM($N$54:$N$57)-$N$45)*N10/$N$9 -> 0 | P79: =K79/E79 -> #DIV/0!
B80: СН | D80: 0 | E80: 0 | H80: 0 | J80: 0 | K80: =K55+K65+K70+($K$78-SUM($K$64:$K$67)-SUM($K$69:$K$72)-SUM($K$54:$K$57)-$K$45)*K11/$K$9 -> 0 | L80: =L55+L65+L70+($L$78-SUM($L$64:$L$67)-SUM($L$69:$L$72)-SUM($L$54:$L$57)-$L$45)*L11/$L$9 -> 0 | M80: =M55+M65+M70+($M$78-SUM($M$64:$M$67)-SUM($M$69:$M$72)-SUM($M$54:$M$57)-$M$45)*M11/$M$9 -> 0 | N80: =N55+N65+N70+($N$78-SUM($N$64:$N$67)-SUM($N$69:$N$72)-SUM($N$54:$N$57)-$N$45)*N11/$N$9 -> 0 | P80: =K80/E80 -> #DIV/0!
B81: СН2 | D81: 14290.493 | E81: 16296.927 | H81: 23191.902 | J81: 20953.082 | K81: =K56+K66+K71+($K$78-SUM($K$64:$K$67)-SUM($K$69:$K$72)-SUM($K$54:$K$57)-$K$45)*K12/$K$9 -> 25717.14 | L81: =L56+L66+L71+($L$78-SUM($L$64:$L$67)-SUM($L$69:$L$72)-SUM($L$54:$L$57)-$L$45)*L12/$L$9 -> 28783.217 | M81: =M56+M66+M71+($M$78-SUM($M$64:$M$67)-SUM($M$69:$M$72)-SUM($M$54:$M$57)-$M$45)*M12/$M$9 -> 29535.481 | N81: =N56+N66+N71+($N$78-SUM($N$64:$N$67)-SUM($N$69:$N$72)-SUM($N$54:$N$57)-$N$45)*N12/$N$9 -> 30404.89 | P81: =K81/E81 -> 1.5780362
B82: НН | D82: 17102.5 | E82: 14160.659 | H82: 14681.266 | J82: 13199.841 | K82: =K78-K79-K80-K81 -> 16124.689 | L82: =L78-L79-L80-L81 -> 18150.747 | M82: =M78-M79-M80-M81 -> 18640.523 | N82: =N78-N79-N80-N81 -> 19131.685 | P82: =K82/E82 -> 1.1386962
B83: Итого НВВ на сторонних (без учета оплаты потерь) тыс.руб. | D83: 31392.993 | E83: 30457.586 | H83: 37873.168 | I83: =I85 -> 37873.168 | J83: 34152.923 | K83: =K78*$K$129 -> 41841.829 | L83: =L78*$K$129 -> 46933.964 | M83: =M78*$K$129 -> 48176.004 | N83: =N78*$K$129 -> 49536.575
B84: Корректировка НВВ с учетом изменения полезного отпуска и цен на электрическую энергию | E84: 0
A85: 6 | B85: Итого НВВ на сторонних (без учета оплаты потерь) тыс.руб. | D85: 31392.993 | E85: 30457.586 | H85: 37873.168 | I85: 37873.168 | J85: 34152.923 | K85: =K83+K84 -> 41841.829 | L85: =L83+L84 -> 46933.964 | M85: =M83+M84 -> 48176.004 | N85: =N83+N84 -> 49536.575 | P85: =K85/E85 -> 1.3737736
B86: ВН | D86: 0 | E86: 0 | H86: 0 | J86: 0 | K86: =K79/$K$78*$K$85 -> 0 | L86: =L79/$K$78*$K$85 -> 0 | M86: =M79/$K$78*$K$85 -> 0 | N86: =N79/$K$78*$K$85 -> 0 | P86: =K86/E86 -> #DIV/0!
B87: СН | D87: 0 | E87: 0 | H87: 0 | J87: 0 | K87: =K80/$K$78*$K$85 -> 0 | L87: =L80/$K$78*$K$85 -> 0 | M87: =M80/$K$78*$K$85 -> 0 | N87: =N80/$K$78*$K$85 -> 0 | P87: =K87/E87 -> #DIV/0!
B88: СН2 | D88: 14290.493 | E88: 16296.927 | H88: 23191.902 | J88: 20953.082 | K88: =K81/$K$78*$K$85 -> 25717.14 | L88: =L81/$K$78*$K$85 -> 28783.217 | M88: =M81/$K$78*$K$85 -> 29535.481 | N88: =N81/$K$78*$K$85 -> 30404.89 | P88: =K88/E88 -> 1.5780362
B89: НН | D89: 17102.5 | E89: 14160.659 | H89: 14681.266 | J89: 13199.841 | K89: =K82/$K$78*$K$85 -> 16124.689 | L89: =L82/$K$78*$K$85 -> 18150.747 | M89: =M82/$K$78*$K$85 -> 18640.523 | N89: =N82/$K$78*$K$85 -> 19131.685 | P89: =K89/E89 -> 1.1386962
B90: 1 ПОЛУГОДИЕ | D90: 15696.497 | E90: 15228.793 | H90: 18936.584 | I90: 18936.584 | J90: 17076.461 | K90: =K85/2 -> 20920.914 | L90: =L85/2 -> 23466.982 | M90: =M85/2 -> 24088.002 | N90: =N85/2 -> 24768.287 | O90: пополам или на уровне 2 полугодия предыд года | P90: =K90/E90 -> 1.3737736
B91: ВН | D91: 0 | E91: 0 | H91: 0 | J91: 0 | K91: =K46 -> 0 | L91: =L46 -> 0 | M91: =M46 -> 0 | N91: =N46 -> 0 | P91: =K91/E91 -> #DIV/0!
B92: СН | D92: 0 | E92: 0 | H92: 0 | J92: 0 | K92: =(K90-K91)*K87/(K85-K86) -> 0 | L92: =(L90-L91)*L87/(L85-L86) -> 0 | M92: =(M90-M91)*M87/(M85-M86) -> 0 | N92: =(N90-N91)*N87/(N85-N86) -> 0 | P92: =K92/E92 -> #DIV/0!
B93: СН2 | D93: 7145.2465 | E93: 8148.4635 | H93: 11595.951 | J93: 10476.541 | K93: =(K90-K91)*K88/(K85-K86) -> 12858.57 | L93: =(L90-L91)*L88/(L85-L86) -> 14391.609 | M93: =(M90-M91)*M88/(M85-M86) -> 14767.74 | N93: =(N90-N91)*N88/(N85-N86) -> 15202.445 | P93: =K93/E93 -> 1.5780362
B94: НН | D94: 8551.2502 | E94: 7080.3296 | H94: 7340.6329 | J94: 6599.9204 | K94: =K90-K91-K92-K93 -> 8062.3443 | L94: =L90-L91-L92-L93 -> 9075.3734 | M94: =M90-M91-M92-M93 -> 9320.2614 | N94: =N90-N91-N92-N93 -> 9565.8426 | P94: =K94/E94 -> 1.1386962
B95: 2 ПОЛУГОДИЕ | D95: 15696.497 | E95: 15228.793 | H95: 18936.584 | I95: 18936.584 | J95: 17076.461 | K95: =K85-K90 -> 20920.914 | L95: =L85-L90 -> 23466.982 | M95: =M85-M90 -> 24088.002 | N95: =N85-N90 -> 24768.287 | O95: разница | P95: =K95/E95 -> 1.3737736
B96: ВН | D96: 0 | E96: 0 | H96: 0 | J96: 0 | K96: =K86-K91 -> 0 | L96: =L86-L91 -> 0 | M96: =M86-M91 -> 0 | N96: =N86-N91 -> 0 | P96: =K96/E96 -> #DIV/0!
B97: СН | D97: 0 | E97: 0 | H97: 0 | J97: 0 | K97: =K87-K92 -> 0 | L97: =L87-L92 -> 0 | M97: =M87-M92 -> 0 | N97: =N87-N92 -> 0 | P97: =K97/E97 -> #DIV/0!
B98: СН2 | D98: 7145.2465 | E98: 8148.4635 | H98: 11595.951 | J98: 10476.541 | K98: =K88-K93 -> 12858.57 | L98: =L88-L93 -> 14391.609 | M98: =M88-M93 -> 14767.74 | N98: =N88-N93 -> 15202.445 | P98: =K98/E98 -> 1.5780362
B99: НН | D99: 8551.2502 | E99: 7080.3296 | H99: 7340.6329 | J99: 6599.9204 | K99: =K89-K94 -> 8062.3443 | L99: =L89-L94 -> 9075.3734 | M99: =M89-M94 -> 9320.2614 | N99: =N89-N94 -> 9565.8426 | P99: =K99/E99 -> 1.1386962
B100: Базовый уровень подконтрольных расходов, отнесенных на сторонних потребителей | D100: 23543.026 | E100: 24909.794 | H100: 25545.441 | J100: 25470.707 | K100: =K18*K129 -> 30644.582 | L100: =L18*L129 -> 31481.609 | M100: =M18*M129 -> 32413.464 | N100: =N18*N129 -> 33434.579 | P100: =K100/E100 -> 1.2302222
P101: =K101/E101 -> #DIV/0!
...

Sheet Информация о согл. объемах
B1: Информация о согласованных объемах электрической энергии (мощности)
A3: 1. | B3: Полное наименование сетевой организации | C3: Муниципальное унитарное многоотраслевое предприятие жилищно-коммунального хозяйства Гусь-Железный
A5: 2. | B5: Плановый объем поступления электроэнергии (мощности) в сеть на 2022 год
A6: № п/п | B6: Наименование | C6: Ед.изм. | D6: Факт 2020 год | E6: План 2022 год | F6: План Январь 2022 год | G6: План Февраль 2022 год | H6: План Март 2022 год | I6: План Апрель 2022 год | J6: План Май 2022 год | K6: План Июнь 2022 год | L6: План 1 п/г 2022 год | M6: План Июль 2022 год | N6: План Август 2022 год | O6: План Сентябрь 2022 год | P6: План Октябрь 2022 год | Q6: План Ноябрь 2022 год | R6: План Декабрь 2022 год | S6: План 2 п/г 2022 год | V6: Проверка
B7: Электроэнергия
A8: 1 | B8: Поступление в сеть | C8: млн.кВтч | D8: =D9+D13 -> 28.9717 | E8: =L8+S8 -> 28.992 | F8: =F9+F13 -> 2.8974 | G8: =G9+G13 -> 2.6131 | H8: =H9+H13 -> 2.4884 | I8: =I9+I13 -> 2.4356 | J8: =J9+J13 -> 2.2053 | K8: =K9+K13 -> 1.8562 | L8: =SUM(F8:K8) -> 14.496 | M8: =M9+M13 -> 1.8562 | N8: =N9+N13 -> 2.2053 | O8: =O9+O13 -> 2.4356 | P8: =P9+P13 -> 2.4884 | Q8: =Q9+Q13 -> 2.6131 | R8: =R9+R13 -> 2.8974 | S8: =SUM(M8:R8) -> 14.496 | V8: =IF(SUM(F8:K8,M8:R8)=E8,"Ок","Ошибка") -> Ок
A9: 2 | B9: Потери в электрической сети, в т.ч. относимые на: | C9: млн.кВтч | D9: =D10+D11 -> 6.9882 | E9: =L9+S9 -> 5.6968 | F9: =F10+F11 -> 0.715 | G9: =G10+G11 -> 0.6191 | H9: =H10+H11 -> 0.565 | I9: =I10+I11 -> 0.5049 | J9: =J10+J11 -> 0.2612 | K9: =K10+K11 -> 0.1832 | L9: =SUM(F9:K9) -> 2.8484 | M9: =M10+M11 -> 0.1832 | N9: =N10+N11 -> 0.2612 | O9: =O10+O11 -> 0.5049 | P9: =P10+P11 -> 0.565 | Q9: =Q10+Q11 -> 0.6191 | R9: =R10+R11 -> 0.715 | S9: =SUM(M9:R9) -> 2.8484 | V9: =IF(SUM(F9:K9,M9:R9)=E9,"Ок","Ошибка") -> Ок | Y9: =L9*Z9 -> 1.0067439 | Z9: =Q73 -> 0.35344191
A10: 2.1 | B10: собственное потребление | C10: млн.кВтч | E10: =L10+S10 -> 0 | L10: =SUM(F10:K10) -> 0 | S10: =SUM(M10:R10) -> 0 | V10: =IF(SUM(F10:K10,M10:R10)=E10,"Ок","Ошибка") -> Ок
A11: 2.2 | B11: передачу сторонним потребителям (субабонентам) | C11: млн.кВтч | D11: =ROUND(6.988172994,4) -> 6.9882 | E11: =L11+S11 -> 5.6968 | F11: =ROUND(0.715038442616645,4) -> 0.715 | G11: =ROUND(0.619082030864048,4) -> 0.6191 | H11: =ROUND(0.564974642009622,4) -> 0.565 | I11: =ROUND(0.504900949093382,4) -> 0.5049 | J11: =ROUND(0.261234090288256,4) -> 0.2612 | K11: =ROUND(0.183233845128048,4) -> 0.1832 | L11: =SUM(F11:K11) -> 2.8484 | M11: =K11 -> 0.1832 | N11: =J11 -> 0.2612 | O11: =I11 -> 0.5049 | P11: =H11 -> 0.565 | Q11: =G11 -> 0.6191 | R11: =F11 -> 0.715 | S11: =SUM(M11:R11) -> 2.8484 | V11: =IF(SUM(F11:K11,M11:R11)=E11,"Ок","Ошибка") -> Ок
A12: 3 | B12: Относительные потери | C12: % | D12: =D9/D8 -> 0.2412078 | E12: =E9/E8 -> 0.19649558 | F12: =F9/F8 -> 0.24677297 | G12: =G9/G8 -> 0.23692166 | H12: =H9/H8 -> 0.22705353 | I12: =I9/I8 -> 0.20730005 | J12: =J9/J8 -> 0.11844194 | K12: =K9/K8 -> 0.098696261 | ... S12: =S9/S8 -> 0.19649558 | Y12: =L11*Z12 -> 1.8416561 | Z12: =Q76 -> 0.64655809
A13: 4 | B13: Отпуск из сети (полезный отпуск ), в т.ч. для | C13: млн.кВтч | D13: =D14+D15 -> 21.9835 | E13: =L13+S13 -> 23.2952 | F13: =F14+F15 -> 2.1824 | G13: =G14+G15 -> 1.994 | H13: =H14+H15 -> 1.9234 | I13: =I14+I15 -> 1.9307 | J13: =J14+J15 -> 1.9441 | K13: =K14+K15 -> 1.673 | L13: =SUM(F13:K13) -> 11.6476 | M13: =M14+M15 -> 1.673 | N13: =N14+N15 -> 1.9441 | O13: =O14+O15 -> 1.9307 | P13: =P14+P15 -> 1.9234 | Q13: =Q14+Q15 -> 1.994 | R13: =R14+R15 -> 2.1824 | S13: =SUM(M13:R13) -> 11.6476 | V13: =IF(SUM(F13:K13,M13:R13)=E13,"Ок","Ошибка") -> Ок
A14: 4.1 | B14: собственного потребления | C14: млн.кВтч | E14: =L14+S14 -> 0 | L14: =SUM(F14:K14) -> 0 | S14: =SUM(M14:R14) -> 0 | V14: =IF(SUM(F14:K14,M14:R14)=E14,"Ок","Ошибка") -> Ок
A15: 4.2 | B15: передачи сторонним потребителям (субабонентам) в т.ч. | C15: млн.кВтч | D15: =ROUND(21.983502,4) -> 21.9835 | E15: =L15+S15 -> 23.2952 | F15: =ROUND(2.18236155738336,4) -> 2.1824 | G15: =ROUND(1.99401796913595,4) -> 1.994 | H15: =ROUND(1.92342535799038,4) -> 1.9234 | I15: =ROUND(1.93069905090662,4) -> 1.9307 | J15: =ROUND(1.94406590971174,4) -> 1.9441 | K15: =ROUND(1.67296615487195,4) -> 1.673 | L15: =SUM(F15:K15) -> 11.6476 | M15: =K15 -> 1.673 | N15: =J15 -> 1.9441 | O15: =I15 -> 1.9307 | P15: =H15 -> 1.9234 | Q15: =G15 -> 1.994 | R15: =F15 -> 2.1824 | S15: =SUM(M15:R15) -> 11.6476 | V15: =IF(SUM(F15:K15,M15:R15)=E15,"Ок","Ошибка") -> Ок
A16: 4.2.1 | B16: переток в смежные ТСО | C16: млн.кВтч | E16: =L16+S16 -> 0 | L16: =SUM(F16:K16) -> 0 | S16: =SUM(M16:R16) -> 0 | V16: =IF(SUM(F16:K16,M16:R16)=E16,"Ок","Ошибка") -> Ок
B17: Мощность
A18: 5 | B18: Поступление в сеть | C18: МВт | D18: =D19+D23 -> 5.2675 | E18: =ROUND((L18+S18)/2,4) -> 5.2713 | F18: =F19+F23 -> 6.3216 | G18: =G19+G23 -> 5.7013 | H18: =H19+H23 -> 5.4293 | I18: =I19+I23 -> 5.314 | J18: =J19+J23 -> 4.8116 | K18: =K19+K23 -> 4.0499 | L18: =ROUND(SUM(F18:K18)/6,4) -> 5.2713 | M18: =M19+M23 -> 4.0499 | N18: =N19+N23 -> 4.8116 | O18: =O19+O23 -> 5.314 | P18: =P19+P23 -> 5.4293 | Q18: =Q19+Q23 -> 5.7013 | R18: =R19+R23 -> 6.3216 | S18: =ROUND(SUM(M18:R18)/6,4) -> 5.2713 | V18: =IF(ROUND(AVERAGE(F18:K18,M18:R18),4)=E18,"Ок","Ошибка") -> Ок | W18: Заменил формулы, т.к. сренее значение любого количесва слагаемых с заданным числом знаков после нуля не будет самоокругляться до заданного числа(в частном случае до четырёх знаков, если числа не деляться на 12 без остатка)
A19: 6 | B19: Потери в электрической сети, в т.ч. относимые на: | C19: МВт | D19: =D20+D21 -> 1.2705 | E19: =ROUND((L19+S19)/2,4) -> 1.0358 | F19: =F20+F21 -> 1.5601 | G19: =G20+G21 -> 1.3507 | H19: =H20+H21 -> 1.2327 | I19: =I20+I21 -> 1.1016 | J19: =J20+J21 -> 0.57 | K19: =K20+K21 -> 0.3998 | L19: =ROUND(SUM(F19:K19)/6,4) -> 1.0358 | M19: =M20+M21 -> 0.3998 | N19: =N20+N21 -> 0.57 | O19: =O20+O21 -> 1.1016 | P19: =P20+P21 -> 1.2327 | Q19: =Q20+Q21 -> 1.3507 | R19: =R20+R21 -> 1.5601 | S19: =ROUND(SUM(M19:R19)/6,4) -> 1.0358 | V19: =IF(ROUND(AVERAGE(F19:K19,M19:R19),4)=E19,"Ок","Ошибка") -> Ок
A20: 6.1 | B20: собственное потребление | C20: МВт | E20: =(L20+S20)/2 -> 0 | F20: 0 | G20: 0 | H20: 0 | I20: 0 | J20: 0 | K20: 0 | L20: =SUM(F20:K20)/6 -> 0 | S20: =SUM(M20:R20)/6 -> 0 | V20: =IF(ROUND(AVERAGE(F20:K20,M20:R20),4)=E20,"Ок","Ошибка") -> Ок
A21: 6.2 | B21: передачу сторонним потребителям (субабонентам) | C21: МВт | D21: 1.2705 | E21: =ROUND((L21+S21)/2,4) -> 1.0358 | F21: =ROUND(1.56008387479995,4) -> 1.5601 | G21: =ROUND(1.3507244309761,4) -> 1.3507 | H21: =ROUND(1.23267194620281,4) -> 1.2327 | I21: =ROUND(1.1016020707492,4) -> 1.1016 | J21: =ROUND(0.56996528790165,4) -> 0.57 | K21: =ROUND(0.399782934824832,4) -> 0.3998 | L21: =ROUND(SUM(F21:K21)/6,4) -> 1.0358 | M21: =K21 -> 0.3998 | N21: =J21 -> 0.57 | O21: =I21 -> 1.1016 | P21: =H21 -> 1.2327 | Q21: =G21 -> 1.3507 | R21: =F21 -> 1.5601 | S21: =ROUND(SUM(M21:R21)/6,4) -> 1.0358 | V21: =IF(ROUND(AVERAGE(F21:K21,M21:R21),4)=E21,"Ок","Ошибка") -> Ок
A22: 7 | B22: Относительные потери | C22: % | D22: =D19/D18 -> 0.24119601 | E22: =E19/E18 -> 0.19649802 | F22: =F19/F18 -> 0.24678879 | G22: =G19/G18 -> 0.23691088 | H22: =H19/H18 -> 0.22704584 | I22: =I19/I18 -> 0.20730147 | J22: =J19/J18 -> 0.11846371 | K22: =K19/K18 -> 0.098718487 | ... S22: =S19/S18 -> 0.19649802
A23: 8 | B23: Отпуск из сети (полезный отпуск), в т.ч. для | C23: МВт | D23: =D24+D25 -> 3.997 | E23: =ROUND((L23+S23)/2,4) -> 4.2355 | F23: =F24+F25 -> 4.7615 | G23: =G24+G25 -> 4.3506 | H23: =H24+H25 -> 4.1966 | I23: =I24+I25 -> 4.2124 | J23: =J24+J25 -> 4.2416 | K23: =K24+K25 -> 3.6501 | L23: =ROUND(SUM(F23:K23)/6,4) -> 4.2355 | M23: =M24+M25 -> 3.6501 | N23: =N24+N25 -> 4.2416 | O23: =O24+O25 -> 4.2124 | P23: =P24+P25 -> 4.1966 | Q23: =Q24+Q25 -> 4.3506 | R23: =R24+R25 -> 4.7615 | S23: =ROUND(SUM(M23:R23)/6,4) -> 4.2355 | V23: =IF(ROUND(AVERAGE(F23:K23,M23:R23),4)=E23,"Ок","Ошибка") -> Ок
A24: 8.1 | B24: собственного потребления | C24: МВт | E24: =(L24+S24)/2 -> 0 | F24: 0 | G24: 0 | H24: 0 | I24: 0 | J24: 0 | K24: 0 | L24: =SUM(F24:K24)/6 -> 0 | S24: =SUM(M24:R24)/6 -> 0 | V24: =IF(ROUND(AVERAGE(F24:K24,M24:R24),4)=E24,"Ок","Ошибка") -> Ок
A25: 8.2 | B25: передачи сторонним потребителям (субабонентам) в т.ч. | C25: МВт | D25: =ROUND(3.99700036363636,4) -> 3.997 | E25: =ROUND((L25+S25)/2,4) -> 4.2355 | F25: =ROUND(4.76151612520005,4) -> 4.7615 | G25: =ROUND(4.35058465993299,4) -> 4.3506 | H25: =ROUND(4.19656441743355,4) -> 4.1966 | I25: =ROUND(4.21243429288717,4) -> 4.2124 | J25: =ROUND(4.24159834846199,4) -> 4.2416 | K25: =ROUND(3.65010797426608,4) -> 3.6501 | L25: =ROUND(SUM(F25:K25)/6,4) -> 4.2355 | M25: =K25 -> 3.6501 | N25: =J25 -> 4.2416 | O25: =I25 -> 4.2124 | P25: =H25 -> 4.1966 | Q25: =G25 -> 4.3506 | R25: =F25 -> 4.7615 | S25: =ROUND(SUM(M25:R25)/6,4) -> 4.2355 | V25: =IF(ROUND(AVERAGE(F25:K25,M25:R25),4)=E25,"Ок","Ошибка") -> Ок
A26: 8.2.1 | B26: переток в смежные ТСО | C26: МВт | E26: =(L26+S26)/2 -> 0 | F26: 0 | G26: 0 | H26: 0 | I26: 0 | J26: 0 | K26: 0 | L26: =SUM(F26:K26)/6 -> 0 | S26: =SUM(M26:R26)/6 -> 0 | V26: =IF(ROUND(AVERAGE(F26:K26,M26:R26),4)=E26,"Ок","Ошибка") -> Ок
A28: №п/п | B28: Наименование | C28: Ед.изм. | D28: Вышестоящие сетевые организации, из сетей которых поступает энергия | N28: ВСЕГО | P28: 5. Перечень потребителей с максимальной мощностью не менее 670 кВт
D29: филиал "Рязаньэнерго" ПАО "МРСК Центра и Приволжья" | F29: Центральный филиал ООО "Газпром энерго" | H29: АО "РОЭК" Центральный исполнительный аппарат | J29: Московская дирек-ция по энергообес-печению Транс-энерго - филиал ОАО "РЖД" | L29: Прочие
D30: факт 2020 | E30: план 2022 | F30: факт 2020 | G30: план 2022 | H30: факт 2020 | I30: план 2022 | J30: факт 2020 | K30: план 2022 | L30: факт 2020 | M30: план 2022 | N30: факт 2020 | O30: план 2022 | P30: №п/п | Q30: Наименование потребителей | S30: Максимальная мощность, МВт
A31: 1. | B31: Поступление электроэнергии всего | C31: млн.кВтч | D31: =D32+D33+D35+D38 -> 23.8958 | E31: =E32+E33+E35+E38 -> 23.9127 | F31: =F32+F33+F35+F38 -> 2.1556 | G31: =G32+G33+G35+G38 -> 2.1571 | H31: =H32+H33+H35+H38 -> 2.4252 | I31: =I32+I33+I35+I38 -> 2.4269 | J31: =J32+J33+J35+J38 -> 0.2089 | K31: =K32+K33+K35+K38 -> 0.209 | ... N31: =N32+N33+N35+N38 -> 28.9717 | O31: =ROUND(O32+O33+O35+O38,4) -> 28.992 | P31: 1
A32: 1.1 | B32: Поступление в сеть ВН ( 60-110кВ и выше) | C32: млн.кВтч | N32: =D32+F32+H32+J32+L32 -> 0 | O32: =E32+G32+I32+K32+M32 -> 0 | P32: 2
A33: 1.2 | B33: Поступление в сеть СН 1 (всего) ( 35 кВ) | C33: млн.кВтч | D33: =D34 -> 0 | E33: =E34 -> 0 | F33: =F34 -> 0 | G33: =G34 -> 0 | H33: =H34 -> 0 | I33: =I34 -> 0 | J33: =J34 -> 0 | K33: =K34 -> 0 | ... M33: =M34 -> 0 | N33: =D33+F33+H33+J33+L33 -> 0 | O33: =E33+G33+I33+K33+M33 -> 0 | P33: 3
B34: в т.ч. с шин подстанций ВН поставщика | C34: млн.кВтч | N34: =D34+F34+H34+J34+L34 -> 0 | O34: =E34+G34+I34+K34+M34 -> 0 | P34: 4
A35: 1.3 | B35: Поступление в сеть СН 2 (всего) ( 1-20кВ) | C35: млн.кВтч | D35: 23.8958 | E35: 23.9127 | F35: =F36+F37 -> 2.1556 | G35: =G36+G37 -> 2.1571 | H35: =H36+H37 -> 2.4252 | I35: =I36+I37 -> 2.4269 | J35: =J36+J37 -> 0.2089 | K35: =K36+K37 -> 0.209 | L35: =L36+L37 -> 0 | M35: =M36+M37 -> 0 | N35: =D35+F35+H35+J35+L35 -> 28.6855 | O35: =E35+G35+I35+K35+M35 -> 28.7057 | P35: 5
B36: в т.ч. с шин подстанций ВН поставщика | C36: млн.кВтч | D36: =ROUND(10.41492,4) -> 10.4149 | E36: 10.4149 | H36: =ROUND(2.42519,4) -> 2.4252 | I36: =ROUND(2.42689138596789,4) -> 2.4269 | N36: =D36+F36+H36+J36+L36 -> 12.8401 | O36: =E36+G36+I36+K36+M36 -> 12.8418 | P36: 6
B37: в т.ч. с шин подстанций СН 1поставщика | C37: млн.кВтч | D37: =ROUND(7.549668,4) -> 7.5497 | E37: 7.5497 | F37: =ROUND(2.155624,4) -> 2.1556 | G37: =ROUND(2.15713627261602,4) -> 2.1571 | J37: =ROUND(0.20889,4) -> 0.2089 | K37: =ROUND(0.209036546256101,4) -> 0.209 | N37: =D37+F37+H37+J37+L37 -> 9.9142 | O37: =E37+G37+I37+K37+M37 -> 9.9158 | P37: 7
A38: 1.4 | B38: Поступление в сеть НН (всего) ( 0,4кВ) | C38: млн.кВтч | D38: =D39+D40+D41 -> 0 | E38: =E39+E40+E41 -> 0 | F38: =F39+F40+F41 -> 0 | G38: =G39+G40+G41 -> 0 | H38: =H39+H40+H41 -> 0 | I38: =I39+I40+I41 -> 0 | J38: =J39+J40+J41 -> 0 | K38: =K39+K40+K41 -> 0 | ... M38: =M39+M40+M41 -> 0.2863 | N38: =D38+F38+H38+J38+L38 -> 0.2862 | O38: =E38+G38+I38+K38+M38 -> 0.2863 | P38: 8
B39: в т.ч. с шин подстанций ВН поставщика | C39: млн.кВтч | N39: =D39+F39+H39+J39+L39 -> 0 | O39: =E39+G39+I39+K39+M39 -> 0 | P39: 9
B40: в т.ч. с шин подстанций СН 1 поставщика | C40: млн.кВтч | N40: =D40+F40+H40+J40+L40 -> 0 | O40: =E40+G40+I40+K40+M40 -> 0 | P40: 10
B41: в т.ч. с шин подстанций СН 2 поставщика | C41: млн.кВтч | L41: =ROUND(0.2861536,4) -> 0.2862 | M41: =ROUND(0.2863,4) -> 0.2863 | N41: =D41+F41+H41+L41 -> 0.2862 | O41: =E41+G41+I41+M41 -> 0.2863 | P41: 11
A42: 3. | B42: Плановый полезный отпуск электроэнергии (мощности) из сетей на 2022 год
A43: По физическим уровням напряжения
A44: № п/п | B44: Уровень напряжения | D44: Отпуск из сети (полезный отпуск), млн.кВт.ч. | F44: В т.ч. переток в смежные ТСО, млн.кВт.ч. | H44: Максимальная** мощность по полезному отпуску, МВт | J44: В т.ч. максимальная** мощность по перетоку в смежные ТСО, МВт | L44: Заявленная (расчетная) мощность по полезному отпуску, МВт | N44: В т.ч. Заявленная (расчетная) мощность по перетоку в смежные ТСО, МВт
A45: №п/п | D45: факт 2020 | E45: план 2022 | F45: факт 2020 | G45: план 2022 | H45: факт 2020 | I45: план 2022 | J45: факт 2020 | K45: план 2022 | L45: факт 2020 | M45: план 2022 | N45: факт 2020 | O45: план 2022
A46: 1. | B46: ВН ( 60-110кВ и выше) | D46: =D47+D48 -> 0 | E46: =E47+E48 -> 0 | F46: =F47+F48 -> 0 | G46: =G47+G48 -> 0 | H46: =H47+H48 -> 0 | I46: =I47+I48 -> 0 | J46: =J47+J48 -> 0 | K46: =K47+K48 -> 0 | ... O46: =O47+O48 -> 0 | U46: =D46*1000/L46 -> #DIV/0! | V46: =E46*1000/M46 -> #DIV/0! | W46: =F46*1000/N46 -> #DIV/0! | X46: =G46*1000/O46 -> #DIV/0!
B47: собственного потребления
B48: передачи сторонним потребителям (субабонентам)
A49: 2. | B49: СН 1 ( 35 кВ) | D49: =D50+D51 -> 0 | E49: =E50+E51 -> 0 | F49: =F50+F51 -> 0 | G49: =G50+G51 -> 0 | H49: =H50+H51 -> 0 | I49: =I50+I51 -> 0 | J49: =J50+J51 -> 0 | K49: =K50+K51 -> 0 | ... O49: =O50+O51 -> 0 | U49: =D49*1000/L49 -> #DIV/0! | V49: =E49*1000/M49 -> #DIV/0! | W49: =F49*1000/N49 -> #DIV/0! | X49: =G49*1000/O49 -> #DIV/0!
B50: собственного потребления
B51: передачи сторонним потребителям (субабонентам)
A52: 3. | B52: СН 2 ( 1-20 кВ) | D52: =D53+D54 -> 1.4906 | E52: =E53+E54 -> 1.5795 | F52: =F53+F54 -> 0 | G52: =G53+G54 -> 0 | H52: =H53+H54 -> 0.731 | I52: =I53+I54 -> 0.731 | J52: =J53+J54 -> 0 | K52: =K53+K54 -> 0 | ... O52: =O53+O54 -> 0 | U52: =D52*1000/L52 -> 5500 | V52: =E52*1000/M52 -> 5499.6518 | W52: =F52*1000/N52 -> #DIV/0! | X52: =G52*1000/O52 -> #DIV/0!
B53: собственного потребления
B54: передачи сторонним потребителям (субабонентам) | D54: =ROUND(1.490559,4) -> 1.4906 | E54: =ROUND(1.57948807361302,4) -> 1.5795 | H54: =ROUND(0.730984414324888,4) -> 0.731 | I54: =ROUND(0.730984414324888,4) -> 0.731 | L54: =D54/5.5 -> 0.27101818 | M54: =ROUND(E54/5.5,4) -> 0.2872
A55: 4. | B55: НН ( 0,4 кВ) | D55: =D56+D57 -> 20.4929 | E55: =E56+E57 -> 21.7157 | F55: =F56+F57 -> 0 | G55: =G56+G57 -> 0 | H55: =H56+H57 -> 10.0499 | I55: =I56+I57 -> 10.0499 | J55: =J56+J57 -> 0 | K55: =K56+K57 -> 0 | ... O55: =O56+O57 -> 0 | U55: =D55*1000/L55 -> 5500 | V55: =E55*1000/M55 -> 5500.0127 | W55: =F55*1000/N55 -> #DIV/0! | X55: =G55*1000/O55 -> #DIV/0!
B56: собственного потребления
B57: передачи сторонним потребителям (субабонентам) | D57: =ROUND(20.492943,4) -> 20.4929 | E57: =ROUND(21.715583926387+0.0001,4) -> 21.7157 | H57: =ROUND(10.0499355856751,4) -> 10.0499 | I57: =ROUND(10.0499355856751,4) -> 10.0499 | L57: =D57/5.5 -> 3.7259818 | M57: =ROUND(E57/5.5,4) -> 3.9483
A58: 5. | B58: Всего | D58: =D59+D60 -> 21.9835 | E58: =E59+E60 -> 23.2952 | F58: =F59+F60 -> 0 | G58: =G59+G60 -> 0 | H58: =H59+H60 -> 10.7809 | I58: =I59+I60 -> 10.7809 | J58: =J59+J60 -> 0 | K58: =K59+K60 -> 0 | ... O58: =O59+O60 -> 0 | U58: =D58*1000/L58 -> 5500 | V58: =E58*1000/M58 -> 5499.9882 | W58: =F58*1000/N58 -> #DIV/0! | X58: =G58*1000/O58 -> #DIV/0!
B59: собственного потребления | D59: =D47+D50+D53+D56 -> 0 | E59: =E47+E50+E53+E56 -> 0 | F59: =F47+F50+F53+F56 -> 0 | G59: =G47+G50+G53+G56 -> 0 | H59: =H47+H50+H53+H56 -> 0 | I59: =I47+I50+I53+I56 -> 0 | J59: =J47+J50+J53+J56 -> 0 | K59: =K47+K50+K53+K56 -> 0 | ... O59: =O47+O50+O53+O56 -> 0
B60: передачи сторонним потребителям (субабонентам) | D60: =D48+D51+D54+D57 -> 21.9835 | E60: =E48+E51+E54+E57 -> 23.2952 | F60: =F48+F51+F54+F57 -> 0 | G60: =G48+G51+G54+G57 -> 0 | H60: =H48+H51+H54+H57 -> 10.7809 | I60: =I48+I51+I54+I57 -> 10.7809 | J60: =J48+J51+J54+J57 -> 0 | K60: =K48+K51+K54+K57 -> 0 | ... O60: =O48+O51+O54+O57 -> 0
A62: По тарифным уровням напряжения
A63: № п/п | B63: Уровень напряжения | D63: Отпуск из сети (полезный отпуск), млн.кВт.ч. | F63: В т.ч. переток в смежные ТСО, млн.кВт.ч. | H63: Максимальная** мощность по полезному отпуску, МВт | J63: В т.ч. максимальная** мощность по пере-току в смежные ТСО, МВт | L63: Заявленная (расчетная) мощность по полезному отпуску, МВт | N63: В т.ч. Заявленная (расчетная) мощность по перетоку в смежные ТСО, МВт
A64: №п/п | D64: факт 2020 | E64: план 2022 | F64: факт 2020 | G64: план 2022 | H64: факт 2020 | I64: план 2022 | J64: факт 2020 | K64: план 2022 | L64: факт 2020 | M64: план 2022 | N64: факт 2020 | O64: план 2022
A65: 1. | B65: ВН ( 60-110кВ и выше) | D65: =D66+D67 -> 0 | E65: =E66+E67 -> 0 | F65: =F66+F67 -> 0 | G65: =G66+G67 -> 0 | H65: =H66+H67 -> 0 | I65: =I66+I67 -> 0 | J65: =J66+J67 -> 0 | K65: =K66+K67 -> 0 | ... O65: =O66+O67 -> 0 | U65: =D65*1000/L65 -> #DIV/0! | V65: =E65*1000/M65 -> #DIV/0! | W65: =F65*1000/N65 -> #DIV/0! | X65: =G65*1000/O65 -> #DIV/0!
B66: собственного потребления
B67: передачи сторонним потребителям (субабонентам)
A68: 2. | B68: СН 1 ( 35 кВ) | D68: =D69+D70 -> 0 | E68: =E69+E70 -> 0 | F68: =F69+F70 -> 0 | G68: =G69+G70 -> 0 | H68: =H69+H70 -> 0 | I68: =I69+I70 -> 0 | J68: =J69+J70 -> 0 | K68: =K69+K70 -> 0 | ... O68: =O69+O70 -> 0 | U68: =D68*1000/L68 -> #DIV/0! | V68: =E68*1000/M68 -> #DIV/0! | W68: =F68*1000/N68 -> #DIV/0! | X68: =G68*1000/O68 -> #DIV/0!
B69: собственного потребления
B70: передачи сторонним потребителям (субабонентам)
A71: 3. | B71: СН 2 ( 1-20 кВ) | D71: =D72+D73 -> 7.8492 | E71: =E72+E73 -> 8.2335 | F71: =F72+F73 -> 0 | G71: =G72+G73 -> 0 | H71: =H72+H73 -> 3.8104 | I71: =I72+I73 -> 3.8104 | J71: =J72+J73 -> 0 | K71: =K72+K73 -> 0 | ... O71: =O72+O73 -> 0 | U71: =D71*1000/L71 -> 5500 | V71: =E71*1000/M71 -> 5500 | W71: =F71*1000/N71 -> #DIV/0! | X71: =G71*1000/O71 -> #DIV/0!
B72: собственного потребления
B73: передачи сторонним потребителям (субабонентам) | D73: =ROUND(7.84924,4) -> 7.8492 | E73: =ROUND(8.23339970735363+0.0001,4) -> 8.2335 | H73: =ROUND(3.81040348675475,4) -> 3.8104 | I73: 3.8104 | L73: =D73/5.5 -> 1.4271273 | M73: =ROUND(E73/5.5,4) -> 1.497 | Q73: =E73/E79 -> 0.35344191
A74: 4. | B74: НН ( 0,4 кВ) | D74: =D75+D76 -> 14.1343 | E74: =E75+E76 -> 15.0617 | F74: =F75+F76 -> 0 | G74: =G75+G76 -> 0 | H74: =H75+H76 -> 6.9705 | I74: =I75+I76 -> 6.9705 | J74: =J75+J76 -> 0 | K74: =K75+K76 -> 0 | ... O74: =O75+O76 -> 0 | U74: =D74*1000/L74 -> 5500 | V74: =E74*1000/M74 -> 5499.9817 | W74: =F74*1000/N74 -> #DIV/0! | X74: =G74*1000/O74 -> #DIV/0!
B75: собственного потребления
B76: передачи сторонним потребителям (субабонентам) | D76: =ROUND(14.134262,4) -> 14.1343 | E76: =ROUND(15.0616722926464,4) -> 15.0617 | H76: =ROUND(6.97051651324525,4) -> 6.9705 | I76: 6.9705 | L76: =D76/5.5 -> 2.5698727 | M76: =ROUND(E76/5.5,4) -> 2.7385 | Q76: =E76/E79 -> 0.64655809
A77: 5. | B77: Всего | D77: =D78+D79 -> 21.9835 | E77: =E78+E79 -> 23.2952 | F77: =F78+F79 -> 0 | G77: =G78+G79 -> 0 | H77: =H78+H79 -> 10.7809 | I77: =I78+I79 -> 10.7809 | J77: =J78+J79 -> 0 | K77: =K78+K79 -> 0 | ... O77: =O78+O79 -> 0 | U77: =D77*1000/L77 -> 5500 | V77: =E77*1000/M77 -> 5499.9882 | W77: =F77*1000/N77 -> #DIV/0! | X77: =G77*1000/O77 -> #DIV/0!
B78: собственного потребления | D78: =D66+D69+D72+D75 -> 0 | E78: =E66+E69+E72+E75 -> 0 | F78: =F66+F69+F72+F75 -> 0 | G78: =G66+G69+G72+G75 -> 0 | H78: =H66+H69+H72+H75 -> 0 | I78: =I66+I69+I72+I75 -> 0 | J78: =J66+J69+J72+J75 -> 0 | K78: =K66+K69+K72+K75 -> 0 | ... O78: =O66+O69+O72+O75 -> 0
B79: передачи сторонним потребителям (субабонентам) | D79: =D67+D70+D73+D76 -> 21.9835 | E79: =E67+E70+E73+E76 -> 23.2952 | F79: =F67+F70+F73+F76 -> 0 | G79: =G67+G70+G73+G76 -> 0 | H79: =H67+H70+H73+H76 -> 10.7809 | I79: =ROUND(I67+I70+I73+I76,4) -> 10.7809 | J79: =J67+J70+J73+J76 -> 0 | K79: =K67+K70+K73+K76 -> 0 | L79: =L67+L70+L73+L76 -> 3.997 | M79: =ROUND(M67+M70+M73+M76,4) -> 4.2355 | N79: =N67+N70+N73+N76 -> 0 | O79: =O67+O70+O73+O76 -> 0
A81: 4. | B81: Объем установленной мощности трансформаторов и максимальной мощности сетевой организации
A82: №п/п | B82: Наименование вышестоящей сетевой организации, к сетям которой осуществлено присоединение | G82: Номинальная установленная мощность трансформаторов, МВА | I82: Максимальная мощность,МВт
A83: 1 | B83: Филиал "Рязаньэнерго" ПАО "МРСК Центра и Приволжья" | G83: 17.879 | I83: 6.87132
A84: 2 | B84: Центральный филиал ООО "Газпром энерго" | G84: 3.516 | I84: 2.378
A85: 3 | B85: Московская дирекция по энергообеспечению Трансэнерго - филиал ОАО "РЖД" | G85: 0.4 | I85: 0.372
A86: 4 | B86: АО "РОЭК" Центральный исполнительный аппарат | G86: 4.52 | I86: 0.83
A87: 5 | B87: ОАО "Рязаньрыбпром" | I87: 0.0096
A88: 6 | B88: ЗАО Касимовнеруд | G88: 0.4 | I88: 0.32
B89: ИТОГО: | G89: =SUM(G83:H88) -> 26.715 | I89: =SUM(I83:J88) -> 10.78092
B90: Примечание:* Заявленная мощность - величина мощности, планируемой к использованию в предстоящем расчетном периоде регулирования.
B91: ** Максимальная мощность - наибольшая величина мощности, определенная к одномоментному использованию энергопринимающими устройствами в соответствии с документами о технологическом присоединении.
B92: Значения указывать до 3-х знаков после запятой
B94: Согласовано:
B95: Сетевая организация | I95: Г.М. Евстифеев
B96: МУ МПЖКХ Гусь-Железный ___________________________________
B98: Филиал "Рязаньэнерго" ПАО "МРСК Центра и Приволжья" ___________________________________ | I98: В.С. Воронков
B100: Гарантирующий поставщик ___________________________________ | I100: М.Н. Королёва
B102: Проверка
B104: Энергия
B105: Изменение | C105: =E8/D8-1 -> 0.00070068377
B106: Пост.в сеть = Потери + Отпуск из сети | D106: =IF(D8=D9+D13,"Ок","Ошибка") -> Ок | E106: =IF(E8=E9+E13,"Ок","Ошибка") -> Ок | F106: =IF(F8=F9+F13,"Ок","Ошибка") -> Ок | G106: =IF(G8=G9+G13,"Ок","Ошибка") -> Ок | H106: =IF(H8=H9+H13,"Ок","Ошибка") -> Ок | I106: =IF(I8=I9+I13,"Ок","Ошибка") -> Ок | J106: =IF(J8=J9+J13,"Ок","Ошибка") -> Ок | K106: =IF(K8=K9+K13,"Ок","Ошибка") -> Ок | ... S106: =IF(S8=S9+S13,"Ок","Ошибка") -> Ок | T106: =IF(T8=T9+T13+T16,"Ок","Ошибка") -> Ок
B107: Потери = собств. + передача | D107: =IF(D9=D10+D11,"Ок","Ошибка") -> Ок | E107: =IF(E9=E10+E11,"Ок","Ошибка") -> Ок | F107: =IF(F9=F10+F11,"Ок","Ошибка") -> Ок | G107: =IF(G9=G10+G11,"Ок","Ошибка") -> Ок | H107: =IF(H9=H10+H11,"Ок","Ошибка") -> Ок | I107: =IF(I9=I10+I11,"Ок","Ошибка") -> Ок | J107: =IF(J9=J10+J11,"Ок","Ошибка") -> Ок | K107: =IF(K9=K10+K11,"Ок","Ошибка") -> Ок | ... T107: =IF(T9=T10+T11,"Ок","Ошибка") -> Ок
B108: Отпуск из сети = собств. + передача | D108: =IF(D13=D14+D15,"Ок","Ошибка") -> Ок | E108: =IF(E13=E14+E15,"Ок","Ошибка") -> Ок | F108: =IF(F13=F14+F15,"Ок","Ошибка") -> Ок | G108: =IF(G13=G14+G15,"Ок","Ошибка") -> Ок | H108: =IF(H13=H14+H15,"Ок","Ошибка") -> Ок | I108: =IF(I13=I14+I15,"Ок","Ошибка") -> Ок | J108: =IF(J13=J14+J15,"Ок","Ошибка") -> Ок | K108: =IF(K13=K14+K15,"Ок","Ошибка") -> Ок | ... T108: =IF(T13=T14+T15,"Ок","Ошибка") -> Ок
B109: Пост.в сеть: Табл.1=Табл2 | D109: =IF(D8=N31,"Ок","Ошибка") -> Ок | E109: =IF(E8=O31,"Ок","Ошибка") -> Ок
B110: Отпуск из сети всего: Табл.1=Табл3 | D110: =IF(D13=D58,"Ок","Ошибка") -> Ок | E110: =IF(E13=E58,"Ок","Ошибка") -> Ок | F110: =IF(D58=D77,"Ок","Ошибка") -> Ок | G110: =IF(E58=E77,"Ок","Ошибка") -> Ок | H110: =IF(F58=F77,"Ок","Ошибка") -> Ок | I110: =IF(G58=G77,"Ок","Ошибка") -> Ок | J110: =IF(D16=F58,"Ок","Ошибка") -> Ок | K110: =IF(E16=G58,"Ок","Ошибка") -> Ок
...

Sheet Сырье и материалы
B1: Расшифровка статьи п.1.1.1
A3: № | B3: Наименование | C3: 2020 | D3: 2021 | E3: 2022
C4: Факт | D4: Утверждено | E4: По данным организации | F4: По данным экспертов
B5: 1 | C5: 3 | D5: 4 | E5: 5 | F5: 6
A6: 1.1.1 | B6: Сырье, материалы,запасные части, инструмент,топливо | C6: ='Свод долгосрочный '!F25 -> 0 | D6: =SUM(D7:D14) -> 0 | E6: =SUM(E7:E13) -> 15169.503 | F6: =SUM(F7:F15) -> 0
B8: ='Затраты на ремонт'!A5 -> 1. Ремонт воздушных линий ВЛ-6-10кВ | E8: ='Затраты на ремонт'!H6/1000 -> 1933.7311
B9: ='Затраты на ремонт'!A34 -> 2.Ремонт воздушных линий ВЛ-0,4кВ | E9: ='Затраты на ремонт'!H35/1000 -> 2455.6984
B10: ='Затраты на ремонт'!A79 -> 3.Ремонт кабельных линий 6-10кВ | E10: ='Затраты на ремонт'!H80/1000 -> 118.62182
B11: ='Затраты на ремонт'!A93 -> 4.Ремонт кабельных линий 0,4кВ | E11: ='Затраты на ремонт'!H94/1000 -> 209.67861
B12: ='Затраты на ремонт'!A113 -> 5.Ремонт трансформаторных подстанций | E12: ='Затраты на ремонт'!H114/1000 -> 2859.2417
B13: 6.Замена приборв учёта АСКУЭ | E13: =('Затраты на ремонт'!H143+'Затраты на ремонт'!H144+'Затраты на ремонт'!H145)/1000 -> 7592.5314
B14: 7.Топливо, ГСМ | E14: =ГСМ!I47 -> 2485.2454

Sheet Раб. и усл. произ. хар-ра
A1: Расшифровка статьи п.1.1.2 | G1: 17
A3: № | B3: Наименование | C3: 2020 | D3: 2021 | E3: 2022
C4: Факт | D4: Утверждено | E4: По данным организации | F4: По данным экспертов
B5: 1 | C5: 3 | D5: 4 | E5: 5 | F5: 6
A6: 1.1.2 | B6: Работы и услуги производственного характера | C6: =SUM(C7:C21) -> 0 | D6: =SUM(D7:D21) -> 455.76114 | E6: =SUM(E7:E21) -> 442.623 | F6: =SUM(F7:F21) -> 0
B7: Испытания электрооборудования | D7: =302.66*0+7.38+3.6+6.33+14.28+14.28+23.795+99.83+72.728+90.11697+90.28317 -> 422.62314 | E7: 422.623 | F7: 0
B8: Транспортные услуги | D8: 33.138 | E8: =20 -> 20 | F8: 0

Sheet Затраты на ремонт
H1: 18
B2: Расчет затрат на проведение ремонтных работ * на 2020г по | D2: ='Реквизиты организации'!C8 -> МУ МПЖКХ Гусь-Железный
A4: № п/п | B4: Наименование | C4: Перечень материалов | D4: Ед. изм. | E4: Кол-во | F4: Цена за единицу, руб.(без НДС) | G4: Стоимость тыс.руб.(без НДС) | H4: Стоимость тыс.руб.(с НДС) | J4: Уточн.расчет предприятия с документами
A5: 1. Ремонт воздушных линий ВЛ-6-10кВ
A6: 1.1 | B6: Ремонтные работы, выполняемые хоз.способом | C6: материалы всего, в т.ч.: | G6: =SUM(G7:G32) -> 1611442.6 | H6: =SUM(H7:H31) -> 1933731.1 | J6: =1073.53817+238.059+18.0075+68.2349+30.56016 -> 1428.3997
C7: ='Ком предл.'!C22 -> СИП 3 1*50 | D7: ='Ком предл.'!E22 -> м | E7: ='Ком предл.'!F22 -> 4676 | F7: ='Ком предл.'!G22 -> 48.84672 | G7: ='Ком предл.'!J22 -> 228407.26 | H7: =G7*1.2 -> 274088.72
C8: ='Ком предл.'!C23 -> Стойка СВ110 | D8: ='Ком предл.'!E23 -> шт | E8: ='Ком предл.'!F23 -> 32 | F8: ='Ком предл.'!G23 -> 11247.6 | G8: ='Ком предл.'!J23 -> 359923.2 | H8: =G8*1.2 -> 431907.84
C9: ='Ком предл.'!C24 -> Арматура подвесная | D9: ='Ком предл.'!E24 -> 0 | E9: ='Ком предл.'!F24 -> 0 | F9: ='Ком предл.'!G24 -> 0 | G9: ='Ком предл.'!J24 -> 0 | H9: =G9*1.2 -> 0
C10: ='Ком предл.'!C25 -> Заземляющий проводник ЗП6 см. 21.0112-20 | D10: ='Ком предл.'!E25 -> шт | E10: ='Ком предл.'!F25 -> 75 | F10: ='Ком предл.'!G25 -> 141.0449 | G10: ='Ком предл.'!J25 -> 10578.368 | H10: =G10*1.2 -> 12694.041
C11: ='Ком предл.'!C26 -> Изолятор ШС-10д, ШФ-20-Г | D11: ='Ком предл.'!E26 -> шт | E11: ='Ком предл.'!F26 -> 299 | F11: ='Ком предл.'!G26 -> 393.02328 | G11: ='Ком предл.'!J26 -> 117513.96 | H11: =G11*1.2 -> 141016.75
C12: ='Ком предл.'!C27 -> Крюк КН-22 для ШФ-10, ШФ-20 | D12: ='Ком предл.'!E27 -> шт | E12: ='Ком предл.'!F27 -> 15 | F12: ='Ком предл.'!G27 -> 190.138 | G12: ='Ком предл.'!J27 -> 2852.07 | H12: =G12*1.2 -> 3422.484
C13: ='Ком предл.'!C28 -> Колпачки КП-6а (КП-22) | D13: ='Ком предл.'!E28 -> шт | E13: ='Ком предл.'!F28 -> 222 | F13: ='Ком предл.'!G28 -> 21.74536 | G13: ='Ком предл.'!J28 -> 4827.4699 | H13: =G13*1.2 -> 5792.9639
C14: ='Ком предл.'!C29 -> Зажим плашечный ПА-1-1 | D14: ='Ком предл.'!E29 -> шт | E14: ='Ком предл.'!F29 -> 148 | F14: ='Ком предл.'!G29 -> 25.441 | G14: ='Ком предл.'!J29 -> 3765.268 | H14: =G14*1.2 -> 4518.3216
C15: ='Ком предл.'!C30 -> Зажим плашечный ПА-2-2 2-х болтовой | D15: ='Ком предл.'!E30 -> шт | E15: ='Ком предл.'!F30 -> 48 | F15: ='Ком предл.'!G30 -> 54.406248 | G15: ='Ком предл.'!J30 -> 2611.4999 | H15: =G15*1.2 -> 3133.7999
C16: ='Ком предл.'!C31 -> Зажим плашечный ПА-3-2 2-х болтовой | D16: ='Ком предл.'!E31 -> шт | E16: ='Ком предл.'!F31 -> 48 | F16: ='Ком предл.'!G31 -> 101.33552 | G16: ='Ком предл.'!J31 -> 4864.105 | H16: =G16*1.2 -> 5836.926
C17: ='Ком предл.'!C32 -> Зажим плашечный ПС-1-1 | D17: ='Ком предл.'!E32 -> шт | E17: ='Ком предл.'!F32 -> 91 | F17: ='Ком предл.'!G32 -> 49.296624 | G17: ='Ком предл.'!J32 -> 4485.9928 | H17: =G17*1.2 -> 5383.1913
C18: ='Ком предл.'!C33 -> Зажим плашечный ПС-2-1 | D18: ='Ком предл.'!E33 -> шт | E18: ='Ком предл.'!F33 -> 91 | F18: ='Ком предл.'!G33 -> 67.689128 | G18: ='Ком предл.'!J33 -> 6159.7106 | H18: =G18*1.2 -> 7391.6528
... C31: ='Ком предл.'!C46 -> Катанка ф6-8мм | D31: ='Ком предл.'!E46 -> кг | E31: ='Ком предл.'!F46 -> 377 | F31: ='Ком предл.'!G46 -> 0 | G31: ='Ком предл.'!J46 -> 0 | H31: =G31*1.2 -> 0
A33: 1.2 | B33: Ремонтные работы, выполняемые подрядными организациями
A34: 2.Ремонт воздушных линий ВЛ-0,4кВ
A35: 2.1 | B35: Ремонтные работы, выполняемые хоз.способом | C35: материалы всего, в т.ч.: | G35: =SUM(G36:G77) -> 2046415.4 | H35: =SUM(H36:H77) -> 2455698.4
C36: ='Ком предл.'!C51 -> СИП 2 3*50+1*54,6+2*25 | D36: ='Ком предл.'!E51 -> м | E36: ='Ком предл.'!F51 -> 2004 | F36: ='Ком предл.'!G51 -> 247.9828 | G36: ='Ком предл.'!J51 -> 496957.53 | H36: =G36*1.2 -> 596349.04
C37: ='Ком предл.'!C52 -> СИП 2 3*70+1*54,6+2*25 | D37: ='Ком предл.'!E52 -> м | E37: ='Ком предл.'!F52 -> 1180 | F37: ='Ком предл.'!G52 -> 251.51776 | G37: ='Ком предл.'!J52 -> 296790.96 | H37: =G37*1.2 -> 356149.15 | J37: ,
C38: ='Ком предл.'!C53 -> ЖБ и арматура подвесная | D38: ='Ком предл.'!E53 -> 0 | E38: ='Ком предл.'!F53 -> 0 | F38: ='Ком предл.'!G53 -> 0 | G38: ='Ком предл.'!J53 -> 0 | H38: =G38*1.2 -> 0
C39: ='Ком предл.'!C54 -> Стойка СВ95 | D39: ='Ком предл.'!E54 -> шт | E39: ='Ком предл.'!F54 -> 44 | F39: ='Ком предл.'!G54 -> 8003.5672 | G39: ='Ком предл.'!J54 -> 352156.96 | H39: =G39*1.2 -> 422588.35
C40: ='Ком предл.'!C55 -> Заземляющий проводник ЗП6 см. 21.0112-20 | D40: ='Ком предл.'!E55 -> шт | E40: ='Ком предл.'!F55 -> 75 | F40: ='Ком предл.'!G55 -> 141.0449 | G40: ='Ком предл.'!J55 -> 10578.368 | H40: =G40*1.2 -> 12694.041
C41: ='Ком предл.'!C56 -> Металлическая лента 20х0,7х1000 мм F 20.07 | D41: ='Ком предл.'!E56 -> рулон | E41: ='Ком предл.'!F56 -> 30 | F41: ='Ком предл.'!G56 -> 59.4516 | G41: ='Ком предл.'!J56 -> 1783.548 | H41: =G41*1.2 -> 2140.2576
C42: ='Ком предл.'!C57 -> Скрепа С20 | D42: ='Ком предл.'!E57 -> уп.(100шт) | E42: ='Ком предл.'!F57 -> 6 | F42: ='Ком предл.'!G57 -> 16.49648 | G42: ='Ком предл.'!J57 -> 98.97888 | H42: =G42*1.2 -> 118.77466
C43: ='Ком предл.'!C58 -> Комплект промежуточной подвески ES 1500 | D43: ='Ком предл.'!E58 -> шт | E43: ='Ком предл.'!F58 -> 75 | F43: ='Ком предл.'!G58 -> 742.98432 | G43: ='Ком предл.'!J58 -> 55723.824 | H43: =G43*1.2 -> 66868.589
C44: ='Ком предл.'!C59 -> Анкерный кронштейн СА-2000 | D44: ='Ком предл.'!E59 -> шт | E44: ='Ком предл.'!F59 -> 41 | F44: ='Ком предл.'!G59 -> 355.20992 | G44: ='Ком предл.'!J59 -> 14563.607 | H44: =G44*1.2 -> 17476.328
C45: ='Ком предл.'!C60 -> Натяжной зажим РА1500 | D45: ='Ком предл.'!E60 -> шт | E45: ='Ком предл.'!F60 -> 41 | F45: ='Ком предл.'!G60 -> 590.01696 | G45: ='Ком предл.'!J60 -> 24190.695 | H45: =G45*1.2 -> 29028.834
C46: ='Ком предл.'!C61 -> Зажим ОР-6 00752 | D46: ='Ком предл.'!E61 -> шт | E46: ='Ком предл.'!F61 -> 75 | F46: ='Ком предл.'!G61 -> 226.23744 | G46: ='Ком предл.'!J61 -> 16967.808 | H46: =G46*1.2 -> 20361.37
C47: ='Ком предл.'!C62 -> Провод изолированный ПВС 3х2,5 ГОСТ 7399-80 | D47: ='Ком предл.'!E62 -> м | E47: ='Ком предл.'!F62 -> 754 | F47: ='Ком предл.'!G62 -> 64.37912 | G47: ='Ком предл.'!J62 -> 48541.856 | H47: =G47*1.2 -> 58250.228
C48: ='Ком предл.'!C63 -> Зажим ZP-2 24441 | D48: ='Ком предл.'!E63 -> шт | E48: ='Ком предл.'!F63 -> 302 | F48: ='Ком предл.'!G63 -> 477.86232 | G48: ='Ком предл.'!J63 -> 144314.42 | H48: =G48*1.2 -> 173177.3
C49: ='Ком предл.'!C64 -> Зажим ПС-1-1 ТУ34-13-10273-88 | D49: ='Ком предл.'!E64 -> шт | E49: ='Ком предл.'!F64 -> 302 | F49: ='Ком предл.'!G64 -> 63.09368 | G49: ='Ком предл.'!J64 -> 19054.291 | H49: =G49*1.2 -> 22865.15
... C75: ='Ком предл.'!C90 -> Катанка ф6-8мм | D75: ='Ком предл.'!E90 -> кг | E75: ='Ком предл.'!F90 -> 754 | F75: ='Ком предл.'!G90 -> 0 | G75: ='Ком предл.'!J90 -> 0 | H75: =G75*1.2 -> 0
A78: 2.2 | B78: Ремонтные работы, выполняемые подрядными организациями
A79: 3.Ремонт кабельных линий 6-10кВ
A80: 3.1 | B80: Ремонтные работы, выполняемые хоз.способом | C80: материалы всего, в т.ч.: | G80: =SUM(G81:G87) -> 98851.514 | H80: =SUM(H81:H91) -> 118621.82 | J80: =298.00162+253.8989 -> 551.90052
C81: ='Ком предл.'!C98 -> Кабель ААшв-10 3х70 | D81: ='Ком предл.'!E98 -> м | E81: ='Ком предл.'!F98 -> 75 | F81: ='Ком предл.'!G98 -> 592.48072 | G81: ='Ком предл.'!J98 -> 44436.054 | H81: =G81*1.2 -> 53323.265
C82: ='Ком предл.'!C99 -> КНтп-10-25/50 (3-х жил., до 10кV, сеч: 25, 35, 50 мм2) наружной установки | D82: ='Ком предл.'!E99 -> шт | E82: ='Ком предл.'!F99 -> 5 | F82: ='Ком предл.'!G99 -> 4544.9945 | G82: ='Ком предл.'!J99 -> 22724.972 | H82: =G82*1.2 -> 27269.967
C83: ='Ком предл.'!C100 -> КНтп-10-70/120 (3-х жил., до 10кV, сеч: 70, 95, 120 мм2) наружной установки | D83: ='Ком предл.'!E100 -> шт | E83: ='Ком предл.'!F100 -> 6 | F83: ='Ком предл.'!G100 -> 5117.2295 | G83: ='Ком предл.'!J100 -> 30703.377 | H83: =G83*1.2 -> 36844.053
C84: ='Ком предл.'!C101 -> Изолента | D84: ='Ком предл.'!E101 -> шт | E84: ='Ком предл.'!F101 -> 19 | F84: ='Ком предл.'!G101 -> 51.9532 | G84: ='Ком предл.'!J101 -> 987.1108 | H84: =G84*1.2 -> 1184.533
C85: ='Ком предл.'!C108 -> материалы всего, в т.ч.: | D85: ='Ком предл.'!E108 -> 0 | E85: ='Ком предл.'!F108 -> 0 | F85: ='Ком предл.'!G108 -> 0 | G85: ='Ком предл.'!J108 -> 0 | H85: =G85*1.2 -> 0
G91: =E91*F91/1000 -> 0
A92: 3.2 | B92: Ремонтные работы, выполняемые подрядными организациями
A93: 4.Ремонт кабельных линий 0,4кВ
A94: 4.1 | B94: Ремонтные работы, выполняемые хоз.способом | C94: материалы всего, в т.ч.: | G94: =SUM(G95:G110) -> 174732.17 | H94: =SUM(H95:H110) -> 209678.61
C95: ='Ком предл.'!C109 -> Кабель ААшв-1 4х70 | D95: ='Ком предл.'!E109 -> м | E95: ='Ком предл.'!F109 -> 302 | F95: ='Ком предл.'!G109 -> 527.75882 | G95: ='Ком предл.'!J109 -> 159383.16 | H95: =G95*1.2 -> 191259.79
C96: ='Ком предл.'!C110 -> Термоспекаемые ленты КЛ-50;ПТЛ-40;ТЛ-630 | D96: ='Ком предл.'!E110 -> рулон | E96: ='Ком предл.'!F110 -> 91 | F96: ='Ком предл.'!G110 -> 0 | G96: ='Ком предл.'!J110 -> 0 | H96: =G96*1.2 -> 0
C97: ='Ком предл.'!C111 -> муфта 1KVRSJ-5/2 | D97: ='Ком предл.'!E111 -> шт | E97: ='Ком предл.'!F111 -> 6 | F97: ='Ком предл.'!G111 -> 0 | G97: ='Ком предл.'!J111 -> 0 | H97: =G97*1.2 -> 0
C98: ='Ком предл.'!C112 -> муфта 1KVRST-5/2 | D98: ='Ком предл.'!E112 -> шт | E98: ='Ком предл.'!F112 -> 12 | F98: ='Ком предл.'!G112 -> 0 | G98: ='Ком предл.'!J112 -> 0 | H98: =G98*1.2 -> 0
C99: ='Ком предл.'!C113 -> Термоус. трубка Navigator NST 6/3 71119 | D99: ='Ком предл.'!E113 -> м | E99: ='Ком предл.'!F113 -> 302 | F99: ='Ком предл.'!G113 -> 10.1764 | G99: ='Ком предл.'!J113 -> 3073.2728 | H99: =G99*1.2 -> 3687.9274
C100: ='Ком предл.'!C114 -> Наконечники Ф16 | D100: ='Ком предл.'!E114 -> шт | E100: ='Ком предл.'!F114 -> 68 | F100: ='Ком предл.'!G114 -> 8.24824 | G100: ='Ком предл.'!J114 -> 560.88032 | H100: =G100*1.2 -> 673.05638
C101: ='Ком предл.'!C115 -> Наконечники Ф25 | D101: ='Ком предл.'!E115 -> шт | E101: ='Ком предл.'!F115 -> 23 | F101: ='Ком предл.'!G115 -> 9.42656 | G101: ='Ком предл.'!J115 -> 216.81088 | H101: =G101*1.2 -> 260.17306
C102: ='Ком предл.'!C116 -> Наконечники Ф35 | D102: ='Ком предл.'!E116 -> шт | E102: ='Ком предл.'!F116 -> 45 | F102: ='Ком предл.'!G116 -> 9.6408 | G102: ='Ком предл.'!J116 -> 433.836 | H102: =G102*1.2 -> 520.6032
C103: ='Ком предл.'!C117 -> Наконечники Ф50 | D103: ='Ком предл.'!E117 -> шт | E103: ='Ком предл.'!F117 -> 45 | F103: ='Ком предл.'!G117 -> 11.99744 | G103: ='Ком предл.'!J117 -> 539.8848 | H103: =G103*1.2 -> 647.86176
C104: ='Ком предл.'!C118 -> Наконечники Ф70 | D104: ='Ком предл.'!E118 -> шт | E104: ='Ком предл.'!F118 -> 45 | F104: ='Ком предл.'!G118 -> 15.96088 | G104: ='Ком предл.'!J118 -> 718.2396 | H104: =G104*1.2 -> 861.88752
C105: ='Ком предл.'!C119 -> Наконечники Ф95 | D105: ='Ком предл.'!E119 -> шт | E105: ='Ком предл.'!F119 -> 41 | F105: ='Ком предл.'!G119 -> 22.92368 | G105: ='Ком предл.'!J119 -> 939.87088 | H105: =G105*1.2 -> 1127.8451
C106: ='Ком предл.'!C120 -> Наконечники Ф120 | D106: ='Ком предл.'!E120 -> шт | E106: ='Ком предл.'!F120 -> 14 | F106: ='Ком предл.'!G120 -> 31.6004 | G106: ='Ком предл.'!J120 -> 442.4056 | H106: =G106*1.2 -> 530.88672
... C110: ='Ком предл.'!C124 -> Припой для пайки алюминия П150А, П250А, П300А | D110: ='Ком предл.'!E124 -> пруток | E110: ='Ком предл.'!F124 -> 15 | F110: ='Ком предл.'!G124 -> 0 | G110: ='Ком предл.'!J124 -> 0 | H110: =G110*1.2 -> 0
C111: ='Ком предл.'!C125 -> 0 | D111: ='Ком предл.'!E125 -> 0 | E111: ='Ком предл.'!F125 -> 0 | F111: ='Ком предл.'!G125 -> 0 | G111: ='Ком предл.'!J125 -> 0
A112: 4.2 | B112: Ремонтные работы, выполняемые подрядными организациями
A113: 5.Ремонт трансформаторных подстанций
A114: 5.1 | B114: Ремонтные работы, выполняемые хоз.способом | C114: материалы всего, в т.ч.: | G114: =SUM(G115:G134) -> 2382701.4 | H114: =SUM(H115:H134) -> 2859241.7 | J114: =171.414+580.891+289.481+171.414 -> 1213.2
C115: ='Ком предл.'!C129 -> Масло трансформаторное 1 бочка-206л | D115: ='Ком предл.'!E129 -> бочка | E115: ='Ком предл.'!F129 -> 3 | F115: ='Ком предл.'!G129 -> 31243.333 | G115: ='Ком предл.'!J129 -> 93730 | H115: =G115*1.2 -> 112476
C116: ='Ком предл.'!C130 -> Трансформатор ТМ160-400кВА 10/0,4кВ | D116: ='Ком предл.'!E130 -> шт | E116: ='Ком предл.'!F130 -> 3 | F116: ='Ком предл.'!G130 -> 255320.52 | G116: ='Ком предл.'!J130 -> 765961.56 | H116: =G116*1.2 -> 919153.87
C117: ='Ком предл.'!C131 -> Выключатель вакуумный ВВЭ-М-10-2 ВВР 10-20 | D117: ='Ком предл.'!E131 -> шт | E117: ='Ком предл.'!F131 -> 2 | F117: ='Ком предл.'!G131 -> 156663 | G117: ='Ком предл.'!J131 -> 313326 | H117: =G117*1.2 -> 375991.2
C118: ='Ком предл.'!C132 -> Привод пружинный для ВВЭ-М-10-20 | D118: ='Ком предл.'!E132 -> шт | E118: ='Ком предл.'!F132 -> 2 | F118: ='Ком предл.'!G132 -> 0 | G118: ='Ком предл.'!J132 -> 0 | H118: =G118*1.2 -> 0
C119: ='Ком предл.'!C133 -> Ограничитель ОПН-Ф-10/12 | D119: ='Ком предл.'!E133 -> шт | E119: ='Ком предл.'!F133 -> 7 | F119: ='Ком предл.'!G133 -> 0 | G119: ='Ком предл.'!J133 -> 0 | H119: =G119*1.2 -> 0
C120: ='Ком предл.'!C134 -> Плавкая вставка ПН-2 100А | D120: ='Ком предл.'!E134 -> шт | E120: ='Ком предл.'!F134 -> 249 | F120: ='Ком предл.'!G134 -> 64.272 | G120: ='Ком предл.'!J134 -> 16003.728 | H120: =G120*1.2 -> 19204.474
C121: ='Ком предл.'!C135 -> Плавкая вставка ПН-2 250А | D121: ='Ком предл.'!E135 -> шт | E121: ='Ком предл.'!F135 -> 158 | F121: ='Ком предл.'!G135 -> 89.370216 | G121: ='Ком предл.'!J135 -> 14120.494 | H121: =G121*1.2 -> 16944.593
C122: ='Ком предл.'!C136 -> Плавкая вставка ПН-2 400А | D122: ='Ком предл.'!E136 -> шт | E122: ='Ком предл.'!F136 -> 158 | F122: ='Ком предл.'!G136 -> 156.63086 | G122: ='Ком предл.'!J136 -> 24747.677 | H122: =G122*1.2 -> 29697.212
C123: ='Ком предл.'!C137 -> Предохранитель ПКТ-10 | D123: ='Ком предл.'!E137 -> шт | E123: ='Ком предл.'!F137 -> 136 | F123: ='Ком предл.'!G137 -> 0 | G123: ='Ком предл.'!J137 -> 0 | H123: =G123*1.2 -> 0
C124: ='Ком предл.'!C138 -> Изолятор опорный ИО-1-2,5 У, Т3 | D124: ='Ком предл.'!E138 -> шт | E124: ='Ком предл.'!F138 -> 36 | F124: ='Ком предл.'!G138 -> 133.9 | G124: ='Ком предл.'!J138 -> 4820.4 | H124: =G124*1.2 -> 5784.48
C125: ='Ком предл.'!C139 -> Изолятор опорный ИО-10-3,75 II У3 (исп.1) | D125: ='Ком предл.'!E139 -> шт | E125: ='Ком предл.'!F139 -> 51 | F125: ='Ком предл.'!G139 -> 167.375 | G125: ='Ком предл.'!J139 -> 8536.125 | H125: =G125*1.2 -> 10243.35
C126: ='Ком предл.'!C140 -> Изолятор проходной ИП-10/630-7,5 УХЛ2 | D126: ='Ком предл.'!E140 -> шт | E126: ='Ком предл.'!F140 -> 46 | F126: ='Ком предл.'!G140 -> 1207.2424 | G126: ='Ком предл.'!J140 -> 55533.15 | H126: =G126*1.2 -> 66639.78
... C134: ='Ком предл.'!C148 -> Припой для пайки алюминия П150А, П250А, П300А | D134: ='Ком предл.'!E148 -> пруток | E134: ='Ком предл.'!F148 -> 15 | F134: ='Ком предл.'!G148 -> 0 | G134: ='Ком предл.'!J148 -> 0 | H134: =G134*1.2 -> 0
A136: 5.2 | B136: Ремонтные работы, выполняемые подрядными организациями
A137: 6.Прочие виды ремонтных работ
A138: 6.1 | B138: Ремонтные работы, выполняемые хоз.способом | C138: материалы всего, в т.ч.: | G138: =SUM(G139:G145) -> 6327109.5 | H138: =SUM(H139:H145) -> 7592531.4
C139: Сетка Рабица | D139: м | E139: 0 | F139: 813.6 | G139: =E139*F139/1000 -> 0 | H139: =G139*1.2 -> 0
C140: Цемент | D140: меш | E140: 0 | F140: 286 | G140: =E140*F140/1000 -> 0 | H140: =G140*1.2 -> 0
C141: Кирпич | D141: шт | E141: 0 | F141: 8.4 | G141: =E141*F141/1000 -> 0 | H141: =G141*1.2 -> 0
C142: Щебень | D142: м³ | E142: 0 | F142: 220 | G142: =E142*F142/1000 -> 0 | H142: =G142*1.2 -> 0
C143: ='Ком предл.'!C92 -> Счетчик электроэнергии однофазный со встроенным радиомодулем LoRaWAN Меркурий 208 ART2-02 (D)POHWF04 | D143: ='Ком предл.'!E92 -> шт | E143: 6 | F143: ='Ком предл.'!G92 -> 11525.43 | G143: ='Ком предл.'!J92 -> 5635935.3 | H143: =G143*1.2 -> 6763122.3
C144: ='Ком предл.'!C93 -> Счетчик электроэнергии трехфазный со встроенным радиомодулем LoRaWAN Меркурий 234 ARTM2-03 (D)PBRF04 | D144: ='Ком предл.'!E92 -> шт | E144: ='Ком предл.'!F92 -> 489 | F144: ='Ком предл.'!G93 -> 14914.58 | G144: ='Ком предл.'!J93 -> 626412.36 | H144: =G144*1.2 -> 751694.83
C145: ='Ком предл.'!C94 -> Счетчик электроэнергии трехфазный со встроенным радиомоду-лем LoRaWAN Меркурий 238 АRT2-02 (D)POWF04 | D145: ='Ком предл.'!E93 -> шт | E145: 42 | F145: ='Ком предл.'!G94 -> 10793.64 | G145: ='Ком предл.'!J94 -> 64761.84 | H145: =G145*1.2 -> 77714.208
A146: 6.2 | B146: Ремонтные работы, выполняемые подрядными организациями
B148: Общая стоимость ремонтных работ | C148: ВСЕГО | G148: =G138+G114+G94+G80+G35+G6 -> 12641253 | H148: =H138+H114+H94+H80+H35+H6 -> 15169503 | J148: =J6+J35+J80+J114 -> 3193.5003
C149: в том числе
C150: стоимость материалов
C151: стоимость работ, выполняемых подрядными организациями
A153: * Затраты на реконструкцию, модернизацию, техническое перевооружение отражаются в программе производственного развития

Sheet Ком предл.
A17: Расчет затрат на проведение ремонтных работ * по МУ МПЖКХ Гусь-Железный
G18: цены на январь 2021г
A19: № п/п | B19: Наименование | C19: Перечень материалов | E19: Ед. изм. | F19: Кол-во | G19: Цена за единицу, руб.(без НДС) | I19: Цена за единицу, руб.(без НДС) | J19: Стоимость тыс.руб.(без НДС) | K19: Стоимость тыс.руб.(с НДС)
A20: 1. Ремонт воздушных линий ВЛ-6-10кВ
A21: 1.1 | B21: Ремонтные работы, выполняемые хоз.способом | C21: материалы всего, в т.ч.: | J21: 0 | M21: =J149 -> 12576491 | N21: =K149 -> 15091789
C22: СИП 3 1*50 | E22: м | F22: 4676 | G22: =H22 -> 48.84672 | H22: =I22*$M$22 -> 48.84672 | I22: 46.968 | J22: =F22*G22 -> 228407.26 | K22: =J22*1.2 -> 274088.72 | L22: =F22*I22 -> 219622.37 | M22: 1.04 | O22: =J22-'Затраты на ремонт'!G7 -> 0
C23: Стойка СВ110 | E23: шт | F23: 32 | G23: =H23 -> 11247.6 | H23: =I23*$M$22 -> 11247.6 | I23: 10815 | J23: =F23*G23 -> 359923.2 | K23: =J23*1.2 -> 431907.84 | L23: с учетом доставки | O23: =J23-'Затраты на ремонт'!G8 -> 0
C24: Арматура подвесная | F24: 0 | K24: =J24*1.2 -> 0 | O24: =J24-'Затраты на ремонт'!G9 -> 0
C25: Заземляющий проводник ЗП6 см. 21.0112-20 | E25: шт | F25: 75 | G25: =H25 -> 141.0449 | H25: =I25*$M$22 -> 141.0449 | I25: 135.6201 | J25: =F25*G25 -> 10578.368 | K25: =J25*1.2 -> 12694.041 | O25: =J25-'Затраты на ремонт'!G10 -> 0
C26: Изолятор ШС-10д, ШФ-20-Г | E26: шт | F26: 299 | G26: =H26 -> 393.02328 | H26: =I26*$M$22 -> 393.02328 | I26: 377.907 | J26: =F26*G26 -> 117513.96 | K26: =J26*1.2 -> 141016.75 | O26: =J26-'Затраты на ремонт'!G11 -> 0
C27: Крюк КН-22 для ШФ-10, ШФ-20 | E27: шт | F27: 15 | G27: =H27 -> 190.138 | H27: =I27*$M$22 -> 190.138 | I27: 182.825 | J27: =F27*G27 -> 2852.07 | K27: =J27*1.2 -> 3422.484 | O27: =J27-'Затраты на ремонт'!G12 -> 0
C28: Колпачки КП-6а (КП-22) | E28: шт | F28: 222 | G28: =H28 -> 21.74536 | H28: =I28*$M$22 -> 21.74536 | I28: 20.909 | J28: =F28*G28 -> 4827.4699 | K28: =J28*1.2 -> 5792.9639 | O28: =J28-'Затраты на ремонт'!G13 -> 0
C29: Зажим плашечный ПА-1-1 | E29: шт | F29: 148 | G29: =H29 -> 25.441 | H29: =I29*$M$22 -> 25.441 | I29: 24.4625 | J29: =F29*G29 -> 3765.268 | K29: =J29*1.2 -> 4518.3216 | O29: =J29-'Затраты на ремонт'!G14 -> 0
C30: Зажим плашечный ПА-2-2 2-х болтовой | E30: шт | F30: 48 | G30: =H30 -> 54.406248 | H30: =I30*$M$22 -> 54.406248 | I30: 52.3137 | J30: =F30*G30 -> 2611.4999 | K30: =J30*1.2 -> 3133.7999 | O30: =J30-'Затраты на ремонт'!G15 -> 0
C31: Зажим плашечный ПА-3-2 2-х болтовой | E31: шт | F31: 48 | G31: =H31 -> 101.33552 | H31: =I31*$M$22 -> 101.33552 | I31: 97.438 | J31: =F31*G31 -> 4864.105 | K31: =J31*1.2 -> 5836.926 | O31: =J31-'Затраты на ремонт'!G16 -> 0
C32: Зажим плашечный ПС-1-1 | E32: шт | F32: 91 | G32: =H32 -> 49.296624 | H32: =I32*$M$22 -> 49.296624 | I32: 47.4006 | J32: =F32*G32 -> 4485.9928 | K32: =J32*1.2 -> 5383.1913 | O32: =J32-'Затраты на ремонт'!G17 -> 0
C33: Зажим плашечный ПС-2-1 | E33: шт | F33: 91 | G33: =H33 -> 67.689128 | H33: =I33*$M$22 -> 67.689128 | I33: 65.0857 | J33: =F33*G33 -> 6159.7106 | K33: =J33*1.2 -> 7391.6528 | O33: =J33-'Затраты на ремонт'!G18 -> 0
C34: Вязка спиральная ВС 120/150-2 | E34: шт | F34: 222 | G34: =H34 -> 151.78904 | H34: =I34*$M$22 -> 151.78904 | I34: 145.951 | J34: =F34*G34 -> 33697.167 | K34: =J34*1.2 -> 40436.6 | O34: =J34-'Затраты на ремонт'!G19 -> 0
C35: УЗД -1,1 | E35: шт | F35: 95 | G35: =H35 -> 441.87 | H35: =I35*$M$22 -> 441.87 | I35: 424.875 | J35: =F35*G35 -> 41977.65 | K35: =J35*1.2 -> 50373.18 | L35: замена | O35: =J35-'Затраты на ремонт'!G20 -> 0
C36: УЗД-1,2 | E36: шт | F36: 95 | G36: =H36 -> 467.311 | H36: =I36*$M$22 -> 467.311 | I36: 449.3375 | J36: =F36*G36 -> 44394.545 | K36: =J36*1.2 -> 53273.454 | L36: замена | O36: =J36-'Затраты на ремонт'!G21 -> 0
C37: АС 50 (цена за метр) | E37: м | F37: 1027 | G37: =H37 -> 48.204 | H37: =I37*$M$22 -> 48.204 | I37: 46.35 | J37: =F37*G37 -> 49505.508 | K37: =J37*1.2 -> 59406.61 | O37: =J37-'Затраты на ремонт'!G22 -> 0
C38: АС 70 (цена за метр) | E38: м | F38: 1027 | G38: =H38 -> 66.95 | H38: =I38*$M$22 -> 66.95 | I38: 64.375 | J38: =F38*G38 -> 68757.65 | K38: =J38*1.2 -> 82509.18 | O38: =J38-'Затраты на ремонт'!G23 -> 0
C39: Разрядник РВО-10 У1 | E39: шт | F39: 68 | G39: =H39 -> 1377.831 | H39: =I39*$M$22 -> 1377.831 | I39: 1324.8375 | J39: =F39*G39 -> 93692.508 | K39: =J39*1.2 -> 112431.01 | O39: =J39-'Затраты на ремонт'!G24 -> 0
C40: Разрядник РДИП-10 У3 | E40: шт | F40: 52 | G40: =H40 -> 6247.774 | H40: =I40*$M$22 -> 6247.774 | I40: 6007.475 | J40: =F40*G40 -> 324884.25 | K40: =J40*1.2 -> 389861.1 | O40: =J40-'Затраты на ремонт'!G25 -> 0
C41: Уголок 50х50х4, метр или кг | E41: кг | F41: 385 | G41: =H41 -> 229.09754 | H41: =I41*$M$22 -> 229.09754 | I41: 220.2861 | J41: =F41*G41 -> 88202.554 | K41: =J41*1.2 -> 105843.07 | O41: =J41-'Затраты на ремонт'!G26 -> 0
C42: Пруток Ф10, метр или кг круг ст3 | E42: кг | F42: 192 | G42: =H42 -> 27.20848 | H42: =I42*$M$22 -> 27.20848 | I42: 26.162 | J42: =F42*G42 -> 5224.0282 | K42: =J42*1.2 -> 6268.8338 | L42: замена | O42: =J42-'Затраты на ремонт'!G27 -> 0
C43: Гайка М10 | E43: шт | F43: 377 | G43: =H43 -> 132.561 | H43: =I43*$M$22 -> 132.561 | I43: 127.4625 | J43: =F43*G43 -> 49975.497 | K43: =J43*1.2 -> 59970.596 | O43: =J43-'Затраты на ремонт'!G28 -> 0
C44: Труба 1' | E44: м | F44: 34 | G44: =H44 -> 0 | H44: =I44*$M$22 -> 0 | J44: =F44*G44 -> 0 | K44: =J44*1.2 -> 0 | L44: не поставим | O44: =J44-'Затраты на ремонт'!G29 -> 0
C45: Разъединитель РЛНДМ-1-10-400 У1 (3-х пол.) | E45: шт | F45: 7 | G45: =H45 -> 9306.05 | H45: =I45*$M$22 -> 9306.05 | I45: 8948.125 | J45: =F45*G45 -> 65142.35 | K45: =J45*1.2 -> 78170.82 | O45: =J45-'Затраты на ремонт'!G30 -> 0
C46: Катанка ф6-8мм | E46: кг | F46: 377 | G46: =H46 -> 0 | H46: =I46*$M$22 -> 0 | J46: =F46*G46 -> 0 | L46: не поставим | O46: =J46-'Затраты на ремонт'!G31 -> 0
O47: =J47-'Затраты на ремонт'!G32 -> 0
A48: 1.2 | B48: Ремонтные работы, выполняемые подрядными организациями | O48: =J48-'Затраты на ремонт'!G33 -> 0
A49: 2.Ремонт воздушных линий ВЛ-0,4кВ | O49: =J49-'Затраты на ремонт'!G34 -> 0
A50: 2.1 | B50: Ремонтные работы, выполняемые хоз.способом | C50: материалы всего, в т.ч.:
C51: СИП 2 3*50+1*54,6+2*25 | E51: м | F51: 2004 | G51: =H51 -> 247.9828 | H51: =I51*$M$22 -> 247.9828 | I51: 238.445 | J51: =F51*G51 -> 496957.53 | K51: =J51*1.2 -> 596349.04 | M51: 1000000 | N51: =K51-M51 -> -403650.96 | O51: =J51-'Затраты на ремонт'!G36 -> 0
C52: СИП 2 3*70+1*54,6+2*25 | E52: м | F52: 1180 | G52: =H52 -> 251.51776 | H52: =I52*$M$22 -> 251.51776 | I52: 241.844 | J52: =F52*G52 -> 296790.96 | K52: =J52*1.2 -> 356149.15 | M52: 1000000 | N52: =K52-M52 -> -643850.85 | O52: =J52-'Затраты на ремонт'!G37 -> 0
C53: ЖБ и арматура подвесная | F53: 0 | I53: 0 | J53: =F53*G53 -> 0 | K53: =J53*1.2 -> 0 | M53: 1000000 | N53: =K53-M53 -> -1000000 | O53: =J53-'Затраты на ремонт'!G38 -> 0
C54: Стойка СВ95 | E54: шт | F54: 44 | G54: =H54 -> 8003.5672 | H54: =I54*$M$22 -> 8003.5672 | I54: 7695.7377 | J54: =F54*G54 -> 352156.96 | K54: =J54*1.2 -> 422588.35 | M54: 1000000 | N54: =K54-M54 -> -577411.65 | O54: =J54-'Затраты на ремонт'!G39 -> 0
C55: Заземляющий проводник ЗП6 см. 21.0112-20 | E55: шт | F55: 75 | G55: =H55 -> 141.0449 | H55: =I55*$M$22 -> 141.0449 | I55: 135.6201 | J55: =F55*G55 -> 10578.368 | K55: =J55*1.2 -> 12694.041 | M55: 1000000 | N55: =K55-M55 -> -987305.96 | O55: =J55-'Затраты на ремонт'!G40 -> 0
C56: Металлическая лента 20х0,7х1000 мм F 20.07 | E56: рулон | F56: 30 | G56: =H56 -> 59.4516 | H56: =I56*$M$22 -> 59.4516 | I56: 57.165 | J56: =F56*G56 -> 1783.548 | K56: =J56*1.2 -> 2140.2576 | L56: 50 м рулон | M56: 1000000 | N56: =K56-M56 -> -997859.74 | O56: =J56-'Затраты на ремонт'!G41 -> 0
C57: Скрепа С20 | E57: уп.(100шт) | F57: 6 | G57: =H57 -> 16.49648 | H57: =I57*$M$22 -> 16.49648 | I57: 15.862 | J57: =F57*G57 -> 98.97888 | K57: =J57*1.2 -> 118.77466 | L57: 600 шт | M57: 1000000 | N57: =K57-M57 -> -999881.23 | O57: =J57-'Затраты на ремонт'!G42 -> 0
C58: Комплект промежуточной подвески ES 1500 | E58: шт | F58: 75 | G58: =H58 -> 742.98432 | H58: =I58*$M$22 -> 742.98432 | I58: 714.408 | J58: =F58*G58 -> 55723.824 | K58: =J58*1.2 -> 66868.589 | M58: 1000000 | N58: =K58-M58 -> -933131.41 | O58: =J58-'Затраты на ремонт'!G43 -> 0
C59: Анкерный кронштейн СА-2000 | E59: шт | F59: 41 | G59: =H59 -> 355.20992 | H59: =I59*$M$22 -> 355.20992 | I59: 341.548 | J59: =F59*G59 -> 14563.607 | K59: =J59*1.2 -> 17476.328 | M59: 1000000 | N59: =K59-M59 -> -982523.67 | O59: =J59-'Затраты на ремонт'!G44 -> 0
C60: Натяжной зажим РА1500 | E60: шт | F60: 41 | G60: =H60 -> 590.01696 | H60: =I60*$M$22 -> 590.01696 | I60: 567.324 | J60: =F60*G60 -> 24190.695 | K60: =J60*1.2 -> 29028.834 | M60: 1000000 | N60: =K60-M60 -> -970971.17 | O60: =J60-'Затраты на ремонт'!G45 -> 0
C61: Зажим ОР-6 00752 | E61: шт | F61: 75 | G61: =H61 -> 226.23744 | H61: =I61*$M$22 -> 226.23744 | I61: 217.536 | J61: =F61*G61 -> 16967.808 | K61: =J61*1.2 -> 20361.37 | L61: замена | M61: 1000000 | N61: =K61-M61 -> -979638.63 | O61: =J61-'Затраты на ремонт'!G46 -> 0
C62: Провод изолированный ПВС 3х2,5 ГОСТ 7399-80 | E62: м | F62: 754 | G62: =H62 -> 64.37912 | H62: =I62*$M$22 -> 64.37912 | I62: 61.903 | J62: =F62*G62 -> 48541.856 | K62: =J62*1.2 -> 58250.228 | M62: 1000000 | N62: =K62-M62 -> -941749.77 | O62: =J62-'Затраты на ремонт'!G47 -> 0
C63: Зажим ZP-2 24441 | E63: шт | F63: 302 | G63: =H63 -> 477.86232 | H63: =I63*$M$22 -> 477.86232 | I63: 459.483 | J63: =F63*G63 -> 144314.42 | K63: =J63*1.2 -> 173177.3 | L63: замена | M63: 1000000 | N63: =K63-M63 -> -826822.7 | O63: =J63-'Затраты на ремонт'!G48 -> 0
C64: Зажим ПС-1-1 ТУ34-13-10273-88 | E64: шт | F64: 302 | G64: =H64 -> 63.09368 | H64: =I64*$M$22 -> 63.09368 | I64: 60.667 | J64: =F64*G64 -> 19054.291 | K64: =J64*1.2 -> 22865.15 | M64: 1000000 | N64: =K64-M64 -> -977134.85 | O64: =J64-'Затраты на ремонт'!G49 -> 0
C65: Кабельный ремешок KR-1 19470 | E65: шт | F65: 377 | G65: =H65 -> 4.8204 | H65: =I65*$M$22 -> 4.8204 | I65: 4.635 | J65: =F65*G65 -> 1817.2908 | K65: =J65*1.2 -> 2180.749 | L65: замена | M65: 1000000 | N65: =K65-M65 -> -997819.25 | O65: =J65-'Затраты на ремонт'!G50 -> 0
C66: Зажим KZP-1 | E66: шт | F66: 75 | G66: =H66 -> 140.595 | H66: =I66*$M$22 -> 140.595 | I66: 135.1875 | J66: =F66*G66 -> 10544.625 | K66: =J66*1.2 -> 12653.55 | M66: 1000000 | N66: =K66-M66 -> -987346.45 | O66: =J66-'Затраты на ремонт'!G51 -> 0
C67: Зажим KZP-2 | E67: шт | F67: 75 | G67: =H67 -> 140.595 | H67: =I67*$M$22 -> 140.595 | I67: 135.1875 | J67: =F67*G67 -> 10544.625 | K67: =J67*1.2 -> 12653.55 | M67: 1000000 | N67: =K67-M67 -> -987346.45 | O67: =J67-'Затраты на ремонт'!G52 -> 0
C68: Зажим для временного заземления ZVZ 481 | E68: шт | F68: 11 | G68: =H68 -> 403.039 | H68: =I68*$M$22 -> 403.039 | I68: 387.5375 | J68: =F68*G68 -> 4433.429 | K68: =J68*1.2 -> 5320.1148 | M68: 1000000 | N68: =K68-M68 -> -994679.89 | O68: =J68-'Затраты на ремонт'!G53 -> 0
C69: Устройство для закорачивания UZK | E69: шт | F69: 3 | G69: =H69 -> 18795.275 | H69: =I69*$M$22 -> 18795.275 | I69: 18072.38 | J69: =F69*G69 -> 56385.826 | K69: =J69*1.2 -> 67662.991 | M69: 1000000 | N69: =K69-M69 -> -932337.01 | O69: =J69-'Затраты на ремонт'!G54 -> 0
C70: Устройство заземления UZM | E70: шт | F70: 3 | G70: =H70 -> 17357.725 | H70: =I70*$M$22 -> 17357.725 | I70: 16690.12 | J70: =F70*G70 -> 52073.174 | K70: =J70*1.2 -> 62487.809 | M70: 1000000 | N70: =K70-M70 -> -937512.19 | O70: =J70-'Затраты на ремонт'!G55 -> 0
C71: Эластомерные колпачки CI 25-150 | E71: шт | F71: 754 | G71: =H71 -> 20.085 | H71: =I71*$M$22 -> 20.085 | I71: 19.3125 | J71: =F71*G71 -> 15144.09 | K71: =J71*1.2 -> 18172.908 | M71: 1000000 | N71: =K71-M71 -> -981827.09 | O71: =J71-'Затраты на ремонт'!G56 -> 0
C72: Дистанционный бандаж типа BIC-50.90 | E72: шт | F72: 377 | G72: =H72 -> 211.13352 | H72: =I72*$M$22 -> 211.13352 | I72: 203.013 | J72: =F72*G72 -> 79597.337 | K72: =J72*1.2 -> 95516.804 | M72: 1000000 | N72: =K72-M72 -> -904483.2 | O72: =J72-'Затраты на ремонт'!G57 -> 0
C73: Зажим анкерный SO 250.01 (50-70) 00745 | E73: шт | F73: 41 | G73: =H73 -> 643.14848 | H73: =I73*$M$22 -> 643.14848 | I73: 618.412 | J73: =F73*G73 -> 26369.088 | K73: =J73*1.2 -> 31642.905 | L73: замена | M73: 1000000 | N73: =K73-M73 -> -968357.09 | O73: =J73-'Затраты на ремонт'!G58 -> 0
C74: Зажим ответвительный SLIP 22.1 (10-95/10-95) | E74: шт | F74: 514 | G74: =H74 -> 187.46 | H74: =I74*$M$22 -> 187.46 | I74: 180.25 | J74: =F74*G74 -> 96354.44 | K74: =J74*1.2 -> 115625.33 | L74: замена | M74: 1000000 | N74: =K74-M74 -> -884374.67 | O74: =J74-'Затраты на ремонт'!G59 -> 0
C75: Скоба-скреп. COT 36 (для ленты СОТ 37) | E75: шт | F75: 1208 | G75: =H75 -> 16.49648 | H75: =I75*$M$22 -> 16.49648 | I75: 15.862 | J75: =F75*G75 -> 19927.748 | K75: =J75*1.2 -> 23913.297 | L75: замена | M75: 1000000 | N75: =K75-M75 -> -976086.7 | O75: =J75-'Затраты на ремонт'!G60 -> 0
C76: Адаптер д/закороток и заземления PMCC | E76: шт | F76: 18 | G76: =H76 -> 357.7808 | H76: =I76*$M$22 -> 357.7808 | I76: 344.02 | J76: =F76*G76 -> 6440.0544 | K76: =J76*1.2 -> 7728.0653 | M76: 1000000 | N76: =K76-M76 -> -992271.93 | O76: =J76-'Затраты на ремонт'!G61 -> 0
C77: Инструмент натяжения и резки стальной ленты OPV (R-MAF) код 00753 - cvf | E77: шт | F77: 1 | G77: =H77 -> 10630.803 | H77: =I77*$M$22 -> 10630.803 | I77: 10221.926 | J77: =F77*G77 -> 10630.803 | K77: =J77*1.2 -> 12756.964 | L77: замена | M77: 1000000 | N77: =K77-M77 -> -987243.04 | O77: =J77-'Затраты на ремонт'!G62 -> 0
C78: Стяжной хомут CSL 260 мм (D 26-66мм) 17560 | E78: шт | F78: 31 | G78: =H78 -> 10.81912 | H78: =I78*$M$22 -> 10.81912 | I78: 10.403 | J78: =F78*G78 -> 335.39272 | K78: =J78*1.2 -> 402.47126 | L78: замена | M78: 1000000 | N78: =K78-M78 -> -999597.53 | O78: =J78-'Затраты на ремонт'!G63 -> 0
C79: Фасадное крепление BRPF 70-150-6F (D 25-60мм, L 60мм) 07330 | E79: шт | F79: 31 | G79: =H79 -> 60.84416 | H79: =I79*$M$22 -> 60.84416 | I79: 58.504 | J79: =F79*G79 -> 1886.169 | K79: =J79*1.2 -> 2263.4028 | L79: замена | M79: 1000000 | N79: =K79-M79 -> -997736.6 | O79: =J79-'Затраты на ремонт'!G64 -> 0
C80: АС 70 (цена за метр) | E80: м | F80: 1028 | G80: =H80 -> 66.95 | H80: =I80*$M$22 -> 66.95 | I80: 64.375 | J80: =F80*G80 -> 68824.6 | K80: =J80*1.2 -> 82589.52 | M80: 1000000 | N80: =K80-M80 -> -917410.48 | O80: =J80-'Затраты на ремонт'!G65 -> 0
C81: Зажим плашечный ПА-1-1 | E81: шт | F81: 31 | G81: =H81 -> 25.441 | H81: =I81*$M$22 -> 25.441 | I81: 24.4625 | J81: =F81*G81 -> 788.671 | K81: =J81*1.2 -> 946.4052 | M81: 1000000 | N81: =K81-M81 -> -999053.59 | O81: =J81-'Затраты на ремонт'!G66 -> 0
C82: Зажим плашечный ПА-2-2 2-х болтовой | E82: шт | F82: 31 | G82: =H82 -> 54.406248 | H82: =I82*$M$22 -> 54.406248 | I82: 52.3137 | J82: =F82*G82 -> 1686.5937 | K82: =J82*1.2 -> 2023.9124 | M82: 1000000 | N82: =K82-M82 -> -997976.09 | O82: =J82-'Затраты на ремонт'!G67 -> 0
C83: Зажим плашечный ПА-3-2 2-х болтовой | E83: шт | F83: 31 | G83: =H83 -> 101.33552 | H83: =I83*$M$22 -> 101.33552 | I83: 97.438 | J83: =F83*G83 -> 3141.4011 | K83: =J83*1.2 -> 3769.6813 | M83: 1000000 | N83: =K83-M83 -> -996230.32 | O83: =J83-'Затраты на ремонт'!G68 -> 0
C84: Зажим плашечный ПС-1-1 | E84: шт | F84: 31 | G84: =H84 -> 49.296624 | H84: =I84*$M$22 -> 49.296624 | I84: 47.4006 | J84: =F84*G84 -> 1528.1953 | K84: =J84*1.2 -> 1833.8344 | M84: 1000000 | N84: =K84-M84 -> -998166.17 | O84: =J84-'Затраты на ремонт'!G69 -> 0
C85: Зажим плашечный ПС-2-1 | E85: шт | F85: 31 | G85: =H85 -> 67.689128 | H85: =I85*$M$22 -> 67.689128 | I85: 65.0857 | J85: =F85*G85 -> 2098.363 | K85: =J85*1.2 -> 2518.0356 | M85: 1000000 | N85: =K85-M85 -> -997481.96 | O85: =J85-'Затраты на ремонт'!G70 -> 0
C86: Зажим ответвительный P2X-95 (16-95/4-50мм2) | E86: шт | F86: 0 | G86: =H86 -> 187.46 | H86: =I86*$M$22 -> 187.46 | I86: 180.25 | J86: =F86*G86 -> 0 | K86: =J86*1.2 -> 0 | L86: замена 38199 | M86: 1000000 | N86: =K86-M86 -> -1000000 | O86: =J86-'Затраты на ремонт'!G71 -> 0
C87: Уголок 50х50 | E87: м | F87: 257 | G87: =H87 -> 0 | H87: =I87*$M$22 -> 0 | J87: =F87*G87 -> 0 | K87: =J87*1.2 -> 0 | M87: 1000000 | N87: =K87-M87 -> -1000000 | O87: =J87-'Затраты на ремонт'!G72 -> 0
C88: Труба 1' | E88: м | F88: 93 | G88: =H88 -> 0 | H88: =I88*$M$22 -> 0 | J88: =F88*G88 -> 0 | K88: =J88*1.2 -> 0 | M88: 1000000 | N88: =K88-M88 -> -1000000 | O88: =J88-'Затраты на ремонт'!G73 -> 0
C89: Ограничитель перенапряжения ОПС1-B 4Р In=30kA Un=400B Im=60kA | E89: шт | F89: 14 | G89: =H89 -> 6724.3295 | H89: =I89*$M$22 -> 6724.3295 | I89: 6465.7014 | J89: =F89*G89 -> 94140.612 | K89: =J89*1.2 -> 112968.73 | M89: 1000000 | N89: =K89-M89 -> -887031.27 | O89: =J89-'Затраты на ремонт'!G74 -> 0
C90: Катанка ф6-8мм | E90: кг | F90: 754 | G90: =H90 -> 0 | H90: =I90*$M$22 -> 0 | J90: =F90*G90 -> 0 | K90: =SUM(K51:K89) -> 2455698.4 | M90: 1000000 | N90: =K90-M90 -> 1455698.4 | O90: =J90-'Затраты на ремонт'!G75 -> 0
K91: =SUM(K51:K90) -> 4911396.9
C92: Счетчик электроэнергии однофазный со встроенным радиомодулем LoRaWAN Меркурий 208 ART2-02 (D)POHWF04 | E92: шт | F92: 489 | G92: 11525.43 | J92: =F92*G92 -> 5635935.3 | K92: =J92*1.2 -> 6763122.3 | P92: =J92-'Затраты на ремонт'!G76 -> 5635935.3
C93: Счетчик электроэнергии трехфазный со встроенным радиомодулем LoRaWAN Меркурий 234 ARTM2-03 (D)PBRF04 | E93: шт | F93: 42 | G93: 14914.58 | J93: =F93*G93 -> 626412.36 | K93: =J93*1.2 -> 751694.83 | M93: =F92/16 -> 30.5625 | P93: =J93-'Затраты на ремонт'!G77 -> 626412.36
C94: Счетчик электроэнергии трехфазный со встроенным радиомоду-лем LoRaWAN Меркурий 238 АRT2-02 (D)POWF04 | E94: шт | F94: 6 | G94: =10793.64 -> 10793.64 | J94: =F94*G94 -> 64761.84 | K94: =J94*1.2 -> 77714.208
A95: 2.2 | B95: Ремонтные работы, выполняемые подрядными организациями
A96: 3.Ремонт кабельных линий 6-10кВ
A97: 3.1 | B97: Ремонтные работы, выполняемые хоз.способом | C97: материалы всего, в т.ч.:
C98: Кабель ААшв-10 3х70 | E98: м | F98: 75 | G98: =H98 -> 592.48072 | H98: =I98*$M$22 -> 592.48072 | I98: 569.693 | J98: =F98*G98 -> 44436.054 | K98: =J98*1.2 -> 53323.265 | O98: =J98-'Затраты на ремонт'!G81 -> 0
C99: КНтп-10-25/50 (3-х жил., до 10кV, сеч: 25, 35, 50 мм2) наружной установки | E99: шт | F99: 5 | G99: =H99 -> 4544.9945 | H99: =I99*$M$22 -> 4544.9945 | I99: 4370.187 | J99: =F99*G99 -> 22724.972 | K99: =J99*1.2 -> 27269.967 | O99: =J99-'Затраты на ремонт'!G82 -> 0
C100: КНтп-10-70/120 (3-х жил., до 10кV, сеч: 70, 95, 120 мм2) наружной установки | E100: шт | F100: 6 | G100: =H100 -> 5117.2295 | H100: =I100*$M$22 -> 5117.2295 | I100: 4920.413 | J100: =F100*G100 -> 30703.377 | K100: =J100*1.2 -> 36844.053 | O100: =J100-'Затраты на ремонт'!G83 -> 0
C101: Изолента | E101: шт | F101: 19 | G101: =H101 -> 51.9532 | H101: =I101*$M$22 -> 51.9532 | I101: 49.955 | J101: =F101*G101 -> 987.1108 | K101: =J101*1.2 -> 1184.533 | O101: =J101-'Затраты на ремонт'!G84 -> 0
K102: =J102*1.2 -> 0 | O102: =J102-'Затраты на ремонт'!G85 -> 0
K103: =J103*1.2 -> 0
K104: =J104*1.2 -> 0
K105: =J105*1.2 -> 0
A106: 3.2 | B106: Ремонтные работы, выполняемые подрядными организациями | K106: =J106*1.2 -> 0
A107: 4.Ремонт кабельных линий 0,4кВ | K107: =J107*1.2 -> 0
A108: 4.1 | B108: Ремонтные работы, выполняемые хоз.способом | C108: материалы всего, в т.ч.: | K108: =J108*1.2 -> 0
C109: Кабель ААшв-1 4х70 | E109: м | F109: 302 | G109: =H109 -> 527.75882 | H109: =I109*$M$22 -> 527.75882 | I109: 507.4604 | J109: =F109*G109 -> 159383.16 | K109: =J109*1.2 -> 191259.79 | O109: =J109-'Затраты на ремонт'!G95 -> 0
C110: Термоспекаемые ленты КЛ-50;ПТЛ-40;ТЛ-630 | E110: рулон | F110: 91 | G110: =H110 -> 0 | H110: =I110*$M$22 -> 0 | I110: 0 | J110: =F110*G110 -> 0 | K110: =J110*1.2 -> 0 | L110: не поставим ищите аналоги | O110: =J110-'Затраты на ремонт'!G93 -> 0
C111: муфта 1KVRSJ-5/2 | E111: шт | F111: 6 | G111: =H111 -> 0 | H111: =I111*$M$22 -> 0 | I111: 0 | J111: =F111*G111 -> 0 | K111: =J111*1.2 -> 0 | O111: =J111-'Затраты на ремонт'!G97 -> 0
C112: муфта 1KVRST-5/2 | E112: шт | F112: 12 | G112: =H112 -> 0 | H112: =I112*$M$22 -> 0 | I112: 0 | J112: =F112*G112 -> 0 | K112: =J112*1.2 -> 0 | O112: =J112-'Затраты на ремонт'!G98 -> 0
C113: Термоус. трубка Navigator NST 6/3 71119 | E113: м | F113: 302 | G113: =H113 -> 10.1764 | H113: =I113*$M$22 -> 10.1764 | I113: 9.785 | J113: =F113*G113 -> 3073.2728 | K113: =J113*1.2 -> 3687.9274 | L113: замена | O113: =J113-'Затраты на ремонт'!G99 -> 0
C114: Наконечники Ф16 | E114: шт | F114: 68 | G114: =H114 -> 8.24824 | H114: =I114*$M$22 -> 8.24824 | I114: 7.931 | J114: =F114*G114 -> 560.88032 | K114: =J114*1.2 -> 673.05638 | O114: =J114-'Затраты на ремонт'!G100 -> 0
C115: Наконечники Ф25 | E115: шт | F115: 23 | G115: =H115 -> 9.42656 | H115: =I115*$M$22 -> 9.42656 | I115: 9.064 | J115: =F115*G115 -> 216.81088 | K115: =J115*1.2 -> 260.17306 | O115: =J115-'Затраты на ремонт'!G101 -> 0
C116: Наконечники Ф35 | E116: шт | F116: 45 | G116: =H116 -> 9.6408 | H116: =I116*$M$22 -> 9.6408 | I116: 9.27 | J116: =F116*G116 -> 433.836 | K116: =J116*1.2 -> 520.6032 | O116: =J116-'Затраты на ремонт'!G102 -> 0
...

Sheet Оплата труда
B2: Расчет расходов на оплату труда
G3: Таблица 1.16.
A4: № | B4: Показатели | C4: Ед.изм. | D4: 2018 факт | E4: 2021 план | F4: 2022 план | G4: 2022 РЭК
A5: Расчет средств на оплату труда
A6: 1. | B6: Численность | C6: чел. | E6: 49.588305 | F6: ='Числ. и разряд'!E55 -> 54.948633 | G6: ='Числ. и разряд'!E55 -> 54.948633
A7: 2. | B7: Тарифная ставка рабочего 1 разряда | C7: руб. | E7: 7500 | F7: =A37 -> 11288 | G7: 8772.645
A8: 3. | B8: Дефлятор по заработной плате | E8: 1.318384 | F8: 1
A9: 4. | B9: Тарифная ставка рабочего 1 разряда с учетом дефлятора | C9: руб. | D9: =D7*D8 -> 0 | E9: =E7*E8 -> 9887.88 | F9: =F7*F8 -> 11288 | G9: 8772.645
A10: 5. | B10: Средняя ступень оплаты | D10: 6.067 | E10: 6.0874245 | F10: 6.087 | G10: ='Числ. и разряд'!G55 -> 4.5818265
A11: 6. | B11: Тарифный коэффициент соответствующий ступени по оплате труда | C11: руб. | D11: 1.419 | E11: =D11 -> 1.419 | F11: 1.419 | G11: 1.5910642
A12: 7. | B12: Среднемесячная тарифная ставка | C12: - " - | D12: =D9*D11 -> 0 | E12: =E9*E11 -> 14030.902 | F12: 16019 | G12: =G9*G11 -> 13957.841
A13: 8. | B13: Выплаты, связанные с режимом работы с условиями труда 1 работника
A14: 8.1 | B14: процент выплаты | C14: % | D14: 0.07 | E14: 0.07 | F14: 0.07 | G14: 0.125
A15: 8.2 | B15: сумма выплат | C15: руб. | D15: =D12*D14 -> 0 | E15: =E12*E14 -> 982.16312 | F15: =F12*F14 -> 1121.33 | G15: =G12*G14 -> 1744.7301
A16: 9. | B16: Текущее премирование
A17: 9.1 | B17: процент выплаты | C17: % | D17: 0.5 | E17: 0.5 | F17: =E17 -> 0.5 | G17: 0.75
A18: 9.2 | B18: сумма выплат | C18: руб. | D18: =(D12+D15)*D17 -> 0 | E18: =(E12+E15)*E17 -> 7506.5324 | F18: =(F12+F15)*F17 -> 8570.165 | G18: =(G12+G15)*G17 -> 11776.928
A19: 10 | B19: Вознаграждение за выслугу лет
A20: 10.1 | B20: процент выплаты | C20: % | E20: 0.33 | F20: 0.33 | G20: 0.15
A21: 10.2 | B21: сумма выплат | C21: руб. | D21: =D12*D20 -> 0 | E21: =E12*E20 -> 4630.1976 | F21: =F12*F20 -> 5286.27 | G21: =G12*G20 -> 2093.6762
A22: 11 | B22: Выплаты по итогам года
A23: 11.1 | B23: процент выплаты | C23: % | D23: 0 | E23: 0 | F23: 0.3 | G23: 0.33
A24: 11.2 | B24: сумма выплат | C24: руб. | D24: =D12*D23 -> 0 | E24: =E12*E23 -> 0 | F24: =F12*F23 -> 4805.7 | G24: =G12*G23 -> 4606.0875
A25: 12. | B25: Итого среднемесячная оплата труда на 1 работника(п.7+п.8+п.9+п.10+п.11) | C25: руб. | D25: =D12+D15+D18+D21+D24 -> 0 | E25: =E12+E15+E18+E21+E24 -> 27149.795 | F25: =F12+F15+F18+F21+F24 -> 35802.465 | G25: =G12+G15+G18+G21+G24 -> 34179.263
A26: 13. | B26: Всего годовой фонд на оплату труда (п.12*п.1*12/1000) | C26: тыс.руб. | D26: =D25*D6*12/1000 -> 0 | E26: =E25*E6*12/1000 -> 16155.748 | F26: =F25*F6*12/1000 -> 23607.558 | G26: =G25*G6*12/1000 -> 22537.246
B28: Данные по П-4 | C28: 43101 | D28: 43132 | E28: 43160 | F28: 43191 | G28: 43221 | H28: 43252 | I28: 43282 | J28: 43313 | K28: 43344 | L28: 43374 | M28: 43405 | N28: 43435
B29: числ | C29: 64 | D29: 63 | E29: 62 | F29: 62 | G29: 62 | H29: 64 | I29: 62 | J29: 59 | K29: 59 | L29: 58 | M29: 59 | N29: 58
B30: ФОТ | C30: 1540 | D30: 1475 | E30: 1400 | F30: 1468 | G30: 1701 | H30: 1781 | I30: 1700 | J30: 1620 | K30: 1510 | L30: 1584 | M30: 1316 | N30: 1316 | P30: Ср, разряд | Q30: ='Числ. и разряд'!G55 -> 4.5818265 | R30: =HLOOKUP(Q30,$A$33:$R$34,2) -> 1.142
B31: ЗП | C31: =C30/C29 -> 24.0625 | D31: =D30/D29 -> 23.412698 | E31: =E30/E29 -> 22.580645 | F31: =F30/F29 -> 23.677419 | G31: =G30/G29 -> 27.435484 | H31: =H30/H29 -> 27.828125 | I31: =I30/I29 -> 27.419355 | J31: =J30/J29 -> 27.457627 | ... N31: =N30/N29 -> 22.689655 | P31: Тар. коэф. | Q31: =R30+(R31-R30)*(Q30-INT(Q30)) -> 1.2153101 | R31: =HLOOKUP(Q30+1,$A$33:$R$34,2) -> 1.268
D32: Тарифная сетка по постановлению Правительства России от 29 апреля 2006 г. N 256
A33: 1 | B33: 2 | C33: 3 | D33: 4 | E33: 5 | F33: 6 | G33: 7 | H33: 8 | I33: 9 | J33: 10 | K33: 11 | L33: 12 | M33: 13 | N33: 14 | O33: 15 | P33: 16 | Q33: 17 | R33: 18
A34: 1 | B34: 1.04 | C34: 1.09 | D34: 1.142 | E34: 1.268 | F34: 1.407 | G34: 1.546 | H34: 1.699 | I34: 1.866 | J34: 2.047 | K34: 2.242 | L34: 2.423 | M34: 2.618 | N34: 2.813 | O34: 3.036 | P34: 3.259 | Q34: 3.51 | R34: 4.5
A36: 7500 | B36: =$A$36*B34 -> 7800 | C36: =$A$36*C34 -> 8175 | D36: =$A$36*D34 -> 8565 | E36: =$A$36*E34 -> 9510 | F36: =$A$36*F34 -> 10552.5 | G36: =$A$36*G34 -> 11595 | H36: =$A$36*H34 -> 12742.5 | I36: =$A$36*I34 -> 13995 | ... R36: =$A$36*R34 -> 33750
A37: =A36*1.4*$A$38 -> 11288 | B37: =B36*1.4*$A$38 -> 11739.52 | C37: =C36*1.4*$A$38 -> 12303.92 | D37: =D36*1.4*$A$38 -> 12890.896 | E37: =E36*1.4*$A$38 -> 14313.184 | F37: =F36*1.4*$A$38 -> 15882.216 | G37: =G36*1.4*$A$38 -> 17451.249 | H37: =H36*1.4*$A$38 -> 19178.313 | ... R37: =R36*1.4*$A$38 -> 50796.001
A38: 1.0750476
R40: 20

Sheet Числ. и разряд
A1: Расчет нормативной численности и среднего разряда работающего персонала по предприятию | I1: 21
A3: Показатель | B3: Ед.изм. | C3: Кол-во оборудования | D3: Норма обслуж., чел. | E3: Нормативная численность, чел. | F3: Пункт приказа от 03.04.2000г. N 68 госкомитета РФ по строительству и ЖКК | G3: Разряд | H3: разряд* норм. числен.
A4: ППП
A5: 1.Воздушные линии:
A6: 1-20 кВ на ж\б опорах | B6: км | C6: ='2.1'!O38 -> 49.118 | D6: 5/100 | E6: =5/100*C6 -> 2.4559 | F6: 2.2.1 | G6: =5*0+4 -> 4 | H6: =G6*E6 -> 9.8236
A7: дерево на ж\б пасынках | B7: км | C7: ='2.1'!O37 -> 7.031 | D7: 4,5/100 | E7: =4.5/100*C7 -> 0.316395 | F7: 2.2.1 | G7: =5*0+4 -> 4 | H7: =G7*E7 -> 1.26558
A8: 0,4 кВ дерево на ж\б пасынках | B8: км | C8: ='2.1'!O45 -> 65.03125 | D8: 4/100 | E8: =4/100*C8 -> 2.60125 | F8: 2.2.1 | G8: 4 | H8: =G8*E8 -> 10.405
A9: 0,4 кВ ж\б,металл | B9: км | C9: ='2.1'!O46 -> 147.09915 | D9: 3,5/100 | E9: =3.5/100*C9 -> 5.1484703 | F9: 2.2.1 | G9: 4 | H9: =G9*E9 -> 20.593881
A10: 0,4кВ дерево | B10: км | D10: 4,5/100 | E10: =4.5/100*C10 -> 0 | F10: 2.2.1
A11: 2. Кабельные линии:
A12: 3-10кВ | B12: км | C12: ='2.1'!O40 -> 3.153 | D12: 3,5/100 | E12: =3.5/100*C12 -> 0.110355 | F12: 2.2.2 | G12: =5*0+4 -> 4 | H12: =G12*E12 -> 0.44142
A13: до 1 кВ | B13: км | C13: ='2.1'!O47 -> 13.16 | D13: 3/100 | E13: =3/100*C13 -> 0.3948 | F13: 2.2.2 | G13: 4 | H13: =G13*E13 -> 1.5792
A14: 3.Трансформаторные подстанции:
A15: с одним трансформатором | B15: шт | C15: ='2.2'!R32 -> 45 | D15: 2,5/100 | E15: =2.5/100*C15 -> 1.125 | F15: 2.2.4 | G15: =5 -> 5 | H15: =G15*E15 -> 5.625
A16: с двумя трансформаторами | B16: шт | C16: ='2.2'!R33 -> 11 | D16: 3/100 | E16: =3/100*C16 -> 0.33 | F16: 2.2.4 | G16: =5 -> 5 | H16: =G16*E16 -> 1.65
A17: мачтовая(столбовая) ТП | B17: шт | C17: ='2.2'!R31 -> 24 | D17: 2,7/100 | E17: =2.7/100*C17 -> 0.648 | F17: 2.2.4 | G17: =5 -> 5 | H17: =G17*E17 -> 3.24
A18: Присоединение:
A19: с масляным выключателем | B19: шт | C19: =C21 -> 32 | D19: 2,5/1000 | E19: =2.5/1000*C19 -> 0.08 | F19: 2.2.6 | G19: =6*0+5 -> 5 | H19: =G19*E19 -> 0.4
A20: с выключателем нагрузки | B20: шт | C20: =C22 -> 106 | D20: 2/1000 | E20: =2/1000*C20 -> 0.212 | F20: 2.2.6 | G20: =6*0+5 -> 5 | H20: =G20*E20 -> 1.06
A21: 4. Масляные выключатели | B21: шт | C21: ='2.2'!R22 -> 32 | D21: 9,5/1000 | E21: =9.5/1000*C21 -> 0.304 | F21: 2.2.10 | G21: =6*0+5 -> 5 | H21: =G21*E21 -> 1.52
A22: 5.Выключатели нагрузки | B22: шт | C22: ='2.2'!R26 -> 106 | D22: 4/1000 | E22: =4/1000*C22 -> 0.424 | F22: 2.2.10 | G22: 5 | H22: =G22*E22 -> 2.12
A23: 6.Абоненты бытового сектора | B23: шт | C23: 8886 | D23: 3,5/10000 | E23: =3.5/10000*C23 -> 3.1101 | F23: 2.2.7 | G23: 3 | H23: =G23*E23 -> 9.3303
A24: 7.Прочие абоненты | B24: шт | C24: 433 | D24: 2,6/1000 | E24: =2.6/1000*C24 -> 1.1258 | F24: 2.2.7 | G24: 3 | H24: =G24*E24 -> 3.3774
